Workbook

Sheet SIU
B1: =$AC$68 -> 1362.747 | C1: at grad | E1: =$AC$74 -> 4328.9941 | F1: at end of 5 yrs | H1: =N11 -> -1150 | I1: need at start | K1: =Income!N6 -> 1783.75 | L1: net monthly income
A2: Type | B2: annual | C2: monthly | E2: =SUM(C3:C50) -> 1357.5 | F2: per month expenses | K2: =-E2 -> -1357.5 | L2: net montly expenses
A3: rent | C3: 450 | E3: 20 | F3: Job #1 hrs | H3: Loan Rate
A4: utilities | C4: 0 | E4: 20 | F4: Job #2 hrs | H4: 0.08 | K4: =K1+K2 -> 426.25 | L4: left every month
A5: internet | C5: 0
A6: cell phone | C6: 20 | E6: Campus Edge apartments - $450/mo | M6: start | N6: =$C$3 -> 450 | O6: deposit
A7: renter's insurance | B7: 150 | C7: =B7/12 -> 12.5 | E7: all utilities included: water, electric, internet | N7: 200 | O7: air mattress, pillows, blankets - Amazon delivery
A8: car payment | B8: 0 | C8: =B8/12 -> 0 | E8: 91 apartments total | N8: 300 | O8: groceries
A9: auto insurance | B9: 0 | C9: =B9/12 -> 0 | E9: Campus Edge Apts | Apartments in Carbondale, IL | N9: 150 | O9: misc
A10: health insurance | C10: 75 | E10: (970) 536-5949 | G10: family, not students only | N10: 50 | O10: train ticket
A11: fuel /Bus | C11: 25 | N11: =-SUM(N5:N10) -> -1150 | O11: so before you start you'll need this much
A12: car repairs (oil) | B12: 0 | C12: =B12/12 -> 0
A13: groceries (food) | C13: 250 | J13: Year | K13: Month | L13: Total Months | M13: Balance | N13: income | O13: Bal + Income | Q13: Short amt | S13: Take from | T13: must borrow? | U13: OK to borrow? | V13: loan | W13: loan balance w/interest | X13: monthly | Y13: classes | Z13: apartment needs | AA13: assets | AB13: Loan bal | AC13: Left? | AW13: balance incl
A14: groceries (non-food) | C14: 50 | D14: Macomb Rentals - | P14: expenses | R14: Savings | S14: savings | V14: 0 | AW14: Savings | AX14: loan | AZ14: cash bal | BA14: loan bal
A15: fast food | C15: 50 | D15: 3 properties - Adams St, Wheeler St, Eggers Dr | J15: 1 | K15: 1 | L15: 1 | M15: 0 | N15: =Income!$N$6 -> 1783.75 | O15: =M15+N15 -> 1783.75 | P15: =SUM(X15:Z15) -> -1652.5 | Q15: =IF((O15+P15)<0,(O15+P15),0) -> 0 | R15: =$C$18 -> 100 | S15: =IF(Q15=0,0,IF(R15>-Q15,-Q15,R15)) -> 0 | T15: =IF(R15<-Q15,"y","") | U15: =IF(Y15=-4200,"y","") | V15: =IF(AND(T15="y",U15="y"),-Y15,0) -> 0 | W15: =V15 -> 0 | X15: =-$E$2 -> -1357.5 | Y15: -95 | Z15: -200 | AA15: =O15+R15 -> 1883.75 | AB15: =W15 -> 0 | AC15: =AA15-AB15 -> 1883.75 | AW15: =AB15+R15 -> 100 | AX15: =IF(AW15>0,0,-Y15) -> 0 | AZ15: =AW15+AX15 -> 100 | BA15: =AX15 -> 0
A16: dining out | C16: 30 | K16: =K15+1 -> 2 | L16: =L15+1 -> 2 | M16: =M15+N15+S15+V15+P15 -> 131.25 | N16: =Income!$N$6 -> 1783.75 | O16: =M16+N16 -> 1915 | P16: =SUM(X16:Z16) -> -1652.5 | Q16: =IF((O16+P16)<0,(O16+P16),0) -> 0 | R16: =R15+$C$18-S15 -> 200 | S16: =IF(Q16=0,0,IF(R16>-Q16,-Q16,R16)) -> 0 | T16: =IF(R16<-Q16,"y","") | U16: =IF(Y16=-4200,"y","") | V16: =IF(AND(T16="y",U16="y"),-Y16,0) -> 0 | W16: =(W15*(1+$H$4/12)+V16) -> 0 | X16: =-$E$2 -> -1357.5 | Y16: -95 | Z16: -200 | AA16: =O16+R16 -> 2115 | AB16: =W16 -> 0 | AC16: =AA16-AB16 -> 2115 | AW16: =AB16+R16 -> 200 | AX16: =IF(AW16>0,0,-Y16) -> 0 | AZ16: =AW16+AX16 -> 200 | BA16: =BA15+AX16 -> 0
A17: entertainment | C17: 50 | D17: Home - Macomb Rentals | K17: =K16+1 -> 3 | L17: =L16+1 -> 3 | M17: =M16+N16+S16+V16+P16 -> 262.5 | N17: =Income!$N$6 -> 1783.75 | O17: =M17+N17 -> 2046.25 | P17: =SUM(X17:Z17) -> -1652.5 | Q17: =IF((O17+P17)<0,(O17+P17),0) -> 0 | R17: =R16+$C$18-S16 -> 300 | S17: =IF(Q17=0,0,IF(R17>-Q17,-Q17,R17)) -> 0 | T17: =IF(R17<-Q17,"y","") | U17: =IF(Y17=-4200,"y","") | V17: =IF(AND(T17="y",U17="y"),-Y17,0) -> 0 | W17: =(W16*(1+$H$4/12)+V17) -> 0 | X17: =-$E$2 -> -1357.5 | Y17: -95 | Z17: -200 | AA17: =O17+R17 -> 2346.25 | AB17: =W17 -> 0 | AC17: =AA17-AB17 -> 2346.25 | AW17: =AB17+R17 -> 300 | AX17: =IF(AW17>0,0,-Y17) -> 0 | AZ17: =AW17+AX17 -> 300 | BA17: =BA16+AX17 -> 0
A18: savings | C18: 100 | D18: (309) 833-2320 | K18: =K17+1 -> 4 | L18: =L17+1 -> 4 | M18: =M17+N17+S17+V17+P17 -> 393.75 | N18: =Income!$N$6 -> 1783.75 | O18: =M18+N18 -> 2177.5 | P18: =SUM(X18:Z18) -> -1652.5 | Q18: =IF((O18+P18)<0,(O18+P18),0) -> 0 | R18: =R17+$C$18-S17 -> 400 | S18: =IF(Q18=0,0,IF(R18>-Q18,-Q18,R18)) -> 0 | T18: =IF(R18<-Q18,"y","") | U18: =IF(Y18=-4200,"y","") | V18: =IF(AND(T18="y",U18="y"),-Y18,0) -> 0 | W18: =(W17*(1+$H$4/12)+V18) -> 0 | X18: =-$E$2 -> -1357.5 | Y18: -95 | Z18: -200 | AA18: =O18+R18 -> 2577.5 | AB18: =W18 -> 0 | AC18: =AA18-AB18 -> 2577.5 | AW18: =AB18+R18 -> 400 | AX18: =IF(AW18>0,0,-Y18) -> 0 | AZ18: =AW18+AX18 -> 400 | BA18: =BA17+AX18 -> 0
A19: vacation | B19: 1000 | C19: =B19/12 -> 83.333333 | K19: =K18+1 -> 5 | L19: =L18+1 -> 5 | M19: =M18+N18+S18+V18+P18 -> 525 | N19: =Income!$N$6 -> 1783.75 | O19: =M19+N19 -> 2308.75 | P19: =SUM(X19:Z19) -> -1652.5 | Q19: =IF((O19+P19)<0,(O19+P19),0) -> 0 | R19: =R18+$C$18-S18 -> 500 | S19: =IF(Q19=0,0,IF(R19>-Q19,-Q19,R19)) -> 0 | T19: =IF(R19<-Q19,"y","") | U19: =IF(Y19=-4200,"y","") | V19: =IF(AND(T19="y",U19="y"),-Y19,0) -> 0 | W19: =(W18*(1+$H$4/12)+V19) -> 0 | X19: =-$E$2 -> -1357.5 | Y19: -95 | Z19: -200 | AA19: =O19+R19 -> 2808.75 | AB19: =W19 -> 0 | AC19: =AA19-AB19 -> 2808.75 | AW19: =AB19+R19 -> 500 | AX19: =IF(AW19>0,0,-Y19) -> 0 | AZ19: =AW19+AX19 -> 500 | BA19: =BA18+AX19 -> 0
A20: misc household | C20: 50 | K20: =K19+1 -> 6 | L20: =L19+1 -> 6 | M20: =M19+N19+S19+V19+P19 -> 656.25 | N20: =Income!$N$6 -> 1783.75 | O20: =M20+N20 -> 2440 | P20: =SUM(X20:Z20) -> -1452.5 | Q20: =IF((O20+P20)<0,(O20+P20),0) -> 0 | R20: =R19+$C$18-S19 -> 600 | S20: =IF(Q20=0,0,IF(R20>-Q20,-Q20,R20)) -> 0 | T20: =IF(R20<-Q20,"y","") | U20: =IF(Y20=-4200,"y","") | V20: =IF(AND(T20="y",U20="y"),-Y20,0) -> 0 | W20: =(W19*(1+$H$4/12)+V20) -> 0 | X20: =-$E$2 -> -1357.5 | Y20: -95 | AA20: =O20+R20 -> 3040 | AB20: =W20 -> 0 | AC20: =AA20-AB20 -> 3040 | AW20: =AB20+R20 -> 600 | AX20: =IF(AW20>0,0,-Y20) -> 0 | AZ20: =AW20+AX20 -> 600 | BA20: =BA19+AX20 -> 0
A21: streaming | C21: 20 | K21: =K20+1 -> 7 | L21: =L20+1 -> 7 | M21: =M20+N20+S20+V20+P20 -> 987.5 | N21: =Income!$N$6 -> 1783.75 | O21: =M21+N21 -> 2771.25 | P21: =SUM(X21:Z21) -> -1452.5 | Q21: =IF((O21+P21)<0,(O21+P21),0) -> 0 | R21: =R20+$C$18-S20 -> 700 | S21: =IF(Q21=0,0,IF(R21>-Q21,-Q21,R21)) -> 0 | T21: =IF(R21<-Q21,"y","") | U21: =IF(Y21=-4200,"y","") | V21: =IF(AND(T21="y",U21="y"),-Y21,0) -> 0 | W21: =(W20*(1+$H$4/12)+V21) -> 0 | X21: =-$E$2 -> -1357.5 | Y21: -95 | AA21: =O21+R21 -> 3471.25 | AB21: =W21 -> 0 | AC21: =AA21-AB21 -> 3471.25 | AW21: =AB21+R21 -> 700 | AX21: =IF(AW21>0,0,-Y21) -> 0 | AZ21: =AW21+AX21 -> 700 | BA21: =BA20+AX21 -> 0
A22: health club | C22: 0 | E22: at apartment | K22: =K21+1 -> 8 | L22: =L21+1 -> 8 | M22: =M21+N21+S21+V21+P21 -> 1318.75 | N22: =Income!$N$6 -> 1783.75 | O22: =M22+N22 -> 3102.5 | P22: =SUM(X22:Z22) -> -1452.5 | Q22: =IF((O22+P22)<0,(O22+P22),0) -> 0 | R22: =R21+$C$18-S21 -> 800 | S22: =IF(Q22=0,0,IF(R22>-Q22,-Q22,R22)) -> 0 | T22: =IF(R22<-Q22,"y","") | U22: =IF(Y22=-4200,"y","") | V22: =IF(AND(T22="y",U22="y"),-Y22,0) -> 0 | W22: =(W21*(1+$H$4/12)+V22) -> 0 | X22: =-$E$2 -> -1357.5 | Y22: -95 | AA22: =O22+R22 -> 3902.5 | AB22: =W22 -> 0 | AC22: =AA22-AB22 -> 3902.5 | AW22: =AB22+R22 -> 800 | AX22: =IF(AW22>0,0,-Y22) -> 0 | AZ22: =AW22+AX22 -> 800 | BA22: =BA21+AX22 -> 0
A23: hair cut | C23: 25 | K23: =K22+1 -> 9 | L23: =L22+1 -> 9 | M23: =M22+N22+S22+V22+P22 -> 1650 | N23: =Income!$N$6 -> 1783.75 | O23: =M23+N23 -> 3433.75 | P23: =SUM(X23:Z23) -> -1452.5 | Q23: =IF((O23+P23)<0,(O23+P23),0) -> 0 | R23: =R22+$C$18-S22 -> 900 | S23: =IF(Q23=0,0,IF(R23>-Q23,-Q23,R23)) -> 0 | T23: =IF(R23<-Q23,"y","") | U23: =IF(Y23=-4200,"y","") | V23: =IF(AND(T23="y",U23="y"),-Y23,0) -> 0 | W23: =(W22*(1+$H$4/12)+V23) -> 0 | X23: =-$E$2 -> -1357.5 | Y23: -95 | AA23: =O23+R23 -> 4333.75 | AB23: =W23 -> 0 | AC23: =AA23-AB23 -> 4333.75 | AW23: =AB23+R23 -> 900 | AX23: =IF(AW23>0,0,-Y23) -> 0 | AZ23: =AW23+AX23 -> 900 | BA23: =BA22+AX23 -> 0
A24: presents | B24: 400 | C24: =B24/12 -> 33.333333 | K24: =K23+1 -> 10 | L24: =L23+1 -> 10 | M24: =M23+N23+S23+V23+P23 -> 1981.25 | N24: =Income!$N$6 -> 1783.75 | O24: =M24+N24 -> 3765 | P24: =SUM(X24:Z24) -> -1452.5 | Q24: =IF((O24+P24)<0,(O24+P24),0) -> 0 | R24: =R23+$C$18-S23 -> 1000 | S24: =IF(Q24=0,0,IF(R24>-Q24,-Q24,R24)) -> 0 | T24: =IF(R24<-Q24,"y","") | U24: =IF(Y24=-4200,"y","") | V24: =IF(AND(T24="y",U24="y"),-Y24,0) -> 0 | W24: =(W23*(1+$H$4/12)+V24) -> 0 | X24: =-$E$2 -> -1357.5 | Y24: -95 | AA24: =O24+R24 -> 4765 | AB24: =W24 -> 0 | AC24: =AA24-AB24 -> 4765 | AW24: =AB24+R24 -> 1000 | AX24: =IF(AW24>0,0,-Y24) -> 0 | AZ24: =AW24+AX24 -> 1000 | BA24: =BA23+AX24 -> 0
A25: clothes | B25: 400 | C25: =B25/12 -> 33.333333 | K25: =K24+1 -> 11 | L25: =L24+1 -> 11 | M25: =M24+N24+S24+V24+P24 -> 2312.5 | N25: =Income!$N$6 -> 1783.75 | O25: =M25+N25 -> 4096.25 | P25: =SUM(X25:Z25) -> -1452.5 | Q25: =IF((O25+P25)<0,(O25+P25),0) -> 0 | R25: =R24+$C$18-S24 -> 1100 | S25: =IF(Q25=0,0,IF(R25>-Q25,-Q25,R25)) -> 0 | T25: =IF(R25<-Q25,"y","") | U25: =IF(Y25=-4200,"y","") | V25: =IF(AND(T25="y",U25="y"),-Y25,0) -> 0 | W25: =(W24*(1+$H$4/12)+V25) -> 0 | X25: =-$E$2 -> -1357.5 | Y25: -95 | AA25: =O25+R25 -> 5196.25 | AB25: =W25 -> 0 | AC25: =AA25-AB25 -> 5196.25 | AW25: =AB25+R25 -> 1100 | AX25: =IF(AW25>0,0,-Y25) -> 0 | AZ25: =AW25+AX25 -> 1100 | BA25: =BA24+AX25 -> 0
K26: =K25+1 -> 12 | L26: =L25+1 -> 12 | M26: =M25+N25+S25+V25+P25 -> 2643.75 | N26: =Income!$N$6 -> 1783.75 | O26: =M26+N26 -> 4427.5 | P26: =SUM(X26:Z26) -> -1452.5 | Q26: =IF((O26+P26)<0,(O26+P26),0) -> 0 | R26: =R25+$C$18-S25 -> 1200 | S26: =IF(Q26=0,0,IF(R26>-Q26,-Q26,R26)) -> 0 | T26: =IF(R26<-Q26,"y","") | U26: =IF(Y26=-4200,"y","") | V26: =IF(AND(T26="y",U26="y"),-Y26,0) -> 0 | W26: =(W25*(1+$H$4/12)+V26) -> 0 | X26: =-$E$2 -> -1357.5 | Y26: -95 | AA26: =O26+R26 -> 5627.5 | AB26: =W26 -> 0 | AC26: =AA26-AB26 -> 5627.5 | AW26: =AB26+R26 -> 1200 | AX26: =IF(AW26>0,0,-Y26) -> 0 | AZ26: =AW26+AX26 -> 1200 | BA26: =BA25+AX26 -> 0
J27: 2 | K27: 1 | L27: =L26+1 -> 13 | M27: =M26+N26+S26+V26+P26 -> 2975 | N27: =Income!$N$6 -> 1783.75 | O27: =M27+N27 -> 4758.75 | P27: =SUM(X27:Z27) -> -1452.5 | Q27: =IF((O27+P27)<0,(O27+P27),0) -> 0 | R27: =R26+$C$18-S26 -> 1300 | S27: =IF(Q27=0,0,IF(R27>-Q27,-Q27,R27)) -> 0 | T27: =IF(R27<-Q27,"y","") | U27: =IF(Y27=-4200,"y","") | V27: =IF(AND(T27="y",U27="y"),-Y27,0) -> 0 | W27: =(W26*(1+$H$4/12)+V27) -> 0 | X27: =-$E$2 -> -1357.5 | Y27: -95 | AA27: =O27+R27 -> 6058.75 | AB27: =W27 -> 0 | AC27: =AA27-AB27 -> 6058.75 | AW27: =AB27+R27 -> 1300 | AX27: =IF(AW27>0,0,-Y27) -> 0 | AZ27: =AW27+AX27 -> 1300 | BA27: =BA26+AX27 -> 0
K28: =K27+1 -> 2 | L28: =L27+1 -> 14 | M28: =M27+N27+S27+V27+P27 -> 3306.25 | N28: =Income!$N$6 -> 1783.75 | O28: =M28+N28 -> 5090 | P28: =SUM(X28:Z28) -> -1452.5 | Q28: =IF((O28+P28)<0,(O28+P28),0) -> 0 | R28: =R27+$C$18-S27 -> 1400 | S28: =IF(Q28=0,0,IF(R28>-Q28,-Q28,R28)) -> 0 | T28: =IF(R28<-Q28,"y","") | U28: =IF(Y28=-4200,"y","") | V28: =IF(AND(T28="y",U28="y"),-Y28,0) -> 0 | W28: =(W27*(1+$H$4/12)+V28) -> 0 | X28: =-$E$2 -> -1357.5 | Y28: -95 | AA28: =O28+R28 -> 6490 | AB28: =W28 -> 0 | AC28: =AA28-AB28 -> 6490 | AW28: =AB28+R28 -> 1400 | AX28: =IF(AW28>0,0,-Y28) -> 0 | AZ28: =AW28+AX28 -> 1400 | BA28: =BA27+AX28 -> 0
K29: =K28+1 -> 3 | L29: =L28+1 -> 15 | M29: =M28+N28+S28+V28+P28 -> 3637.5 | N29: =Income!$N$6 -> 1783.75 | O29: =M29+N29 -> 5421.25 | P29: =SUM(X29:Z29) -> -1452.5 | Q29: =IF((O29+P29)<0,(O29+P29),0) -> 0 | R29: =R28+$C$18-S28 -> 1500 | S29: =IF(Q29=0,0,IF(R29>-Q29,-Q29,R29)) -> 0 | T29: =IF(R29<-Q29,"y","") | U29: =IF(Y29=-4200,"y","") | V29: =IF(AND(T29="y",U29="y"),-Y29,0) -> 0 | W29: =(W28*(1+$H$4/12)+V29) -> 0 | X29: =-$E$2 -> -1357.5 | Y29: -95 | AA29: =O29+R29 -> 6921.25 | AB29: =W29 -> 0 | AC29: =AA29-AB29 -> 6921.25 | AW29: =AB29+R29 -> 1500 | AX29: =IF(AW29>0,0,-Y29) -> 0 | AZ29: =AW29+AX29 -> 1500 | BA29: =BA28+AX29 -> 0
K30: =K29+1 -> 4 | L30: =L29+1 -> 16 | M30: =M29+N29+S29+V29+P29 -> 3968.75 | N30: =Income!$N$6 -> 1783.75 | O30: =M30+N30 -> 5752.5 | P30: =SUM(X30:Z30) -> -1452.5 | Q30: =IF((O30+P30)<0,(O30+P30),0) -> 0 | R30: =R29+$C$18-S29 -> 1600 | S30: =IF(Q30=0,0,IF(R30>-Q30,-Q30,R30)) -> 0 | T30: =IF(R30<-Q30,"y","") | U30: =IF(Y30=-4200,"y","") | V30: =IF(AND(T30="y",U30="y"),-Y30,0) -> 0 | W30: =(W29*(1+$H$4/12)+V30) -> 0 | X30: =-$E$2 -> -1357.5 | Y30: -95 | AA30: =O30+R30 -> 7352.5 | AB30: =W30 -> 0 | AC30: =AA30-AB30 -> 7352.5 | AW30: =AB30+R30 -> 1600 | AX30: =IF(AW30>0,0,-Y30) -> 0 | AZ30: =AW30+AX30 -> 1600 | BA30: =BA29+AX30 -> 0
K31: =K30+1 -> 5 | L31: =L30+1 -> 17 | M31: =M30+N30+S30+V30+P30 -> 4300 | N31: =Income!$N$6 -> 1783.75 | O31: =M31+N31 -> 6083.75 | P31: =SUM(X31:Z31) -> -1452.5 | Q31: =IF((O31+P31)<0,(O31+P31),0) -> 0 | R31: =R30+$C$18-S30 -> 1700 | S31: =IF(Q31=0,0,IF(R31>-Q31,-Q31,R31)) -> 0 | T31: =IF(R31<-Q31,"y","") | U31: =IF(Y31=-4200,"y","") | V31: =IF(AND(T31="y",U31="y"),-Y31,0) -> 0 | W31: =(W30*(1+$H$4/12)+V31) -> 0 | X31: =-$E$2 -> -1357.5 | Y31: -95 | AA31: =O31+R31 -> 7783.75 | AB31: =W31 -> 0 | AC31: =AA31-AB31 -> 7783.75 | AW31: =AB31+R31 -> 1700 | AX31: =IF(AW31>0,0,-Y31) -> 0 | AZ31: =AW31+AX31 -> 1700 | BA31: =BA30+AX31 -> 0
K32: =K31+1 -> 6 | L32: =L31+1 -> 18 | M32: =M31+N31+S31+V31+P31 -> 4631.25 | N32: =Income!$N$6 -> 1783.75 | O32: =M32+N32 -> 6415 | P32: =SUM(X32:Z32) -> -1452.5 | Q32: =IF((O32+P32)<0,(O32+P32),0) -> 0 | R32: =R31+$C$18-S31 -> 1800 | S32: =IF(Q32=0,0,IF(R32>-Q32,-Q32,R32)) -> 0 | T32: =IF(R32<-Q32,"y","") | U32: =IF(Y32=-4200,"y","") | V32: =IF(AND(T32="y",U32="y"),-Y32,0) -> 0 | W32: =(W31*(1+$H$4/12)+V32) -> 0 | X32: =-$E$2 -> -1357.5 | Y32: -95 | AA32: =O32+R32 -> 8215 | AB32: =W32 -> 0 | AC32: =AA32-AB32 -> 8215 | AW32: =AB32+R32 -> 1800 | AX32: =IF(AW32>0,0,-Y32) -> 0 | AZ32: =AW32+AX32 -> 1800 | BA32: =BA31+AX32 -> 0
K33: =K32+1 -> 7 | L33: =L32+1 -> 19 | M33: =M32+N32+S32+V32+P32 -> 4962.5 | N33: =Income!$N$6 -> 1783.75 | O33: =M33+N33 -> 6746.25 | P33: =SUM(X33:Z33) -> -5557.5 | Q33: =IF((O33+P33)<0,(O33+P33),0) -> 0 | R33: =R32+$C$18-S32 -> 1900 | S33: =IF(Q33=0,0,IF(R33>-Q33,-Q33,R33)) -> 0 | T33: =IF(R33<-Q33,"y","") | U33: =IF(Y33=-4200,"y","") -> y | V33: =IF(AND(T33="y",U33="y"),-Y33,0) -> 0 | W33: =(W32*(1+$H$4/12)+V33) -> 0 | X33: =-$E$2 -> -1357.5 | Y33: -4200 | AA33: =O33+R33 -> 8646.25 | AB33: =W33 -> 0 | AC33: =AA33-AB33 -> 8646.25 | AW33: =AB33+R33 -> 1900 | AX33: =IF(AW33>0,0,-Y33) -> 0 | AZ33: =AW33+AX33 -> 1900 | BA33: =BA32+AX33 -> 0
K34: =K33+1 -> 8 | L34: =L33+1 -> 20 | M34: =M33+N33+S33+V33+P33 -> 1188.75 | N34: =Income!$N$6 -> 1783.75 | O34: =M34+N34 -> 2972.5 | P34: =SUM(X34:Z34) -> -1357.5 | Q34: =IF((O34+P34)<0,(O34+P34),0) -> 0 | R34: =R33+$C$18-S33 -> 2000 | S34: =IF(Q34=0,0,IF(R34>-Q34,-Q34,R34)) -> 0 | T34: =IF(R34<-Q34,"y","") | U34: =IF(Y34=-4200,"y","") | V34: =IF(AND(T34="y",U34="y"),-Y34,0) -> 0 | W34: =(W33*(1+$H$4/12)+V34) -> 0 | X34: =-$E$2 -> -1357.5 | AA34: =O34+R34 -> 4972.5 | AB34: =W34 -> 0 | AC34: =AA34-AB34 -> 4972.5 | AW34: =AB34+R34 -> 2000 | AX34: =IF(AW34>0,0,-Y34) -> 0 | AZ34: =AW34+AX34 -> 2000 | BA34: =BA33+AX34 -> 0
K35: =K34+1 -> 9 | L35: =L34+1 -> 21 | M35: =M34+N34+S34+V34+P34 -> 1615 | N35: =Income!$N$6 -> 1783.75 | O35: =M35+N35 -> 3398.75 | P35: =SUM(X35:Z35) -> -1357.5 | Q35: =IF((O35+P35)<0,(O35+P35),0) -> 0 | R35: =R34+$C$18-S34 -> 2100 | S35: =IF(Q35=0,0,IF(R35>-Q35,-Q35,R35)) -> 0 | T35: =IF(R35<-Q35,"y","") | U35: =IF(Y35=-4200,"y","") | V35: =IF(AND(T35="y",U35="y"),-Y35,0) -> 0 | W35: =(W34*(1+$H$4/12)+V35) -> 0 | X35: =-$E$2 -> -1357.5 | AA35: =O35+R35 -> 5498.75 | AB35: =W35 -> 0 | AC35: =AA35-AB35 -> 5498.75 | AW35: =AB35+R35 -> 2100 | AX35: =IF(AW35>0,0,-Y35) -> 0 | AZ35: =AW35+AX35 -> 2100 | BA35: =BA34+AX35 -> 0
K36: =K35+1 -> 10 | L36: =L35+1 -> 22 | M36: =M35+N35+S35+V35+P35 -> 2041.25 | N36: =Income!$N$6 -> 1783.75 | O36: =M36+N36 -> 3825 | P36: =SUM(X36:Z36) -> -1357.5 | Q36: =IF((O36+P36)<0,(O36+P36),0) -> 0 | R36: =R35+$C$18-S35 -> 2200 | S36: =IF(Q36=0,0,IF(R36>-Q36,-Q36,R36)) -> 0 | T36: =IF(R36<-Q36,"y","") | U36: =IF(Y36=-4200,"y","") | V36: =IF(AND(T36="y",U36="y"),-Y36,0) -> 0 | W36: =(W35*(1+$H$4/12)+V36) -> 0 | X36: =-$E$2 -> -1357.5 | AA36: =O36+R36 -> 6025 | AB36: =W36 -> 0 | AC36: =AA36-AB36 -> 6025 | AW36: =AB36+R36 -> 2200 | AX36: =IF(AW36>0,0,-Y36) -> 0 | AZ36: =AW36+AX36 -> 2200 | BA36: =BA35+AX36 -> 0
K37: =K36+1 -> 11 | L37: =L36+1 -> 23 | M37: =M36+N36+S36+V36+P36 -> 2467.5 | N37: =Income!$N$6 -> 1783.75 | O37: =M37+N37 -> 4251.25 | P37: =SUM(X37:Z37) -> -1357.5 | Q37: =IF((O37+P37)<0,(O37+P37),0) -> 0 | R37: =R36+$C$18-S36 -> 2300 | S37: =IF(Q37=0,0,IF(R37>-Q37,-Q37,R37)) -> 0 | T37: =IF(R37<-Q37,"y","") | U37: =IF(Y37=-4200,"y","") | V37: =IF(AND(T37="y",U37="y"),-Y37,0) -> 0 | W37: =(W36*(1+$H$4/12)+V37) -> 0 | X37: =-$E$2 -> -1357.5 | AA37: =O37+R37 -> 6551.25 | AB37: =W37 -> 0 | AC37: =AA37-AB37 -> 6551.25 | AW37: =AB37+R37 -> 2300 | AX37: =IF(AW37>0,0,-Y37) -> 0 | AZ37: =AW37+AX37 -> 2300 | BA37: =BA36+AX37 -> 0
K38: =K37+1 -> 12 | L38: =L37+1 -> 24 | M38: =M37+N37+S37+V37+P37 -> 2893.75 | N38: =Income!$N$6 -> 1783.75 | O38: =M38+N38 -> 4677.5 | P38: =SUM(X38:Z38) -> -1357.5 | Q38: =IF((O38+P38)<0,(O38+P38),0) -> 0 | R38: =R37+$C$18-S37 -> 2400 | S38: =IF(Q38=0,0,IF(R38>-Q38,-Q38,R38)) -> 0 | T38: =IF(R38<-Q38,"y","") | U38: =IF(Y38=-4200,"y","") | V38: =IF(AND(T38="y",U38="y"),-Y38,0) -> 0 | W38: =(W37*(1+$H$4/12)+V38) -> 0 | X38: =-$E$2 -> -1357.5 | AA38: =O38+R38 -> 7077.5 | AB38: =W38 -> 0 | AC38: =AA38-AB38 -> 7077.5 | AW38: =AB38+R38 -> 2400 | AX38: =IF(AW38>0,0,-Y38) -> 0 | AZ38: =AW38+AX38 -> 2400 | BA38: =BA37+AX38 -> 0
J39: 3 | K39: 1 | L39: =L38+1 -> 25 | M39: =M38+N38+S38+V38+P38 -> 3320 | N39: =Income!$N$6 -> 1783.75 | O39: =M39+N39 -> 5103.75 | P39: =SUM(X39:Z39) -> -5557.5 | Q39: =IF((O39+P39)<0,(O39+P39),0) -> -453.75 | R39: =R38+$C$18-S38 -> 2500 | S39: =IF(Q39=0,0,IF(R39>-Q39,-Q39,R39)) -> 453.75 | T39: =IF(R39<-Q39,"y","") | U39: =IF(Y39=-4200,"y","") -> y | V39: =IF(AND(T39="y",U39="y"),-Y39,0) -> 0 | W39: =(W38*(1+$H$4/12)+V39) -> 0 | X39: =-$E$2 -> -1357.5 | Y39: -4200 | AA39: =O39+R39 -> 7603.75 | AB39: =W39 -> 0 | AC39: =AA39-AB39 -> 7603.75 | AW39: =AB39+R39 -> 2500 | AX39: =IF(AW39>0,0,-Y39) -> 0 | AZ39: =AW39+AX39 -> 2500 | BA39: =BA38+AX39 -> 0
K40: =K39+1 -> 2 | L40: =L39+1 -> 26 | M40: =M39+N39+S39+V39+P39 -> 0 | N40: =Income!$N$6 -> 1783.75 | O40: =M40+N40 -> 1783.75 | P40: =SUM(X40:Z40) -> -1357.5 | Q40: =IF((O40+P40)<0,(O40+P40),0) -> 0 | R40: =R39+$C$18-S39 -> 2146.25 | S40: =IF(Q40=0,0,IF(R40>-Q40,-Q40,R40)) -> 0 | T40: =IF(R40<-Q40,"y","") | U40: =IF(Y40=-4200,"y","") | V40: =IF(AND(T40="y",U40="y"),-Y40,0) -> 0 | W40: =(W39*(1+$H$4/12)+V40) -> 0 | X40: =-$E$2 -> -1357.5 | AA40: =O40+R40 -> 3930 | AB40: =W40 -> 0 | AC40: =AA40-AB40 -> 3930 | AW40: =AB40+R40 -> 2146.25 | AX40: =IF(AW40>0,0,-Y40) -> 0 | AZ40: =AW40+AX40 -> 2146.25 | BA40: =BA39+AX40 -> 0
K41: =K40+1 -> 3 | L41: =L40+1 -> 27 | M41: =M40+N40+S40+V40+P40 -> 426.25 | N41: =Income!$N$6 -> 1783.75 | O41: =M41+N41 -> 2210 | P41: =SUM(X41:Z41) -> -1357.5 | Q41: =IF((O41+P41)<0,(O41+P41),0) -> 0 | R41: =R40+$C$18-S40 -> 2246.25 | S41: =IF(Q41=0,0,IF(R41>-Q41,-Q41,R41)) -> 0 | T41: =IF(R41<-Q41,"y","") | U41: =IF(Y41=-4200,"y","") | V41: =IF(AND(T41="y",U41="y"),-Y41,0) -> 0 | W41: =(W40*(1+$H$4/12)+V41) -> 0 | X41: =-$E$2 -> -1357.5 | AA41: =O41+R41 -> 4456.25 | AB41: =W41 -> 0 | AC41: =AA41-AB41 -> 4456.25 | AW41: =AB41+R41 -> 2246.25 | AX41: =IF(AW41>0,0,-Y41) -> 0 | AZ41: =AW41+AX41 -> 2246.25 | BA41: =BA40+AX41 -> 0
K42: =K41+1 -> 4 | L42: =L41+1 -> 28 | M42: =M41+N41+S41+V41+P41 -> 852.5 | N42: =Income!$N$6 -> 1783.75 | O42: =M42+N42 -> 2636.25 | P42: =SUM(X42:Z42) -> -1357.5 | Q42: =IF((O42+P42)<0,(O42+P42),0) -> 0 | R42: =R41+$C$18-S41 -> 2346.25 | S42: =IF(Q42=0,0,IF(R42>-Q42,-Q42,R42)) -> 0 | T42: =IF(R42<-Q42,"y","") | U42: =IF(Y42=-4200,"y","") | V42: =IF(AND(T42="y",U42="y"),-Y42,0) -> 0 | W42: =(W41*(1+$H$4/12)+V42) -> 0 | X42: =-$E$2 -> -1357.5 | AA42: =O42+R42 -> 4982.5 | AB42: =W42 -> 0 | AC42: =AA42-AB42 -> 4982.5 | AW42: =AB42+R42 -> 2346.25 | AX42: =IF(AW42>0,0,-Y42) -> 0 | AZ42: =AW42+AX42 -> 2346.25 | BA42: =BA41+AX42 -> 0
K43: =K42+1 -> 5 | L43: =L42+1 -> 29 | M43: =M42+N42+S42+V42+P42 -> 1278.75 | N43: =Income!$N$6 -> 1783.75 | O43: =M43+N43 -> 3062.5 | P43: =SUM(X43:Z43) -> -1357.5 | Q43: =IF((O43+P43)<0,(O43+P43),0) -> 0 | R43: =R42+$C$18-S42 -> 2446.25 | S43: =IF(Q43=0,0,IF(R43>-Q43,-Q43,R43)) -> 0 | T43: =IF(R43<-Q43,"y","") | U43: =IF(Y43=-4200,"y","") | V43: =IF(AND(T43="y",U43="y"),-Y43,0) -> 0 | W43: =(W42*(1+$H$4/12)+V43) -> 0 | X43: =-$E$2 -> -1357.5 | AA43: =O43+R43 -> 5508.75 | AB43: =W43 -> 0 | AC43: =AA43-AB43 -> 5508.75 | AW43: =AB43+R43 -> 2446.25 | AX43: =IF(AW43>0,0,-Y43) -> 0 | AZ43: =AW43+AX43 -> 2446.25 | BA43: =BA42+AX43 -> 0
K44: =K43+1 -> 6 | L44: =L43+1 -> 30 | M44: =M43+N43+S43+V43+P43 -> 1705 | N44: =Income!$N$6 -> 1783.75 | O44: =M44+N44 -> 3488.75 | P44: =SUM(X44:Z44) -> -1357.5 | Q44: =IF((O44+P44)<0,(O44+P44),0) -> 0 | R44: =R43+$C$18-S43 -> 2546.25 | S44: =IF(Q44=0,0,IF(R44>-Q44,-Q44,R44)) -> 0 | T44: =IF(R44<-Q44,"y","") | U44: =IF(Y44=-4200,"y","") | V44: =IF(AND(T44="y",U44="y"),-Y44,0) -> 0 | W44: =(W43*(1+$H$4/12)+V44) -> 0 | X44: =-$E$2 -> -1357.5 | AA44: =O44+R44 -> 6035 | AB44: =W44 -> 0 | AC44: =AA44-AB44 -> 6035 | AW44: =AB44+R44 -> 2546.25 | AX44: =IF(AW44>0,0,-Y44) -> 0 | AZ44: =AW44+AX44 -> 2546.25 | BA44: =BA43+AX44 -> 0
K45: =K44+1 -> 7 | L45: =L44+1 -> 31 | M45: =M44+N44+S44+V44+P44 -> 2131.25 | N45: =Income!$N$6 -> 1783.75 | O45: =M45+N45 -> 3915 | P45: =SUM(X45:Z45) -> -5557.5 | Q45: =IF((O45+P45)<0,(O45+P45),0) -> -1642.5 | R45: =R44+$C$18-S44 -> 2646.25 | S45: =IF(Q45=0,0,IF(R45>-Q45,-Q45,R45)) -> 1642.5 | T45: =IF(R45<-Q45,"y","") | U45: =IF(Y45=-4200,"y","") -> y | V45: =IF(AND(T45="y",U45="y"),-Y45,0) -> 0 | W45: =(W44*(1+$H$4/12)+V45) -> 0 | X45: =-$E$2 -> -1357.5 | Y45: -4200 | AA45: =O45+R45 -> 6561.25 | AB45: =W45 -> 0 | AC45: =AA45-AB45 -> 6561.25 | AW45: =AB45+R45 -> 2646.25 | AX45: =IF(AW45>0,0,-Y45) -> 0 | AZ45: =AW45+AX45 -> 2646.25 | BA45: =BA44+AX45 -> 0
K46: =K45+1 -> 8 | L46: =L45+1 -> 32 | M46: =M45+N45+S45+V45+P45 -> 0 | N46: =Income!$N$6 -> 1783.75 | O46: =M46+N46 -> 1783.75 | P46: =SUM(X46:Z46) -> -1357.5 | Q46: =IF((O46+P46)<0,(O46+P46),0) -> 0 | R46: =R45+$C$18-S45 -> 1103.75 | S46: =IF(Q46=0,0,IF(R46>-Q46,-Q46,R46)) -> 0 | T46: =IF(R46<-Q46,"y","") | U46: =IF(Y46=-4200,"y","") | V46: =IF(AND(T46="y",U46="y"),-Y46,0) -> 0 | W46: =(W45*(1+$H$4/12)+V46) -> 0 | X46: =-$E$2 -> -1357.5 | AA46: =O46+R46 -> 2887.5 | AB46: =W46 -> 0 | AC46: =AA46-AB46 -> 2887.5 | AW46: =AB46+R46 -> 1103.75 | AX46: =IF(AW46>0,0,-Y46) -> 0 | AZ46: =AW46+AX46 -> 1103.75 | BA46: =BA45+AX46 -> 0
K47: =K46+1 -> 9 | L47: =L46+1 -> 33 | M47: =M46+N46+S46+V46+P46 -> 426.25 | N47: =Income!$N$6 -> 1783.75 | O47: =M47+N47 -> 2210 | P47: =SUM(X47:Z47) -> -1357.5 | Q47: =IF((O47+P47)<0,(O47+P47),0) -> 0 | R47: =R46+$C$18-S46 -> 1203.75 | S47: =IF(Q47=0,0,IF(R47>-Q47,-Q47,R47)) -> 0 | T47: =IF(R47<-Q47,"y","") | U47: =IF(Y47=-4200,"y","") | V47: =IF(AND(T47="y",U47="y"),-Y47,0) -> 0 | W47: =(W46*(1+$H$4/12)+V47) -> 0 | X47: =-$E$2 -> -1357.5 | AA47: =O47+R47 -> 3413.75 | AB47: =W47 -> 0 | AC47: =AA47-AB47 -> 3413.75 | AW47: =AB47+R47 -> 1203.75 | AX47: =IF(AW47>0,0,-Y47) -> 0 | AZ47: =AW47+AX47 -> 1203.75 | BA47: =BA46+AX47 -> 0
K48: =K47+1 -> 10 | L48: =L47+1 -> 34 | M48: =M47+N47+S47+V47+P47 -> 852.5 | N48: =Income!$N$6 -> 1783.75 | O48: =M48+N48 -> 2636.25 | P48: =SUM(X48:Z48) -> -1357.5 | Q48: =IF((O48+P48)<0,(O48+P48),0) -> 0 | R48: =R47+$C$18-S47 -> 1303.75 | S48: =IF(Q48=0,0,IF(R48>-Q48,-Q48,R48)) -> 0 | T48: =IF(R48<-Q48,"y","") | U48: =IF(Y48=-4200,"y","") | V48: =IF(AND(T48="y",U48="y"),-Y48,0) -> 0 | W48: =(W47*(1+$H$4/12)+V48) -> 0 | X48: =-$E$2 -> -1357.5 | AA48: =O48+R48 -> 3940 | AB48: =W48 -> 0 | AC48: =AA48-AB48 -> 3940 | AW48: =AB48+R48 -> 1303.75 | AX48: =IF(AW48>0,0,-Y48) -> 0 | AZ48: =AW48+AX48 -> 1303.75 | BA48: =BA47+AX48 -> 0
K49: =K48+1 -> 11 | L49: =L48+1 -> 35 | M49: =M48+N48+S48+V48+P48 -> 1278.75 | N49: =Income!$N$6 -> 1783.75 | O49: =M49+N49 -> 3062.5 | P49: =SUM(X49:Z49) -> -1357.5 | Q49: =IF((O49+P49)<0,(O49+P49),0) -> 0 | R49: =R48+$C$18-S48 -> 1403.75 | S49: =IF(Q49=0,0,IF(R49>-Q49,-Q49,R49)) -> 0 | T49: =IF(R49<-Q49,"y","") | U49: =IF(Y49=-4200,"y","") | V49: =IF(AND(T49="y",U49="y"),-Y49,0) -> 0 | W49: =(W48*(1+$H$4/12)+V49) -> 0 | X49: =-$E$2 -> -1357.5 | AA49: =O49+R49 -> 4466.25 | AB49: =W49 -> 0 | AC49: =AA49-AB49 -> 4466.25 | AW49: =AB49+R49 -> 1403.75 | AX49: =IF(AW49>0,0,-Y49) -> 0 | AZ49: =AW49+AX49 -> 1403.75 | BA49: =BA48+AX49 -> 0
K50: =K49+1 -> 12 | L50: =L49+1 -> 36 | M50: =M49+N49+S49+V49+P49 -> 1705 | N50: =Income!$N$6 -> 1783.75 | O50: =M50+N50 -> 3488.75 | P50: =SUM(X50:Z50) -> -1357.5 | Q50: =IF((O50+P50)<0,(O50+P50),0) -> 0 | R50: =R49+$C$18-S49 -> 1503.75 | S50: =IF(Q50=0,0,IF(R50>-Q50,-Q50,R50)) -> 0 | T50: =IF(R50<-Q50,"y","") | U50: =IF(Y50=-4200,"y","") | V50: =IF(AND(T50="y",U50="y"),-Y50,0) -> 0 | W50: =(W49*(1+$H$4/12)+V50) -> 0 | X50: =-$E$2 -> -1357.5 | AA50: =O50+R50 -> 4992.5 | AB50: =W50 -> 0 | AC50: =AA50-AB50 -> 4992.5 | AW50: =AB50+R50 -> 1503.75 | AX50: =IF(AW50>0,0,-Y50) -> 0 | AZ50: =AW50+AX50 -> 1503.75 | BA50: =BA49+AX50 -> 0
J51: 4 | K51: 1 | L51: =L50+1 -> 37 | M51: =M50+N50+S50+V50+P50 -> 2131.25 | N51: =Income!$N$6 -> 1783.75 | O51: =M51+N51 -> 3915 | P51: =SUM(X51:Z51) -> -5557.5 | Q51: =IF((O51+P51)<0,(O51+P51),0) -> -1642.5 | R51: =R50+$C$18-S50 -> 1603.75 | S51: =IF(Q51=0,0,IF(R51>-Q51,-Q51,R51)) -> 1603.75 | T51: =IF(R51<-Q51,"y","") -> y | U51: =IF(Y51=-4200,"y","") -> y | V51: =IF(AND(T51="y",U51="y"),-Y51,0) -> 4200 | W51: =(W50*(1+$H$4/12)+V51) -> 4200 | X51: =-$E$2 -> -1357.5 | Y51: -4200 | AA51: =O51+R51 -> 5518.75 | AB51: =W51 -> 4200 | AC51: =AA51-AB51 -> 1318.75 | AW51: =AB51+R51 -> 5803.75 | AX51: =IF(AW51>0,0,-Y51) -> 0 | AZ51: =AW51+AX51 -> 5803.75 | BA51: =BA50+AX51 -> 0
K52: =K51+1 -> 2 | L52: =L51+1 -> 38 | M52: =M51+N51+S51+V51+P51 -> 4161.25 | N52: =Income!$N$6 -> 1783.75 | O52: =M52+N52 -> 5945 | P52: =SUM(X52:Z52) -> -1357.5 | Q52: =IF((O52+P52)<0,(O52+P52),0) -> 0 | R52: =R51+$C$18-S51 -> 100 | S52: =IF(Q52=0,0,IF(R52>-Q52,-Q52,R52)) -> 0 | T52: =IF(R52<-Q52,"y","") | U52: =IF(Y52=-4200,"y","") | V52: =IF(AND(T52="y",U52="y"),-Y52,0) -> 0 | W52: =(W51*(1+$H$4/12)+V52) -> 4228 | X52: =-$E$2 -> -1357.5 | AA52: =O52+R52 -> 6045 | AB52: =W52 -> 4228 | AC52: =AA52-AB52 -> 1817 | AW52: =AB52+R52 -> 4328 | AX52: =IF(AW52>0,0,-Y52) -> 0 | AZ52: =AW52+AX52 -> 4328 | BA52: =BA51+AX52 -> 0
K53: =K52+1 -> 3 | L53: =L52+1 -> 39 | M53: =M52+N52+S52+V52+P52 -> 4587.5 | N53: =Income!$N$6 -> 1783.75 | O53: =M53+N53 -> 6371.25 | P53: =SUM(X53:Z53) -> -1357.5 | Q53: =IF((O53+P53)<0,(O53+P53),0) -> 0 | R53: =R52+$C$18-S52 -> 200 | S53: =IF(Q53=0,0,IF(R53>-Q53,-Q53,R53)) -> 0 | T53: =IF(R53<-Q53,"y","") | U53: =IF(Y53=-4200,"y","") | V53: =IF(AND(T53="y",U53="y"),-Y53,0) -> 0 | W53: =(W52*(1+$H$4/12)+V53) -> 4256.1867 | X53: =-$E$2 -> -1357.5 | AA53: =O53+R53 -> 6571.25 | AB53: =W53 -> 4256.1867 | AC53: =AA53-AB53 -> 2315.0633 | AW53: =AB53+R53 -> 4456.1867 | AX53: =IF(AW53>0,0,-Y53) -> 0 | AZ53: =AW53+AX53 -> 4456.1867 | BA53: =BA52+AX53 -> 0
K54: =K53+1 -> 4 | L54: =L53+1 -> 40 | M54: =M53+N53+S53+V53+P53 -> 5013.75 | N54: =Income!$N$6 -> 1783.75 | O54: =M54+N54 -> 6797.5 | P54: =SUM(X54:Z54) -> -1357.5 | Q54: =IF((O54+P54)<0,(O54+P54),0) -> 0 | R54: =R53+$C$18-S53 -> 300 | S54: =IF(Q54=0,0,IF(R54>-Q54,-Q54,R54)) -> 0 | T54: =IF(R54<-Q54,"y","") | U54: =IF(Y54=-4200,"y","") | V54: =IF(AND(T54="y",U54="y"),-Y54,0) -> 0 | W54: =(W53*(1+$H$4/12)+V54) -> 4284.5612 | X54: =-$E$2 -> -1357.5 | AA54: =O54+R54 -> 7097.5 | AB54: =W54 -> 4284.5612 | AC54: =AA54-AB54 -> 2812.9388 | AW54: =AB54+R54 -> 4584.5612 | AX54: =IF(AW54>0,0,-Y54) -> 0 | AZ54: =AW54+AX54 -> 4584.5612 | BA54: =BA53+AX54 -> 0
K55: =K54+1 -> 5 | L55: =L54+1 -> 41 | M55: =M54+N54+S54+V54+P54 -> 5440 | N55: =Income!$N$6 -> 1783.75 | O55: =M55+N55 -> 7223.75 | P55: =SUM(X55:Z55) -> -1357.5 | Q55: =IF((O55+P55)<0,(O55+P55),0) -> 0 | R55: =R54+$C$18-S54 -> 400 | S55: =IF(Q55=0,0,IF(R55>-Q55,-Q55,R55)) -> 0 | T55: =IF(R55<-Q55,"y","") | U55: =IF(Y55=-4200,"y","") | V55: =IF(AND(T55="y",U55="y"),-Y55,0) -> 0 | W55: =(W54*(1+$H$4/12)+V55) -> 4313.125 | X55: =-$E$2 -> -1357.5 | AA55: =O55+R55 -> 7623.75 | AB55: =W55 -> 4313.125 | AC55: =AA55-AB55 -> 3310.625 | AW55: =AB55+R55 -> 4713.125 | AX55: =IF(AW55>0,0,-Y55) -> 0 | AZ55: =AW55+AX55 -> 4713.125 | BA55: =BA54+AX55 -> 0
K56: =K55+1 -> 6 | L56: =L55+1 -> 42 | M56: =M55+N55+S55+V55+P55 -> 5866.25 | N56: =Income!$N$6 -> 1783.75 | O56: =M56+N56 -> 7650 | P56: =SUM(X56:Z56) -> -1357.5 | Q56: =IF((O56+P56)<0,(O56+P56),0) -> 0 | R56: =R55+$C$18-S55 -> 500 | S56: =IF(Q56=0,0,IF(R56>-Q56,-Q56,R56)) -> 0 | T56: =IF(R56<-Q56,"y","") | U56: =IF(Y56=-4200,"y","") | V56: =IF(AND(T56="y",U56="y"),-Y56,0) -> 0 | W56: =(W55*(1+$H$4/12)+V56) -> 4341.8792 | X56: =-$E$2 -> -1357.5 | AA56: =O56+R56 -> 8150 | AB56: =W56 -> 4341.8792 | AC56: =AA56-AB56 -> 3808.1208 | AW56: =AB56+R56 -> 4841.8792 | AX56: =IF(AW56>0,0,-Y56) -> 0 | AZ56: =AW56+AX56 -> 4841.8792 | BA56: =BA55+AX56 -> 0
K57: =K56+1 -> 7 | L57: =L56+1 -> 43 | M57: =M56+N56+S56+V56+P56 -> 6292.5 | N57: =Income!$N$6 -> 1783.75 | O57: =M57+N57 -> 8076.25 | P57: =SUM(X57:Z57) -> -5557.5 | Q57: =IF((O57+P57)<0,(O57+P57),0) -> 0 | R57: =R56+$C$18-S56 -> 600 | S57: =IF(Q57=0,0,IF(R57>-Q57,-Q57,R57)) -> 0 | T57: =IF(R57<-Q57,"y","") | U57: =IF(Y57=-4200,"y","") -> y | V57: =IF(AND(T57="y",U57="y"),-Y57,0) -> 0 | W57: =(W56*(1+$H$4/12)+V57) -> 4370.825 | X57: =-$E$2 -> -1357.5 | Y57: -4200 | AA57: =O57+R57 -> 8676.25 | AB57: =W57 -> 4370.825 | AC57: =AA57-AB57 -> 4305.425 | AW57: =AB57+R57 -> 4970.825 | AX57: =IF(AW57>0,0,-Y57) -> 0 | AZ57: =AW57+AX57 -> 4970.825 | BA57: =BA56+AX57 -> 0
K58: =K57+1 -> 8 | L58: =L57+1 -> 44 | M58: =M57+N57+S57+V57+P57 -> 2518.75 | N58: =Income!$N$6 -> 1783.75 | O58: =M58+N58 -> 4302.5 | P58: =SUM(X58:Z58) -> -1357.5 | Q58: =IF((O58+P58)<0,(O58+P58),0) -> 0 | R58: =R57+$C$18-S57 -> 700 | S58: =IF(Q58=0,0,IF(R58>-Q58,-Q58,R58)) -> 0 | T58: =IF(R58<-Q58,"y","") | U58: =IF(Y58=-4200,"y","") | V58: =IF(AND(T58="y",U58="y"),-Y58,0) -> 0 | W58: =(W57*(1+$H$4/12)+V58) -> 4399.9638 | X58: =-$E$2 -> -1357.5 | AA58: =O58+R58 -> 5002.5 | AB58: =W58 -> 4399.9638 | AC58: =AA58-AB58 -> 602.53615 | AW58: =AB58+R58 -> 5099.9638 | AX58: =IF(AW58>0,0,-Y58) -> 0 | AZ58: =AW58+AX58 -> 5099.9638 | BA58: =BA57+AX58 -> 0
K59: =K58+1 -> 9 | L59: =L58+1 -> 45 | M59: =M58+N58+S58+V58+P58 -> 2945 | N59: =Income!$N$6 -> 1783.75 | O59: =M59+N59 -> 4728.75 | P59: =SUM(X59:Z59) -> -1357.5 | Q59: =IF((O59+P59)<0,(O59+P59),0) -> 0 | R59: =R58+$C$18-S58 -> 800 | S59: =IF(Q59=0,0,IF(R59>-Q59,-Q59,R59)) -> 0 | T59: =IF(R59<-Q59,"y","") | U59: =IF(Y59=-4200,"y","") | V59: =IF(AND(T59="y",U59="y"),-Y59,0) -> 0 | W59: =(W58*(1+$H$4/12)+V59) -> 4429.2969 | X59: =-$E$2 -> -1357.5 | AA59: =O59+R59 -> 5528.75 | AB59: =W59 -> 4429.2969 | AC59: =AA59-AB59 -> 1099.4531 | AW59: =AB59+R59 -> 5229.2969 | AX59: =IF(AW59>0,0,-Y59) -> 0 | AZ59: =AW59+AX59 -> 5229.2969 | BA59: =BA58+AX59 -> 0
K60: =K59+1 -> 10 | L60: =L59+1 -> 46 | M60: =M59+N59+S59+V59+P59 -> 3371.25 | N60: =Income!$N$6 -> 1783.75 | O60: =M60+N60 -> 5155 | P60: =SUM(X60:Z60) -> -1357.5 | Q60: =IF((O60+P60)<0,(O60+P60),0) -> 0 | R60: =R59+$C$18-S59 -> 900 | S60: =IF(Q60=0,0,IF(R60>-Q60,-Q60,R60)) -> 0 | T60: =IF(R60<-Q60,"y","") | U60: =IF(Y60=-4200,"y","") | V60: =IF(AND(T60="y",U60="y"),-Y60,0) -> 0 | W60: =(W59*(1+$H$4/12)+V60) -> 4458.8256 | X60: =-$E$2 -> -1357.5 | AA60: =O60+R60 -> 6055 | AB60: =W60 -> 4458.8256 | AC60: =AA60-AB60 -> 1596.1744 | AW60: =AB60+R60 -> 5358.8256 | AX60: =IF(AW60>0,0,-Y60) -> 0 | AZ60: =AW60+AX60 -> 5358.8256 | BA60: =BA59+AX60 -> 0
K61: =K60+1 -> 11 | L61: =L60+1 -> 47 | M61: =M60+N60+S60+V60+P60 -> 3797.5 | N61: =Income!$N$6 -> 1783.75 | O61: =M61+N61 -> 5581.25 | P61: =SUM(X61:Z61) -> -1357.5 | Q61: =IF((O61+P61)<0,(O61+P61),0) -> 0 | R61: =R60+$C$18-S60 -> 1000 | S61: =IF(Q61=0,0,IF(R61>-Q61,-Q61,R61)) -> 0 | T61: =IF(R61<-Q61,"y","") | U61: =IF(Y61=-4200,"y","") | V61: =IF(AND(T61="y",U61="y"),-Y61,0) -> 0 | W61: =(W60*(1+$H$4/12)+V61) -> 4488.5511 | X61: =-$E$2 -> -1357.5 | AA61: =O61+R61 -> 6581.25 | AB61: =W61 -> 4488.5511 | AC61: =AA61-AB61 -> 2092.6989 | AW61: =AB61+R61 -> 5488.5511 | AX61: =IF(AW61>0,0,-Y61) -> 0 | AZ61: =AW61+AX61 -> 5488.5511 | BA61: =BA60+AX61 -> 0
K62: =K61+1 -> 12 | L62: =L61+1 -> 48 | M62: =M61+N61+S61+V61+P61 -> 4223.75 | N62: =Income!$N$6 -> 1783.75 | O62: =M62+N62 -> 6007.5 | P62: =SUM(X62:Z62) -> -1357.5 | Q62: =IF((O62+P62)<0,(O62+P62),0) -> 0 | R62: =R61+$C$18-S61 -> 1100 | S62: =IF(Q62=0,0,IF(R62>-Q62,-Q62,R62)) -> 0 | T62: =IF(R62<-Q62,"y","") | U62: =IF(Y62=-4200,"y","") | V62: =IF(AND(T62="y",U62="y"),-Y62,0) -> 0 | W62: =(W61*(1+$H$4/12)+V62) -> 4518.4748 | X62: =-$E$2 -> -1357.5 | AA62: =O62+R62 -> 7107.5 | AB62: =W62 -> 4518.4748 | AC62: =AA62-AB62 -> 2589.0252 | AW62: =AB62+R62 -> 5618.4748 | AX62: =IF(AW62>0,0,-Y62) -> 0 | AZ62: =AW62+AX62 -> 5618.4748 | BA62: =BA61+AX62 -> 0
J63: 5 | K63: 1 | L63: =L62+1 -> 49 | M63: =M62+N62+S62+V62+P62 -> 4650 | N63: =Income!$N$6 -> 1783.75 | O63: =M63+N63 -> 6433.75 | P63: =SUM(X63:Z63) -> -5557.5 | Q63: =IF((O63+P63)<0,(O63+P63),0) -> 0 | R63: =R62+$C$18-S62 -> 1200 | S63: =IF(Q63=0,0,IF(R63>-Q63,-Q63,R63)) -> 0 | T63: =IF(R63<-Q63,"y","") | U63: =IF(Y63=-4200,"y","") -> y | V63: =IF(AND(T63="y",U63="y"),-Y63,0) -> 0 | W63: =(W62*(1+$H$4/12)+V63) -> 4548.5979 | X63: =-$E$2 -> -1357.5 | Y63: -4200 | AA63: =O63+R63 -> 7633.75 | AB63: =W63 -> 4548.5979 | AC63: =AA63-AB63 -> 3085.1521 | AW63: =AB63+R63 -> 5748.5979 | AX63: =IF(AW63>0,0,-Y63) -> 0 | AZ63: =AW63+AX63 -> 5748.5979 | BA63: =BA62+AX63 -> 0
K64: =K63+1 -> 2 | L64: =L63+1 -> 50 | M64: =M63+N63+S63+V63+P63 -> 876.25 | N64: =Income!$N$6 -> 1783.75 | O64: =M64+N64 -> 2660 | P64: =SUM(X64:Z64) -> -1357.5 | Q64: =IF((O64+P64)<0,(O64+P64),0) -> 0 | R64: =R63+$C$18-S63 -> 1300 | S64: =IF(Q64=0,0,IF(R64>-Q64,-Q64,R64)) -> 0 | T64: =IF(R64<-Q64,"y","") | U64: =IF(Y64=-4200,"y","") | V64: =IF(AND(T64="y",U64="y"),-Y64,0) -> 0 | W64: =(W63*(1+$H$4/12)+V64) -> 4578.9219 | X64: =-$E$2 -> -1357.5 | AA64: =O64+R64 -> 3960 | AB64: =W64 -> 4578.9219 | AC64: =AA64-AB64 -> -618.92191 | AW64: =AB64+R64 -> 5878.9219 | AX64: =IF(AW64>0,0,-Y64) -> 0 | AZ64: =AW64+AX64 -> 5878.9219 | BA64: =BA63+AX64 -> 0
K65: =K64+1 -> 3 | L65: =L64+1 -> 51 | M65: =M64+N64+S64+V64+P64 -> 1302.5 | N65: =Income!$N$6 -> 1783.75 | O65: =M65+N65 -> 3086.25 | P65: =SUM(X65:Z65) -> -1357.5 | Q65: =IF((O65+P65)<0,(O65+P65),0) -> 0 | R65: =R64+$C$18-S64 -> 1400 | S65: =IF(Q65=0,0,IF(R65>-Q65,-Q65,R65)) -> 0 | T65: =IF(R65<-Q65,"y","") | U65: =IF(Y65=-4200,"y","") | V65: =IF(AND(T65="y",U65="y"),-Y65,0) -> 0 | W65: =(W64*(1+$H$4/12)+V65) -> 4609.4481 | X65: =-$E$2 -> -1357.5 | AA65: =O65+R65 -> 4486.25 | AB65: =W65 -> 4609.4481 | AC65: =AA65-AB65 -> -123.19806 | AW65: =AB65+R65 -> 6009.4481 | AX65: =IF(AW65>0,0,-Y65) -> 0 | AZ65: =AW65+AX65 -> 6009.4481 | BA65: =BA64+AX65 -> 0
K66: =K65+1 -> 4 | L66: =L65+1 -> 52 | M66: =M65+N65+S65+V65+P65 -> 1728.75 | N66: =Income!$N$6 -> 1783.75 | O66: =M66+N66 -> 3512.5 | P66: =SUM(X66:Z66) -> -1357.5 | Q66: =IF((O66+P66)<0,(O66+P66),0) -> 0 | R66: =R65+$C$18-S65 -> 1500 | S66: =IF(Q66=0,0,IF(R66>-Q66,-Q66,R66)) -> 0 | T66: =IF(R66<-Q66,"y","") | U66: =IF(Y66=-4200,"y","") | V66: =IF(AND(T66="y",U66="y"),-Y66,0) -> 0 | W66: =(W65*(1+$H$4/12)+V66) -> 4640.1777 | X66: =-$E$2 -> -1357.5 | AA66: =O66+R66 -> 5012.5 | AB66: =W66 -> 4640.1777 | AC66: =AA66-AB66 -> 372.32229 | AW66: =AB66+R66 -> 6140.1777 | AX66: =IF(AW66>0,0,-Y66) -> 0 | AZ66: =AW66+AX66 -> 6140.1777 | BA66: =BA65+AX66 -> 0
K67: =K66+1 -> 5 | L67: =L66+1 -> 53 | M67: =M66+N66+S66+V66+P66 -> 2155 | N67: =Income!$N$6 -> 1783.75 | O67: =M67+N67 -> 3938.75 | P67: =SUM(X67:Z67) -> -1357.5 | Q67: =IF((O67+P67)<0,(O67+P67),0) -> 0 | R67: =R66+$C$18-S66 -> 1600 | S67: =IF(Q67=0,0,IF(R67>-Q67,-Q67,R67)) -> 0 | T67: =IF(R67<-Q67,"y","") | U67: =IF(Y67=-4200,"y","") | V67: =IF(AND(T67="y",U67="y"),-Y67,0) -> 0 | W67: =(W66*(1+$H$4/12)+V67) -> 4671.1122 | X67: =-$E$2 -> -1357.5 | AA67: =O67+R67 -> 5538.75 | AB67: =W67 -> 4671.1122 | AC67: =AA67-AB67 -> 867.63777 | AW67: =AB67+R67 -> 6271.1122 | AX67: =IF(AW67>0,0,-Y67) -> 0 | AZ67: =AW67+AX67 -> 6271.1122 | BA67: =BA66+AX67 -> 0
K68: =K67+1 -> 6 | L68: =L67+1 -> 54 | M68: =M67+N67+S67+V67+P67 -> 2581.25 | N68: =Income!$N$6 -> 1783.75 | O68: =M68+N68 -> 4365 | P68: =SUM(X68:Z68) -> -1357.5 | Q68: =IF((O68+P68)<0,(O68+P68),0) -> 0 | R68: =R67+$C$18-S67 -> 1700 | S68: =IF(Q68=0,0,IF(R68>-Q68,-Q68,R68)) -> 0 | T68: =IF(R68<-Q68,"y","") | U68: =IF(Y68=-4200,"y","") | V68: =IF(AND(T68="y",U68="y"),-Y68,0) -> 0 | W68: =(W67*(1+$H$4/12)+V68) -> 4702.253 | X68: =-$E$2 -> -1357.5 | AA68: =O68+R68 -> 6065 | AB68: =W68 -> 4702.253 | AC68: =AA68-AB68 -> 1362.747 | AW68: =AB68+R68 -> 6402.253 | AX68: =IF(AW68>0,0,-Y68) -> 0 | AZ68: =AW68+AX68 -> 6402.253 | BA68: =BA67+AX68 -> 0
K69: =K68+1 -> 7 | L69: =L68+1 -> 55 | M69: =M68+N68+S68+V68+P68 -> 3007.5 | N69: =Income!$N$6 -> 1783.75 | O69: =M69+N69 -> 4791.25 | P69: =SUM(X69:Z69) -> -1357.5 | Q69: =IF((O69+P69)<0,(O69+P69),0) -> 0 | R69: =R68+$C$18-S68 -> 1800 | S69: =IF(Q69=0,0,IF(R69>-Q69,-Q69,R69)) -> 0 | T69: =IF(R69<-Q69,"y","") | U69: =IF(Y69=-4200,"y","") | V69: =IF(AND(T69="y",U69="y"),-Y69,0) -> 0 | W69: =(W68*(1+$H$4/12)+V69) -> 4733.6013 | X69: =-$E$2 -> -1357.5 | AA69: =O69+R69 -> 6591.25 | AB69: =W69 -> 4733.6013 | AC69: =AA69-AB69 -> 1857.6487 | AW69: =AB69+R69 -> 6533.6013 | AX69: =IF(AW69>0,0,-Y69) -> 0 | AZ69: =AW69+AX69 -> 6533.6013 | BA69: =BA68+AX69 -> 0
K70: =K69+1 -> 8 | L70: =L69+1 -> 56 | M70: =M69+N69+S69+V69+P69 -> 3433.75 | N70: =Income!$N$6 -> 1783.75 | O70: =M70+N70 -> 5217.5 | P70: =SUM(X70:Z70) -> -1357.5 | Q70: =IF((O70+P70)<0,(O70+P70),0) -> 0 | R70: =R69+$C$18-S69 -> 1900 | S70: =IF(Q70=0,0,IF(R70>-Q70,-Q70,R70)) -> 0 | T70: =IF(R70<-Q70,"y","") | U70: =IF(Y70=-4200,"y","") | V70: =IF(AND(T70="y",U70="y"),-Y70,0) -> 0 | W70: =(W69*(1+$H$4/12)+V70) -> 4765.1587 | X70: =-$E$2 -> -1357.5 | AA70: =O70+R70 -> 7117.5 | AB70: =W70 -> 4765.1587 | AC70: =AA70-AB70 -> 2352.3413 | AW70: =AB70+R70 -> 6665.1587 | AX70: =IF(AW70>0,0,-Y70) -> 0 | AZ70: =AW70+AX70 -> 6665.1587 | BA70: =BA69+AX70 -> 0
K71: =K70+1 -> 9 | L71: =L70+1 -> 57 | M71: =M70+N70+S70+V70+P70 -> 3860 | N71: =Income!$N$6 -> 1783.75 | O71: =M71+N71 -> 5643.75 | P71: =SUM(X71:Z71) -> -1357.5 | Q71: =IF((O71+P71)<0,(O71+P71),0) -> 0 | R71: =R70+$C$18-S70 -> 2000 | S71: =IF(Q71=0,0,IF(R71>-Q71,-Q71,R71)) -> 0 | T71: =IF(R71<-Q71,"y","") | U71: =IF(Y71=-4200,"y","") | V71: =IF(AND(T71="y",U71="y"),-Y71,0) -> 0 | W71: =(W70*(1+$H$4/12)+V71) -> 4796.9264 | X71: =-$E$2 -> -1357.5 | AA71: =O71+R71 -> 7643.75 | AB71: =W71 -> 4796.9264 | AC71: =AA71-AB71 -> 2846.8236 | AW71: =AB71+R71 -> 6796.9264 | AX71: =IF(AW71>0,0,-Y71) -> 0 | AZ71: =AW71+AX71 -> 6796.9264 | BA71: =BA70+AX71 -> 0
K72: =K71+1 -> 10 | L72: =L71+1 -> 58 | M72: =M71+N71+S71+V71+P71 -> 4286.25 | N72: =Income!$N$6 -> 1783.75 | O72: =M72+N72 -> 6070 | P72: =SUM(X72:Z72) -> -1357.5 | Q72: =IF((O72+P72)<0,(O72+P72),0) -> 0 | R72: =R71+$C$18-S71 -> 2100 | S72: =IF(Q72=0,0,IF(R72>-Q72,-Q72,R72)) -> 0 | T72: =IF(R72<-Q72,"y","") | U72: =IF(Y72=-4200,"y","") | V72: =IF(AND(T72="y",U72="y"),-Y72,0) -> 0 | W72: =(W71*(1+$H$4/12)+V72) -> 4828.9059 | X72: =-$E$2 -> -1357.5 | AA72: =O72+R72 -> 8170 | AB72: =W72 -> 4828.9059 | AC72: =AA72-AB72 -> 3341.0941 | AW72: =AB72+R72 -> 6928.9059 | AX72: =IF(AW72>0,0,-Y72) -> 0 | AZ72: =AW72+AX72 -> 6928.9059 | BA72: =BA71+AX72 -> 0
K73: =K72+1 -> 11 | L73: =L72+1 -> 59 | M73: =M72+N72+S72+V72+P72 -> 4712.5 | N73: =Income!$N$6 -> 1783.75 | O73: =M73+N73 -> 6496.25 | P73: =SUM(X73:Z73) -> -1357.5 | Q73: =IF((O73+P73)<0,(O73+P73),0) -> 0 | R73: =R72+$C$18-S72 -> 2200 | S73: =IF(Q73=0,0,IF(R73>-Q73,-Q73,R73)) -> 0 | T73: =IF(R73<-Q73,"y","") | U73: =IF(Y73=-4200,"y","") | V73: =IF(AND(T73="y",U73="y"),-Y73,0) -> 0 | W73: =(W72*(1+$H$4/12)+V73) -> 4861.0986 | X73: =-$E$2 -> -1357.5 | AA73: =O73+R73 -> 8696.25 | AB73: =W73 -> 4861.0986 | AC73: =AA73-AB73 -> 3835.1514 | AW73: =AB73+R73 -> 7061.0986 | AX73: =IF(AW73>0,0,-Y73) -> 0 | AZ73: =AW73+AX73 -> 7061.0986 | BA73: =BA72+AX73 -> 0
K74: =K73+1 -> 12 | L74: =L73+1 -> 60 | M74: =M73+N73+S73+V73+P73 -> 5138.75 | N74: =Income!$N$6 -> 1783.75 | O74: =M74+N74 -> 6922.5 | P74: =SUM(X74:Z74) -> -1357.5 | Q74: =IF((O74+P74)<0,(O74+P74),0) -> 0 | R74: =R73+$C$18-S73 -> 2300 | S74: =IF(Q74=0,0,IF(R74>-Q74,-Q74,R74)) -> 0 | T74: =IF(R74<-Q74,"y","") | U74: =IF(Y74=-4200,"y","") | V74: =IF(AND(T74="y",U74="y"),-Y74,0) -> 0 | W74: =(W73*(1+$H$4/12)+V74) -> 4893.5059 | X74: =-$E$2 -> -1357.5 | AA74: =O74+R74 -> 9222.5 | AB74: =W74 -> 4893.5059 | AC74: =AA74-AB74 -> 4328.9941 | AW74: =AB74+R74 -> 7193.5059 | AX74: =IF(AW74>0,0,-Y74) -> 0 | AZ74: =AW74+AX74 -> 7193.5059 | BA74: =BA73+AX74 -> 0
AZ75: =AW75+AX75 -> 0 | BA75: =BA74+AX75 -> 0
J113: =K4*12 -> 5115 | N113: left every year
K115: =-List!I1 -> -2496.54 | N115: move-in expenses
J116: 95 | K116: =-12*J116 -> -1140 | N116: Study.com for 12 months
K118: =$J$113+K115+K116 -> 1478.46 | N118: left after year #1
J120: =$J$113 -> 5115 | N120: add during year #2
N121: starting balance for year #2
K122: =-$J$116*6 -> -570 | N122: Study.com for 6 months
K123: =-$I$26*1 -> 0 | N123: WGU for 1 term (6 month)
K125: =(K118+J120)+K122+K123 -> 6023.46 | N125: left after year #2
K127: =J113 -> 5115 | N127: add in year #3
K129: =-I26*2 -> 0 | N129: 2 terms in year #3 for WGU
K131: =K125+K127+K129 -> 11138.46 | N131: debt after year #3
K133: =J113 -> 5115 | N133: add in year #4
K135: =-I26*2 -> 0 | N135: 2 terms in year #4 for WGU
K137: =SUM(K131:K135) -> 16253.46 | N137: debt after year #4
K139: =J113 -> 5115 | N139: add in year #5 (all 12 mos)
K141: =-I26*1 -> 0 | N141: 1 term in year #5 at WGU
K143: =SUM(K137:K141) -> 21368.46 | N143: total debt after year #5

Sheet Income
B1: hrs/wk | C1: wages/hr | D1: gross | E1: FICA | F1: State | G1: Fed | H1: Tithe | J1: net | K1: # wks | L1: net annual | N1: net - monthly
E2: 0.0765 | F2: 0.05 | G2: =$F$15 -> 0.06 | H2: 0.1
A3: Job 1 | B3: =SIU!E3 -> 20 | C3: 15 | D3: =B3*C3 -> 300 | E3: =-$D3*E$2 -> -22.95 | F3: =-$D3*F$2 -> -15 | G3: =-$D3*G$2 -> -18 | H3: =-$D3*H$2 -> -30 | J3: =SUM(D3:H3) -> 214.05 | K3: 50 | L3: =J3*K3 -> 10702.5 | N3: =L3/12 -> 891.875
A4: Job 2 | B4: =SIU!E4 -> 20 | C4: 15 | D4: =B4*C4 -> 300 | E4: =-$D4*E$2 -> -22.95 | F4: =-$D4*F$2 -> -15 | G4: =-$D4*G$2 -> -18 | H4: =-$D4*H$2 -> -30 | J4: =SUM(D4:H4) -> 214.05 | K4: 50 | L4: =J4*K4 -> 10702.5 | N4: =L4/12 -> 891.875
D6: =K6*(D3+D4) -> 30000 | E6: gross annual | J6: =J3+J4 -> 428.1 | K6: 50 | L6: =J6*K6 -> 21405 | N6: =L6/12 -> 1783.75
A7: Example Assumption:
B8: This budget assumes the student is claimed as a dependent, works part-time, and has no federal income tax withheld or owed.
B9: Actual paychecks and tax returns vary based on individual circumstances.
C11: Standard deduction is about $16,000 for single
C13: So | D13: $17,000 AGI | F13: 1800 | G13: Fed Taxes owed
C15: not eligible for EIC | F15: =F13/D6 -> 0.06 | G15: effective rate

Sheet campus
B1: =$AC$68 -> -29751.5 | C1: at grad | E1: =$AC$74 -> -21149 | F1: at end of 5 yrs | H1: =N11 -> -700 | I1: need at start | K1: =Income!N6 -> 1783.75 | L1: net monthly income
A2: Type | B2: annual | C2: monthly | E2: =SUM(C3:C50) -> 450 | F2: per month expenses | K2: =-E2 -> -450 | L2: net montly expenses
A3: rent | E3: 20 | F3: Job #1 hrs | H3: Loan Rate
A4: utilities | C4: 0 | E4: 20 | F4: Job #2 hrs | H4: 0.08 | K4: =K1+K2 -> 1333.75 | L4: left every month
A5: internet | C5: 0
A6: cell phone | C6: 20 | E6: Campus Edge apartments - $450/mo | M6: start | N6: =$C$3 -> 0 | O6: deposit
A7: renter's insurance | C7: =B7/12 -> 0 | E7: all utilities included: water, electric, internet | N7: 200 | O7: air mattress, pillows, blankets - Amazon delivery
A8: car payment | B8: 0 | C8: =B8/12 -> 0 | E8: 91 apartments total | N8: 300 | O8: groceries
A9: auto insurance | B9: 0 | C9: =B9/12 -> 0 | E9: Campus Edge Apts | Apartments in Carbondale, IL | N9: 150 | O9: misc
A10: health insurance | E10: (970) 536-5949 | G10: family, not students only | N10: 50 | O10: train ticket
A11: fuel /Bus | C11: 25 | N11: =-SUM(N5:N10) -> -700 | O11: so before you start you'll need this much
A12: car repairs (oil) | B12: 0 | C12: =B12/12 -> 0
A13: groceries (food) | J13: Year | K13: Month | L13: Total Months | M13: Balance | N13: income | O13: Bal + Income | Q13: Short amt | S13: Take from | T13: must borrow? | U13: OK to borrow? | V13: loan | W13: loan balance w/interest | X13: monthly | Y13: classes | Z13: apartment needs | AA13: assets | AB13: Loan bal | AC13: Left? | AW13: balance incl
A14: groceries (non-food) | D14: Macomb Rentals - | P14: expenses | R14: Savings | S14: savings | V14: 0 | AW14: Savings | AX14: loan | AZ14: cash bal | BA14: loan bal
A15: fast food | C15: 50 | D15: 3 properties - Adams St, Wheeler St, Eggers Dr | J15: 1 | K15: 1 | L15: 1 | M15: 0 | N15: =Income!$N$6 -> 1783.75 | O15: =M15+N15 -> 1783.75 | P15: =SUM(X15:Z15) -> -13903 | Q15: =IF((O15+P15)<0,(O15+P15),0) -> -12119.25 | R15: =$C$18 -> 100 | S15: =IF(Q15=0,0,IF(R15>-Q15,-Q15,R15)) -> 100 | T15: =IF(R15<-Q15,"y","") -> y | U15: =IF(Y15=-4200,"y","") | V15: =IF(AND(T15="y",U15="y"),-Y15,0) -> 0 | W15: =V15 -> 0 | X15: =-$E$2 -> -450 | Y15: -13453 | AA15: =O15+R15 -> 1883.75 | AB15: =W15 -> 0 | AC15: =AA15-AB15 -> 1883.75 | AW15: =AB15+R15 -> 100 | AX15: =IF(AW15>0,0,-Y15) -> 0 | AZ15: =AW15+AX15 -> 100 | BA15: =AX15 -> 0
A16: dining out | C16: 30 | K16: =K15+1 -> 2 | L16: =L15+1 -> 2 | M16: =M15+N15+S15+V15+P15 -> -12019.25 | N16: =Income!$N$6 -> 1783.75 | O16: =M16+N16 -> -10235.5 | P16: =SUM(X16:Z16) -> -450 | Q16: =IF((O16+P16)<0,(O16+P16),0) -> -10685.5 | R16: =R15+$C$18-S15 -> 100 | S16: =IF(Q16=0,0,IF(R16>-Q16,-Q16,R16)) -> 100 | T16: =IF(R16<-Q16,"y","") -> y | U16: =IF(Y16=-4200,"y","") | V16: =IF(AND(T16="y",U16="y"),-Y16,0) -> 0 | W16: =(W15*(1+$H$4/12)+V16) -> 0 | X16: =-$E$2 -> -450 | AA16: =O16+R16 -> -10135.5 | AB16: =W16 -> 0 | AC16: =AA16-AB16 -> -10135.5 | AW16: =AB16+R16 -> 100 | AX16: =IF(AW16>0,0,-Y16) -> 0 | AZ16: =AW16+AX16 -> 100 | BA16: =BA15+AX16 -> 0
A17: entertainment | C17: 50 | D17: Home - Macomb Rentals | K17: =K16+1 -> 3 | L17: =L16+1 -> 3 | M17: =M16+N16+S16+V16+P16 -> -10585.5 | N17: =Income!$N$6 -> 1783.75 | O17: =M17+N17 -> -8801.75 | P17: =SUM(X17:Z17) -> -450 | Q17: =IF((O17+P17)<0,(O17+P17),0) -> -9251.75 | R17: =R16+$C$18-S16 -> 100 | S17: =IF(Q17=0,0,IF(R17>-Q17,-Q17,R17)) -> 100 | T17: =IF(R17<-Q17,"y","") -> y | U17: =IF(Y17=-4200,"y","") | V17: =IF(AND(T17="y",U17="y"),-Y17,0) -> 0 | W17: =(W16*(1+$H$4/12)+V17) -> 0 | X17: =-$E$2 -> -450 | AA17: =O17+R17 -> -8701.75 | AB17: =W17 -> 0 | AC17: =AA17-AB17 -> -8701.75 | AW17: =AB17+R17 -> 100 | AX17: =IF(AW17>0,0,-Y17) -> 0 | AZ17: =AW17+AX17 -> 100 | BA17: =BA16+AX17 -> 0
A18: savings | C18: 100 | D18: (309) 833-2320 | K18: =K17+1 -> 4 | L18: =L17+1 -> 4 | M18: =M17+N17+S17+V17+P17 -> -9151.75 | N18: =Income!$N$6 -> 1783.75 | O18: =M18+N18 -> -7368 | P18: =SUM(X18:Z18) -> -450 | Q18: =IF((O18+P18)<0,(O18+P18),0) -> -7818 | R18: =R17+$C$18-S17 -> 100 | S18: =IF(Q18=0,0,IF(R18>-Q18,-Q18,R18)) -> 100 | T18: =IF(R18<-Q18,"y","") -> y | U18: =IF(Y18=-4200,"y","") | V18: =IF(AND(T18="y",U18="y"),-Y18,0) -> 0 | W18: =(W17*(1+$H$4/12)+V18) -> 0 | X18: =-$E$2 -> -450 | AA18: =O18+R18 -> -7268 | AB18: =W18 -> 0 | AC18: =AA18-AB18 -> -7268 | AW18: =AB18+R18 -> 100 | AX18: =IF(AW18>0,0,-Y18) -> 0 | AZ18: =AW18+AX18 -> 100 | BA18: =BA17+AX18 -> 0
A19: vacation | B19: 1000 | C19: =B19/12 -> 83.333333 | K19: =K18+1 -> 5 | L19: =L18+1 -> 5 | M19: =M18+N18+S18+V18+P18 -> -7718 | N19: =Income!$N$6 -> 1783.75 | O19: =M19+N19 -> -5934.25 | P19: =SUM(X19:Z19) -> -450 | Q19: =IF((O19+P19)<0,(O19+P19),0) -> -6384.25 | R19: =R18+$C$18-S18 -> 100 | S19: =IF(Q19=0,0,IF(R19>-Q19,-Q19,R19)) -> 100 | T19: =IF(R19<-Q19,"y","") -> y | U19: =IF(Y19=-4200,"y","") | V19: =IF(AND(T19="y",U19="y"),-Y19,0) -> 0 | W19: =(W18*(1+$H$4/12)+V19) -> 0 | X19: =-$E$2 -> -450 | AA19: =O19+R19 -> -5834.25 | AB19: =W19 -> 0 | AC19: =AA19-AB19 -> -5834.25 | AW19: =AB19+R19 -> 100 | AX19: =IF(AW19>0,0,-Y19) -> 0 | AZ19: =AW19+AX19 -> 100 | BA19: =BA18+AX19 -> 0
A20: misc household | K20: =K19+1 -> 6 | L20: =L19+1 -> 6 | M20: =M19+N19+S19+V19+P19 -> -6284.25 | N20: =Income!$N$6 -> 1783.75 | O20: =M20+N20 -> -4500.5 | P20: =SUM(X20:Z20) -> -13903 | Q20: =IF((O20+P20)<0,(O20+P20),0) -> -18403.5 | R20: =R19+$C$18-S19 -> 100 | S20: =IF(Q20=0,0,IF(R20>-Q20,-Q20,R20)) -> 100 | T20: =IF(R20<-Q20,"y","") -> y | U20: =IF(Y20=-4200,"y","") | V20: =IF(AND(T20="y",U20="y"),-Y20,0) -> 0 | W20: =(W19*(1+$H$4/12)+V20) -> 0 | X20: =-$E$2 -> -450 | Y20: -13453 | AA20: =O20+R20 -> -4400.5 | AB20: =W20 -> 0 | AC20: =AA20-AB20 -> -4400.5 | AW20: =AB20+R20 -> 100 | AX20: =IF(AW20>0,0,-Y20) -> 0 | AZ20: =AW20+AX20 -> 100 | BA20: =BA19+AX20 -> 0
A21: streaming | K21: =K20+1 -> 7 | L21: =L20+1 -> 7 | M21: =M20+N20+S20+V20+P20 -> -18303.5 | N21: =Income!$N$6 -> 1783.75 | O21: =M21+N21 -> -16519.75 | P21: =SUM(X21:Z21) -> -450 | Q21: =IF((O21+P21)<0,(O21+P21),0) -> -16969.75 | R21: =R20+$C$18-S20 -> 100 | S21: =IF(Q21=0,0,IF(R21>-Q21,-Q21,R21)) -> 100 | T21: =IF(R21<-Q21,"y","") -> y | U21: =IF(Y21=-4200,"y","") | V21: =IF(AND(T21="y",U21="y"),-Y21,0) -> 0 | W21: =(W20*(1+$H$4/12)+V21) -> 0 | X21: =-$E$2 -> -450 | AA21: =O21+R21 -> -16419.75 | AB21: =W21 -> 0 | AC21: =AA21-AB21 -> -16419.75 | AW21: =AB21+R21 -> 100 | AX21: =IF(AW21>0,0,-Y21) -> 0 | AZ21: =AW21+AX21 -> 100 | BA21: =BA20+AX21 -> 0
A22: health club | C22: 0 | E22: at apartment | K22: =K21+1 -> 8 | L22: =L21+1 -> 8 | M22: =M21+N21+S21+V21+P21 -> -16869.75 | N22: =Income!$N$6 -> 1783.75 | O22: =M22+N22 -> -15086 | P22: =SUM(X22:Z22) -> -450 | Q22: =IF((O22+P22)<0,(O22+P22),0) -> -15536 | R22: =R21+$C$18-S21 -> 100 | S22: =IF(Q22=0,0,IF(R22>-Q22,-Q22,R22)) -> 100 | T22: =IF(R22<-Q22,"y","") -> y | U22: =IF(Y22=-4200,"y","") | V22: =IF(AND(T22="y",U22="y"),-Y22,0) -> 0 | W22: =(W21*(1+$H$4/12)+V22) -> 0 | X22: =-$E$2 -> -450 | AA22: =O22+R22 -> -14986 | AB22: =W22 -> 0 | AC22: =AA22-AB22 -> -14986 | AW22: =AB22+R22 -> 100 | AX22: =IF(AW22>0,0,-Y22) -> 0 | AZ22: =AW22+AX22 -> 100 | BA22: =BA21+AX22 -> 0
A23: hair cut | C23: 25 | K23: =K22+1 -> 9 | L23: =L22+1 -> 9 | M23: =M22+N22+S22+V22+P22 -> -15436 | N23: =Income!$N$6 -> 1783.75 | O23: =M23+N23 -> -13652.25 | P23: =SUM(X23:Z23) -> -450 | Q23: =IF((O23+P23)<0,(O23+P23),0) -> -14102.25 | R23: =R22+$C$18-S22 -> 100 | S23: =IF(Q23=0,0,IF(R23>-Q23,-Q23,R23)) -> 100 | T23: =IF(R23<-Q23,"y","") -> y | U23: =IF(Y23=-4200,"y","") | V23: =IF(AND(T23="y",U23="y"),-Y23,0) -> 0 | W23: =(W22*(1+$H$4/12)+V23) -> 0 | X23: =-$E$2 -> -450 | AA23: =O23+R23 -> -13552.25 | AB23: =W23 -> 0 | AC23: =AA23-AB23 -> -13552.25 | AW23: =AB23+R23 -> 100 | AX23: =IF(AW23>0,0,-Y23) -> 0 | AZ23: =AW23+AX23 -> 100 | BA23: =BA22+AX23 -> 0
A24: presents | B24: 400 | C24: =B24/12 -> 33.333333 | K24: =K23+1 -> 10 | L24: =L23+1 -> 10 | M24: =M23+N23+S23+V23+P23 -> -14002.25 | N24: =Income!$N$6 -> 1783.75 | O24: =M24+N24 -> -12218.5 | P24: =SUM(X24:Z24) -> -450 | Q24: =IF((O24+P24)<0,(O24+P24),0) -> -12668.5 | R24: =R23+$C$18-S23 -> 100 | S24: =IF(Q24=0,0,IF(R24>-Q24,-Q24,R24)) -> 100 | T24: =IF(R24<-Q24,"y","") -> y | U24: =IF(Y24=-4200,"y","") | V24: =IF(AND(T24="y",U24="y"),-Y24,0) -> 0 | W24: =(W23*(1+$H$4/12)+V24) -> 0 | X24: =-$E$2 -> -450 | AA24: =O24+R24 -> -12118.5 | AB24: =W24 -> 0 | AC24: =AA24-AB24 -> -12118.5 | AW24: =AB24+R24 -> 100 | AX24: =IF(AW24>0,0,-Y24) -> 0 | AZ24: =AW24+AX24 -> 100 | BA24: =BA23+AX24 -> 0
A25: clothes | B25: 400 | C25: =B25/12 -> 33.333333 | K25: =K24+1 -> 11 | L25: =L24+1 -> 11 | M25: =M24+N24+S24+V24+P24 -> -12568.5 | N25: =Income!$N$6 -> 1783.75 | O25: =M25+N25 -> -10784.75 | P25: =SUM(X25:Z25) -> -450 | Q25: =IF((O25+P25)<0,(O25+P25),0) -> -11234.75 | R25: =R24+$C$18-S24 -> 100 | S25: =IF(Q25=0,0,IF(R25>-Q25,-Q25,R25)) -> 100 | T25: =IF(R25<-Q25,"y","") -> y | U25: =IF(Y25=-4200,"y","") | V25: =IF(AND(T25="y",U25="y"),-Y25,0) -> 0 | W25: =(W24*(1+$H$4/12)+V25) -> 0 | X25: =-$E$2 -> -450 | AA25: =O25+R25 -> -10684.75 | AB25: =W25 -> 0 | AC25: =AA25-AB25 -> -10684.75 | AW25: =AB25+R25 -> 100 | AX25: =IF(AW25>0,0,-Y25) -> 0 | AZ25: =AW25+AX25 -> 100 | BA25: =BA24+AX25 -> 0
K26: =K25+1 -> 12 | L26: =L25+1 -> 12 | M26: =M25+N25+S25+V25+P25 -> -11134.75 | N26: =Income!$N$6 -> 1783.75 | O26: =M26+N26 -> -9351 | P26: =SUM(X26:Z26) -> -450 | Q26: =IF((O26+P26)<0,(O26+P26),0) -> -9801 | R26: =R25+$C$18-S25 -> 100 | S26: =IF(Q26=0,0,IF(R26>-Q26,-Q26,R26)) -> 100 | T26: =IF(R26<-Q26,"y","") -> y | U26: =IF(Y26=-4200,"y","") | V26: =IF(AND(T26="y",U26="y"),-Y26,0) -> 0 | W26: =(W25*(1+$H$4/12)+V26) -> 0 | X26: =-$E$2 -> -450 | AA26: =O26+R26 -> -9251 | AB26: =W26 -> 0 | AC26: =AA26-AB26 -> -9251 | AW26: =AB26+R26 -> 100 | AX26: =IF(AW26>0,0,-Y26) -> 0 | AZ26: =AW26+AX26 -> 100 | BA26: =BA25+AX26 -> 0
J27: 2 | K27: 1 | L27: =L26+1 -> 13 | M27: =M26+N26+S26+V26+P26 -> -9701 | N27: =Income!$N$6 -> 1783.75 | O27: =M27+N27 -> -7917.25 | P27: =SUM(X27:Z27) -> -13903 | Q27: =IF((O27+P27)<0,(O27+P27),0) -> -21820.25 | R27: =R26+$C$18-S26 -> 100 | S27: =IF(Q27=0,0,IF(R27>-Q27,-Q27,R27)) -> 100 | T27: =IF(R27<-Q27,"y","") -> y | U27: =IF(Y27=-4200,"y","") | V27: =IF(AND(T27="y",U27="y"),-Y27,0) -> 0 | W27: =(W26*(1+$H$4/12)+V27) -> 0 | X27: =-$E$2 -> -450 | Y27: -13453 | AA27: =O27+R27 -> -7817.25 | AB27: =W27 -> 0 | AC27: =AA27-AB27 -> -7817.25 | AW27: =AB27+R27 -> 100 | AX27: =IF(AW27>0,0,-Y27) -> 0 | AZ27: =AW27+AX27 -> 100 | BA27: =BA26+AX27 -> 0
K28: =K27+1 -> 2 | L28: =L27+1 -> 14 | M28: =M27+N27+S27+V27+P27 -> -21720.25 | N28: =Income!$N$6 -> 1783.75 | O28: =M28+N28 -> -19936.5 | P28: =SUM(X28:Z28) -> -450 | Q28: =IF((O28+P28)<0,(O28+P28),0) -> -20386.5 | R28: =R27+$C$18-S27 -> 100 | S28: =IF(Q28=0,0,IF(R28>-Q28,-Q28,R28)) -> 100 | T28: =IF(R28<-Q28,"y","") -> y | U28: =IF(Y28=-4200,"y","") | V28: =IF(AND(T28="y",U28="y"),-Y28,0) -> 0 | W28: =(W27*(1+$H$4/12)+V28) -> 0 | X28: =-$E$2 -> -450 | AA28: =O28+R28 -> -19836.5 | AB28: =W28 -> 0 | AC28: =AA28-AB28 -> -19836.5 | AW28: =AB28+R28 -> 100 | AX28: =IF(AW28>0,0,-Y28) -> 0 | AZ28: =AW28+AX28 -> 100 | BA28: =BA27+AX28 -> 0
K29: =K28+1 -> 3 | L29: =L28+1 -> 15 | M29: =M28+N28+S28+V28+P28 -> -20286.5 | N29: =Income!$N$6 -> 1783.75 | O29: =M29+N29 -> -18502.75 | P29: =SUM(X29:Z29) -> -450 | Q29: =IF((O29+P29)<0,(O29+P29),0) -> -18952.75 | R29: =R28+$C$18-S28 -> 100 | S29: =IF(Q29=0,0,IF(R29>-Q29,-Q29,R29)) -> 100 | T29: =IF(R29<-Q29,"y","") -> y | U29: =IF(Y29=-4200,"y","") | V29: =IF(AND(T29="y",U29="y"),-Y29,0) -> 0 | W29: =(W28*(1+$H$4/12)+V29) -> 0 | X29: =-$E$2 -> -450 | AA29: =O29+R29 -> -18402.75 | AB29: =W29 -> 0 | AC29: =AA29-AB29 -> -18402.75 | AW29: =AB29+R29 -> 100 | AX29: =IF(AW29>0,0,-Y29) -> 0 | AZ29: =AW29+AX29 -> 100 | BA29: =BA28+AX29 -> 0
K30: =K29+1 -> 4 | L30: =L29+1 -> 16 | M30: =M29+N29+S29+V29+P29 -> -18852.75 | N30: =Income!$N$6 -> 1783.75 | O30: =M30+N30 -> -17069 | P30: =SUM(X30:Z30) -> -450 | Q30: =IF((O30+P30)<0,(O30+P30),0) -> -17519 | R30: =R29+$C$18-S29 -> 100 | S30: =IF(Q30=0,0,IF(R30>-Q30,-Q30,R30)) -> 100 | T30: =IF(R30<-Q30,"y","") -> y | U30: =IF(Y30=-4200,"y","") | V30: =IF(AND(T30="y",U30="y"),-Y30,0) -> 0 | W30: =(W29*(1+$H$4/12)+V30) -> 0 | X30: =-$E$2 -> -450 | AA30: =O30+R30 -> -16969 | AB30: =W30 -> 0 | AC30: =AA30-AB30 -> -16969 | AW30: =AB30+R30 -> 100 | AX30: =IF(AW30>0,0,-Y30) -> 0 | AZ30: =AW30+AX30 -> 100 | BA30: =BA29+AX30 -> 0
K31: =K30+1 -> 5 | L31: =L30+1 -> 17 | M31: =M30+N30+S30+V30+P30 -> -17419 | N31: =Income!$N$6 -> 1783.75 | O31: =M31+N31 -> -15635.25 | P31: =SUM(X31:Z31) -> -450 | Q31: =IF((O31+P31)<0,(O31+P31),0) -> -16085.25 | R31: =R30+$C$18-S30 -> 100 | S31: =IF(Q31=0,0,IF(R31>-Q31,-Q31,R31)) -> 100 | T31: =IF(R31<-Q31,"y","") -> y | U31: =IF(Y31=-4200,"y","") | V31: =IF(AND(T31="y",U31="y"),-Y31,0) -> 0 | W31: =(W30*(1+$H$4/12)+V31) -> 0 | X31: =-$E$2 -> -450 | AA31: =O31+R31 -> -15535.25 | AB31: =W31 -> 0 | AC31: =AA31-AB31 -> -15535.25 | AW31: =AB31+R31 -> 100 | AX31: =IF(AW31>0,0,-Y31) -> 0 | AZ31: =AW31+AX31 -> 100 | BA31: =BA30+AX31 -> 0
K32: =K31+1 -> 6 | L32: =L31+1 -> 18 | M32: =M31+N31+S31+V31+P31 -> -15985.25 | N32: =Income!$N$6 -> 1783.75 | O32: =M32+N32 -> -14201.5 | P32: =SUM(X32:Z32) -> -450 | Q32: =IF((O32+P32)<0,(O32+P32),0) -> -14651.5 | R32: =R31+$C$18-S31 -> 100 | S32: =IF(Q32=0,0,IF(R32>-Q32,-Q32,R32)) -> 100 | T32: =IF(R32<-Q32,"y","") -> y | U32: =IF(Y32=-4200,"y","") | V32: =IF(AND(T32="y",U32="y"),-Y32,0) -> 0 | W32: =(W31*(1+$H$4/12)+V32) -> 0 | X32: =-$E$2 -> -450 | AA32: =O32+R32 -> -14101.5 | AB32: =W32 -> 0 | AC32: =AA32-AB32 -> -14101.5 | AW32: =AB32+R32 -> 100 | AX32: =IF(AW32>0,0,-Y32) -> 0 | AZ32: =AW32+AX32 -> 100 | BA32: =BA31+AX32 -> 0
K33: =K32+1 -> 7 | L33: =L32+1 -> 19 | M33: =M32+N32+S32+V32+P32 -> -14551.5 | N33: =Income!$N$6 -> 1783.75 | O33: =M33+N33 -> -12767.75 | P33: =SUM(X33:Z33) -> -13903 | Q33: =IF((O33+P33)<0,(O33+P33),0) -> -26670.75 | R33: =R32+$C$18-S32 -> 100 | S33: =IF(Q33=0,0,IF(R33>-Q33,-Q33,R33)) -> 100 | T33: =IF(R33<-Q33,"y","") -> y | U33: =IF(Y33=-4200,"y","") | V33: =IF(AND(T33="y",U33="y"),-Y33,0) -> 0 | W33: =(W32*(1+$H$4/12)+V33) -> 0 | X33: =-$E$2 -> -450 | Y33: -13453 | AA33: =O33+R33 -> -12667.75 | AB33: =W33 -> 0 | AC33: =AA33-AB33 -> -12667.75 | AW33: =AB33+R33 -> 100 | AX33: =IF(AW33>0,0,-Y33) -> 0 | AZ33: =AW33+AX33 -> 100 | BA33: =BA32+AX33 -> 0
K34: =K33+1 -> 8 | L34: =L33+1 -> 20 | M34: =M33+N33+S33+V33+P33 -> -26570.75 | N34: =Income!$N$6 -> 1783.75 | O34: =M34+N34 -> -24787 | P34: =SUM(X34:Z34) -> -450 | Q34: =IF((O34+P34)<0,(O34+P34),0) -> -25237 | R34: =R33+$C$18-S33 -> 100 | S34: =IF(Q34=0,0,IF(R34>-Q34,-Q34,R34)) -> 100 | T34: =IF(R34<-Q34,"y","") -> y | U34: =IF(Y34=-4200,"y","") | V34: =IF(AND(T34="y",U34="y"),-Y34,0) -> 0 | W34: =(W33*(1+$H$4/12)+V34) -> 0 | X34: =-$E$2 -> -450 | AA34: =O34+R34 -> -24687 | AB34: =W34 -> 0 | AC34: =AA34-AB34 -> -24687 | AW34: =AB34+R34 -> 100 | AX34: =IF(AW34>0,0,-Y34) -> 0 | AZ34: =AW34+AX34 -> 100 | BA34: =BA33+AX34 -> 0
K35: =K34+1 -> 9 | L35: =L34+1 -> 21 | M35: =M34+N34+S34+V34+P34 -> -25137 | N35: =Income!$N$6 -> 1783.75 | O35: =M35+N35 -> -23353.25 | P35: =SUM(X35:Z35) -> -450 | Q35: =IF((O35+P35)<0,(O35+P35),0) -> -23803.25 | R35: =R34+$C$18-S34 -> 100 | S35: =IF(Q35=0,0,IF(R35>-Q35,-Q35,R35)) -> 100 | T35: =IF(R35<-Q35,"y","") -> y | U35: =IF(Y35=-4200,"y","") | V35: =IF(AND(T35="y",U35="y"),-Y35,0) -> 0 | W35: =(W34*(1+$H$4/12)+V35) -> 0 | X35: =-$E$2 -> -450 | AA35: =O35+R35 -> -23253.25 | AB35: =W35 -> 0 | AC35: =AA35-AB35 -> -23253.25 | AW35: =AB35+R35 -> 100 | AX35: =IF(AW35>0,0,-Y35) -> 0 | AZ35: =AW35+AX35 -> 100 | BA35: =BA34+AX35 -> 0
K36: =K35+1 -> 10 | L36: =L35+1 -> 22 | M36: =M35+N35+S35+V35+P35 -> -23703.25 | N36: =Income!$N$6 -> 1783.75 | O36: =M36+N36 -> -21919.5 | P36: =SUM(X36:Z36) -> -450 | Q36: =IF((O36+P36)<0,(O36+P36),0) -> -22369.5 | R36: =R35+$C$18-S35 -> 100 | S36: =IF(Q36=0,0,IF(R36>-Q36,-Q36,R36)) -> 100 | T36: =IF(R36<-Q36,"y","") -> y | U36: =IF(Y36=-4200,"y","") | V36: =IF(AND(T36="y",U36="y"),-Y36,0) -> 0 | W36: =(W35*(1+$H$4/12)+V36) -> 0 | X36: =-$E$2 -> -450 | AA36: =O36+R36 -> -21819.5 | AB36: =W36 -> 0 | AC36: =AA36-AB36 -> -21819.5 | AW36: =AB36+R36 -> 100 | AX36: =IF(AW36>0,0,-Y36) -> 0 | AZ36: =AW36+AX36 -> 100 | BA36: =BA35+AX36 -> 0
K37: =K36+1 -> 11 | L37: =L36+1 -> 23 | M37: =M36+N36+S36+V36+P36 -> -22269.5 | N37: =Income!$N$6 -> 1783.75 | O37: =M37+N37 -> -20485.75 | P37: =SUM(X37:Z37) -> -450 | Q37: =IF((O37+P37)<0,(O37+P37),0) -> -20935.75 | R37: =R36+$C$18-S36 -> 100 | S37: =IF(Q37=0,0,IF(R37>-Q37,-Q37,R37)) -> 100 | T37: =IF(R37<-Q37,"y","") -> y | U37: =IF(Y37=-4200,"y","") | V37: =IF(AND(T37="y",U37="y"),-Y37,0) -> 0 | W37: =(W36*(1+$H$4/12)+V37) -> 0 | X37: =-$E$2 -> -450 | AA37: =O37+R37 -> -20385.75 | AB37: =W37 -> 0 | AC37: =AA37-AB37 -> -20385.75 | AW37: =AB37+R37 -> 100 | AX37: =IF(AW37>0,0,-Y37) -> 0 | AZ37: =AW37+AX37 -> 100 | BA37: =BA36+AX37 -> 0
K38: =K37+1 -> 12 | L38: =L37+1 -> 24 | M38: =M37+N37+S37+V37+P37 -> -20835.75 | N38: =Income!$N$6 -> 1783.75 | O38: =M38+N38 -> -19052 | P38: =SUM(X38:Z38) -> -450 | Q38: =IF((O38+P38)<0,(O38+P38),0) -> -19502 | R38: =R37+$C$18-S37 -> 100 | S38: =IF(Q38=0,0,IF(R38>-Q38,-Q38,R38)) -> 100 | T38: =IF(R38<-Q38,"y","") -> y | U38: =IF(Y38=-4200,"y","") | V38: =IF(AND(T38="y",U38="y"),-Y38,0) -> 0 | W38: =(W37*(1+$H$4/12)+V38) -> 0 | X38: =-$E$2 -> -450 | AA38: =O38+R38 -> -18952 | AB38: =W38 -> 0 | AC38: =AA38-AB38 -> -18952 | AW38: =AB38+R38 -> 100 | AX38: =IF(AW38>0,0,-Y38) -> 0 | AZ38: =AW38+AX38 -> 100 | BA38: =BA37+AX38 -> 0
J39: 3 | K39: 1 | L39: =L38+1 -> 25 | M39: =M38+N38+S38+V38+P38 -> -19402 | N39: =Income!$N$6 -> 1783.75 | O39: =M39+N39 -> -17618.25 | P39: =SUM(X39:Z39) -> -13903 | Q39: =IF((O39+P39)<0,(O39+P39),0) -> -31521.25 | R39: =R38+$C$18-S38 -> 100 | S39: =IF(Q39=0,0,IF(R39>-Q39,-Q39,R39)) -> 100 | T39: =IF(R39<-Q39,"y","") -> y | U39: =IF(Y39=-4200,"y","") | V39: =IF(AND(T39="y",U39="y"),-Y39,0) -> 0 | W39: =(W38*(1+$H$4/12)+V39) -> 0 | X39: =-$E$2 -> -450 | Y39: -13453 | AA39: =O39+R39 -> -17518.25 | AB39: =W39 -> 0 | AC39: =AA39-AB39 -> -17518.25 | AW39: =AB39+R39 -> 100 | AX39: =IF(AW39>0,0,-Y39) -> 0 | AZ39: =AW39+AX39 -> 100 | BA39: =BA38+AX39 -> 0
K40: =K39+1 -> 2 | L40: =L39+1 -> 26 | M40: =M39+N39+S39+V39+P39 -> -31421.25 | N40: =Income!$N$6 -> 1783.75 | O40: =M40+N40 -> -29637.5 | P40: =SUM(X40:Z40) -> -450 | Q40: =IF((O40+P40)<0,(O40+P40),0) -> -30087.5 | R40: =R39+$C$18-S39 -> 100 | S40: =IF(Q40=0,0,IF(R40>-Q40,-Q40,R40)) -> 100 | T40: =IF(R40<-Q40,"y","") -> y | U40: =IF(Y40=-4200,"y","") | V40: =IF(AND(T40="y",U40="y"),-Y40,0) -> 0 | W40: =(W39*(1+$H$4/12)+V40) -> 0 | X40: =-$E$2 -> -450 | AA40: =O40+R40 -> -29537.5 | AB40: =W40 -> 0 | AC40: =AA40-AB40 -> -29537.5 | AW40: =AB40+R40 -> 100 | AX40: =IF(AW40>0,0,-Y40) -> 0 | AZ40: =AW40+AX40 -> 100 | BA40: =BA39+AX40 -> 0
K41: =K40+1 -> 3 | L41: =L40+1 -> 27 | M41: =M40+N40+S40+V40+P40 -> -29987.5 | N41: =Income!$N$6 -> 1783.75 | O41: =M41+N41 -> -28203.75 | P41: =SUM(X41:Z41) -> -450 | Q41: =IF((O41+P41)<0,(O41+P41),0) -> -28653.75 | R41: =R40+$C$18-S40 -> 100 | S41: =IF(Q41=0,0,IF(R41>-Q41,-Q41,R41)) -> 100 | T41: =IF(R41<-Q41,"y","") -> y | U41: =IF(Y41=-4200,"y","") | V41: =IF(AND(T41="y",U41="y"),-Y41,0) -> 0 | W41: =(W40*(1+$H$4/12)+V41) -> 0 | X41: =-$E$2 -> -450 | AA41: =O41+R41 -> -28103.75 | AB41: =W41 -> 0 | AC41: =AA41-AB41 -> -28103.75 | AW41: =AB41+R41 -> 100 | AX41: =IF(AW41>0,0,-Y41) -> 0 | AZ41: =AW41+AX41 -> 100 | BA41: =BA40+AX41 -> 0
K42: =K41+1 -> 4 | L42: =L41+1 -> 28 | M42: =M41+N41+S41+V41+P41 -> -28553.75 | N42: =Income!$N$6 -> 1783.75 | O42: =M42+N42 -> -26770 | P42: =SUM(X42:Z42) -> -450 | Q42: =IF((O42+P42)<0,(O42+P42),0) -> -27220 | R42: =R41+$C$18-S41 -> 100 | S42: =IF(Q42=0,0,IF(R42>-Q42,-Q42,R42)) -> 100 | T42: =IF(R42<-Q42,"y","") -> y | U42: =IF(Y42=-4200,"y","") | V42: =IF(AND(T42="y",U42="y"),-Y42,0) -> 0 | W42: =(W41*(1+$H$4/12)+V42) -> 0 | X42: =-$E$2 -> -450 | AA42: =O42+R42 -> -26670 | AB42: =W42 -> 0 | AC42: =AA42-AB42 -> -26670 | AW42: =AB42+R42 -> 100 | AX42: =IF(AW42>0,0,-Y42) -> 0 | AZ42: =AW42+AX42 -> 100 | BA42: =BA41+AX42 -> 0
K43: =K42+1 -> 5 | L43: =L42+1 -> 29 | M43: =M42+N42+S42+V42+P42 -> -27120 | N43: =Income!$N$6 -> 1783.75 | O43: =M43+N43 -> -25336.25 | P43: =SUM(X43:Z43) -> -450 | Q43: =IF((O43+P43)<0,(O43+P43),0) -> -25786.25 | R43: =R42+$C$18-S42 -> 100 | S43: =IF(Q43=0,0,IF(R43>-Q43,-Q43,R43)) -> 100 | T43: =IF(R43<-Q43,"y","") -> y | U43: =IF(Y43=-4200,"y","") | V43: =IF(AND(T43="y",U43="y"),-Y43,0) -> 0 | W43: =(W42*(1+$H$4/12)+V43) -> 0 | X43: =-$E$2 -> -450 | AA43: =O43+R43 -> -25236.25 | AB43: =W43 -> 0 | AC43: =AA43-AB43 -> -25236.25 | AW43: =AB43+R43 -> 100 | AX43: =IF(AW43>0,0,-Y43) -> 0 | AZ43: =AW43+AX43 -> 100 | BA43: =BA42+AX43 -> 0
K44: =K43+1 -> 6 | L44: =L43+1 -> 30 | M44: =M43+N43+S43+V43+P43 -> -25686.25 | N44: =Income!$N$6 -> 1783.75 | O44: =M44+N44 -> -23902.5 | P44: =SUM(X44:Z44) -> -450 | Q44: =IF((O44+P44)<0,(O44+P44),0) -> -24352.5 | R44: =R43+$C$18-S43 -> 100 | S44: =IF(Q44=0,0,IF(R44>-Q44,-Q44,R44)) -> 100 | T44: =IF(R44<-Q44,"y","") -> y | U44: =IF(Y44=-4200,"y","") | V44: =IF(AND(T44="y",U44="y"),-Y44,0) -> 0 | W44: =(W43*(1+$H$4/12)+V44) -> 0 | X44: =-$E$2 -> -450 | AA44: =O44+R44 -> -23802.5 | AB44: =W44 -> 0 | AC44: =AA44-AB44 -> -23802.5 | AW44: =AB44+R44 -> 100 | AX44: =IF(AW44>0,0,-Y44) -> 0 | AZ44: =AW44+AX44 -> 100 | BA44: =BA43+AX44 -> 0
K45: =K44+1 -> 7 | L45: =L44+1 -> 31 | M45: =M44+N44+S44+V44+P44 -> -24252.5 | N45: =Income!$N$6 -> 1783.75 | O45: =M45+N45 -> -22468.75 | P45: =SUM(X45:Z45) -> -13903 | Q45: =IF((O45+P45)<0,(O45+P45),0) -> -36371.75 | R45: =R44+$C$18-S44 -> 100 | S45: =IF(Q45=0,0,IF(R45>-Q45,-Q45,R45)) -> 100 | T45: =IF(R45<-Q45,"y","") -> y | U45: =IF(Y45=-4200,"y","") | V45: =IF(AND(T45="y",U45="y"),-Y45,0) -> 0 | W45: =(W44*(1+$H$4/12)+V45) -> 0 | X45: =-$E$2 -> -450 | Y45: -13453 | AA45: =O45+R45 -> -22368.75 | AB45: =W45 -> 0 | AC45: =AA45-AB45 -> -22368.75 | AW45: =AB45+R45 -> 100 | AX45: =IF(AW45>0,0,-Y45) -> 0 | AZ45: =AW45+AX45 -> 100 | BA45: =BA44+AX45 -> 0
K46: =K45+1 -> 8 | L46: =L45+1 -> 32 | M46: =M45+N45+S45+V45+P45 -> -36271.75 | N46: =Income!$N$6 -> 1783.75 | O46: =M46+N46 -> -34488 | P46: =SUM(X46:Z46) -> -450 | Q46: =IF((O46+P46)<0,(O46+P46),0) -> -34938 | R46: =R45+$C$18-S45 -> 100 | S46: =IF(Q46=0,0,IF(R46>-Q46,-Q46,R46)) -> 100 | T46: =IF(R46<-Q46,"y","") -> y | U46: =IF(Y46=-4200,"y","") | V46: =IF(AND(T46="y",U46="y"),-Y46,0) -> 0 | W46: =(W45*(1+$H$4/12)+V46) -> 0 | X46: =-$E$2 -> -450 | AA46: =O46+R46 -> -34388 | AB46: =W46 -> 0 | AC46: =AA46-AB46 -> -34388 | AW46: =AB46+R46 -> 100 | AX46: =IF(AW46>0,0,-Y46) -> 0 | AZ46: =AW46+AX46 -> 100 | BA46: =BA45+AX46 -> 0
K47: =K46+1 -> 9 | L47: =L46+1 -> 33 | M47: =M46+N46+S46+V46+P46 -> -34838 | N47: =Income!$N$6 -> 1783.75 | O47: =M47+N47 -> -33054.25 | P47: =SUM(X47:Z47) -> -450 | Q47: =IF((O47+P47)<0,(O47+P47),0) -> -33504.25 | R47: =R46+$C$18-S46 -> 100 | S47: =IF(Q47=0,0,IF(R47>-Q47,-Q47,R47)) -> 100 | T47: =IF(R47<-Q47,"y","") -> y | U47: =IF(Y47=-4200,"y","") | V47: =IF(AND(T47="y",U47="y"),-Y47,0) -> 0 | W47: =(W46*(1+$H$4/12)+V47) -> 0 | X47: =-$E$2 -> -450 | AA47: =O47+R47 -> -32954.25 | AB47: =W47 -> 0 | AC47: =AA47-AB47 -> -32954.25 | AW47: =AB47+R47 -> 100 | AX47: =IF(AW47>0,0,-Y47) -> 0 | AZ47: =AW47+AX47 -> 100 | BA47: =BA46+AX47 -> 0
K48: =K47+1 -> 10 | L48: =L47+1 -> 34 | M48: =M47+N47+S47+V47+P47 -> -33404.25 | N48: =Income!$N$6 -> 1783.75 | O48: =M48+N48 -> -31620.5 | P48: =SUM(X48:Z48) -> -450 | Q48: =IF((O48+P48)<0,(O48+P48),0) -> -32070.5 | R48: =R47+$C$18-S47 -> 100 | S48: =IF(Q48=0,0,IF(R48>-Q48,-Q48,R48)) -> 100 | T48: =IF(R48<-Q48,"y","") -> y | U48: =IF(Y48=-4200,"y","") | V48: =IF(AND(T48="y",U48="y"),-Y48,0) -> 0 | W48: =(W47*(1+$H$4/12)+V48) -> 0 | X48: =-$E$2 -> -450 | AA48: =O48+R48 -> -31520.5 | AB48: =W48 -> 0 | AC48: =AA48-AB48 -> -31520.5 | AW48: =AB48+R48 -> 100 | AX48: =IF(AW48>0,0,-Y48) -> 0 | AZ48: =AW48+AX48 -> 100 | BA48: =BA47+AX48 -> 0
K49: =K48+1 -> 11 | L49: =L48+1 -> 35 | M49: =M48+N48+S48+V48+P48 -> -31970.5 | N49: =Income!$N$6 -> 1783.75 | O49: =M49+N49 -> -30186.75 | P49: =SUM(X49:Z49) -> -450 | Q49: =IF((O49+P49)<0,(O49+P49),0) -> -30636.75 | R49: =R48+$C$18-S48 -> 100 | S49: =IF(Q49=0,0,IF(R49>-Q49,-Q49,R49)) -> 100 | T49: =IF(R49<-Q49,"y","") -> y | U49: =IF(Y49=-4200,"y","") | V49: =IF(AND(T49="y",U49="y"),-Y49,0) -> 0 | W49: =(W48*(1+$H$4/12)+V49) -> 0 | X49: =-$E$2 -> -450 | AA49: =O49+R49 -> -30086.75 | AB49: =W49 -> 0 | AC49: =AA49-AB49 -> -30086.75 | AW49: =AB49+R49 -> 100 | AX49: =IF(AW49>0,0,-Y49) -> 0 | AZ49: =AW49+AX49 -> 100 | BA49: =BA48+AX49 -> 0
K50: =K49+1 -> 12 | L50: =L49+1 -> 36 | M50: =M49+N49+S49+V49+P49 -> -30536.75 | N50: =Income!$N$6 -> 1783.75 | O50: =M50+N50 -> -28753 | P50: =SUM(X50:Z50) -> -450 | Q50: =IF((O50+P50)<0,(O50+P50),0) -> -29203 | R50: =R49+$C$18-S49 -> 100 | S50: =IF(Q50=0,0,IF(R50>-Q50,-Q50,R50)) -> 100 | T50: =IF(R50<-Q50,"y","") -> y | U50: =IF(Y50=-4200,"y","") | V50: =IF(AND(T50="y",U50="y"),-Y50,0) -> 0 | W50: =(W49*(1+$H$4/12)+V50) -> 0 | X50: =-$E$2 -> -450 | AA50: =O50+R50 -> -28653 | AB50: =W50 -> 0 | AC50: =AA50-AB50 -> -28653 | AW50: =AB50+R50 -> 100 | AX50: =IF(AW50>0,0,-Y50) -> 0 | AZ50: =AW50+AX50 -> 100 | BA50: =BA49+AX50 -> 0
J51: 4 | K51: 1 | L51: =L50+1 -> 37 | M51: =M50+N50+S50+V50+P50 -> -29103 | N51: =Income!$N$6 -> 1783.75 | O51: =M51+N51 -> -27319.25 | P51: =SUM(X51:Z51) -> -13903 | Q51: =IF((O51+P51)<0,(O51+P51),0) -> -41222.25 | R51: =R50+$C$18-S50 -> 100 | S51: =IF(Q51=0,0,IF(R51>-Q51,-Q51,R51)) -> 100 | T51: =IF(R51<-Q51,"y","") -> y | U51: =IF(Y51=-4200,"y","") | V51: =IF(AND(T51="y",U51="y"),-Y51,0) -> 0 | W51: =(W50*(1+$H$4/12)+V51) -> 0 | X51: =-$E$2 -> -450 | Y51: -13453 | AA51: =O51+R51 -> -27219.25 | AB51: =W51 -> 0 | AC51: =AA51-AB51 -> -27219.25 | AW51: =AB51+R51 -> 100 | AX51: =IF(AW51>0,0,-Y51) -> 0 | AZ51: =AW51+AX51 -> 100 | BA51: =BA50+AX51 -> 0
K52: =K51+1 -> 2 | L52: =L51+1 -> 38 | M52: =M51+N51+S51+V51+P51 -> -41122.25 | N52: =Income!$N$6 -> 1783.75 | O52: =M52+N52 -> -39338.5 | P52: =SUM(X52:Z52) -> -450 | Q52: =IF((O52+P52)<0,(O52+P52),0) -> -39788.5 | R52: =R51+$C$18-S51 -> 100 | S52: =IF(Q52=0,0,IF(R52>-Q52,-Q52,R52)) -> 100 | T52: =IF(R52<-Q52,"y","") -> y | U52: =IF(Y52=-4200,"y","") | V52: =IF(AND(T52="y",U52="y"),-Y52,0) -> 0 | W52: =(W51*(1+$H$4/12)+V52) -> 0 | X52: =-$E$2 -> -450 | AA52: =O52+R52 -> -39238.5 | AB52: =W52 -> 0 | AC52: =AA52-AB52 -> -39238.5 | AW52: =AB52+R52 -> 100 | AX52: =IF(AW52>0,0,-Y52) -> 0 | AZ52: =AW52+AX52 -> 100 | BA52: =BA51+AX52 -> 0
K53: =K52+1 -> 3 | L53: =L52+1 -> 39 | M53: =M52+N52+S52+V52+P52 -> -39688.5 | N53: =Income!$N$6 -> 1783.75 | O53: =M53+N53 -> -37904.75 | P53: =SUM(X53:Z53) -> -450 | Q53: =IF((O53+P53)<0,(O53+P53),0) -> -38354.75 | R53: =R52+$C$18-S52 -> 100 | S53: =IF(Q53=0,0,IF(R53>-Q53,-Q53,R53)) -> 100 | T53: =IF(R53<-Q53,"y","") -> y | U53: =IF(Y53=-4200,"y","") | V53: =IF(AND(T53="y",U53="y"),-Y53,0) -> 0 | W53: =(W52*(1+$H$4/12)+V53) -> 0 | X53: =-$E$2 -> -450 | AA53: =O53+R53 -> -37804.75 | AB53: =W53 -> 0 | AC53: =AA53-AB53 -> -37804.75 | AW53: =AB53+R53 -> 100 | AX53: =IF(AW53>0,0,-Y53) -> 0 | AZ53: =AW53+AX53 -> 100 | BA53: =BA52+AX53 -> 0
K54: =K53+1 -> 4 | L54: =L53+1 -> 40 | M54: =M53+N53+S53+V53+P53 -> -38254.75 | N54: =Income!$N$6 -> 1783.75 | O54: =M54+N54 -> -36471 | P54: =SUM(X54:Z54) -> -450 | Q54: =IF((O54+P54)<0,(O54+P54),0) -> -36921 | R54: =R53+$C$18-S53 -> 100 | S54: =IF(Q54=0,0,IF(R54>-Q54,-Q54,R54)) -> 100 | T54: =IF(R54<-Q54,"y","") -> y | U54: =IF(Y54=-4200,"y","") | V54: =IF(AND(T54="y",U54="y"),-Y54,0) -> 0 | W54: =(W53*(1+$H$4/12)+V54) -> 0 | X54: =-$E$2 -> -450 | AA54: =O54+R54 -> -36371 | AB54: =W54 -> 0 | AC54: =AA54-AB54 -> -36371 | AW54: =AB54+R54 -> 100 | AX54: =IF(AW54>0,0,-Y54) -> 0 | AZ54: =AW54+AX54 -> 100 | BA54: =BA53+AX54 -> 0
K55: =K54+1 -> 5 | L55: =L54+1 -> 41 | M55: =M54+N54+S54+V54+P54 -> -36821 | N55: =Income!$N$6 -> 1783.75 | O55: =M55+N55 -> -35037.25 | P55: =SUM(X55:Z55) -> -450 | Q55: =IF((O55+P55)<0,(O55+P55),0) -> -35487.25 | R55: =R54+$C$18-S54 -> 100 | S55: =IF(Q55=0,0,IF(R55>-Q55,-Q55,R55)) -> 100 | T55: =IF(R55<-Q55,"y","") -> y | U55: =IF(Y55=-4200,"y","") | V55: =IF(AND(T55="y",U55="y"),-Y55,0) -> 0 | W55: =(W54*(1+$H$4/12)+V55) -> 0 | X55: =-$E$2 -> -450 | AA55: =O55+R55 -> -34937.25 | AB55: =W55 -> 0 | AC55: =AA55-AB55 -> -34937.25 | AW55: =AB55+R55 -> 100 | AX55: =IF(AW55>0,0,-Y55) -> 0 | AZ55: =AW55+AX55 -> 100 | BA55: =BA54+AX55 -> 0
K56: =K55+1 -> 6 | L56: =L55+1 -> 42 | M56: =M55+N55+S55+V55+P55 -> -35387.25 | N56: =Income!$N$6 -> 1783.75 | O56: =M56+N56 -> -33603.5 | P56: =SUM(X56:Z56) -> -450 | Q56: =IF((O56+P56)<0,(O56+P56),0) -> -34053.5 | R56: =R55+$C$18-S55 -> 100 | S56: =IF(Q56=0,0,IF(R56>-Q56,-Q56,R56)) -> 100 | T56: =IF(R56<-Q56,"y","") -> y | U56: =IF(Y56=-4200,"y","") | V56: =IF(AND(T56="y",U56="y"),-Y56,0) -> 0 | W56: =(W55*(1+$H$4/12)+V56) -> 0 | X56: =-$E$2 -> -450 | AA56: =O56+R56 -> -33503.5 | AB56: =W56 -> 0 | AC56: =AA56-AB56 -> -33503.5 | AW56: =AB56+R56 -> 100 | AX56: =IF(AW56>0,0,-Y56) -> 0 | AZ56: =AW56+AX56 -> 100 | BA56: =BA55+AX56 -> 0
K57: =K56+1 -> 7 | L57: =L56+1 -> 43 | M57: =M56+N56+S56+V56+P56 -> -33953.5 | N57: =Income!$N$6 -> 1783.75 | O57: =M57+N57 -> -32169.75 | P57: =SUM(X57:Z57) -> -13903 | Q57: =IF((O57+P57)<0,(O57+P57),0) -> -46072.75 | R57: =R56+$C$18-S56 -> 100 | S57: =IF(Q57=0,0,IF(R57>-Q57,-Q57,R57)) -> 100 | T57: =IF(R57<-Q57,"y","") -> y | U57: =IF(Y57=-4200,"y","") | V57: =IF(AND(T57="y",U57="y"),-Y57,0) -> 0 | W57: =(W56*(1+$H$4/12)+V57) -> 0 | X57: =-$E$2 -> -450 | Y57: -13453 | AA57: =O57+R57 -> -32069.75 | AB57: =W57 -> 0 | AC57: =AA57-AB57 -> -32069.75 | AW57: =AB57+R57 -> 100 | AX57: =IF(AW57>0,0,-Y57) -> 0 | AZ57: =AW57+AX57 -> 100 | BA57: =BA56+AX57 -> 0
K58: =K57+1 -> 8 | L58: =L57+1 -> 44 | M58: =M57+N57+S57+V57+P57 -> -45972.75 | N58: =Income!$N$6 -> 1783.75 | O58: =M58+N58 -> -44189 | P58: =SUM(X58:Z58) -> -450 | Q58: =IF((O58+P58)<0,(O58+P58),0) -> -44639 | R58: =R57+$C$18-S57 -> 100 | S58: =IF(Q58=0,0,IF(R58>-Q58,-Q58,R58)) -> 100 | T58: =IF(R58<-Q58,"y","") -> y | U58: =IF(Y58=-4200,"y","") | V58: =IF(AND(T58="y",U58="y"),-Y58,0) -> 0 | W58: =(W57*(1+$H$4/12)+V58) -> 0 | X58: =-$E$2 -> -450 | AA58: =O58+R58 -> -44089 | AB58: =W58 -> 0 | AC58: =AA58-AB58 -> -44089 | AW58: =AB58+R58 -> 100 | AX58: =IF(AW58>0,0,-Y58) -> 0 | AZ58: =AW58+AX58 -> 100 | BA58: =BA57+AX58 -> 0
K59: =K58+1 -> 9 | L59: =L58+1 -> 45 | M59: =M58+N58+S58+V58+P58 -> -44539 | N59: =Income!$N$6 -> 1783.75 | O59: =M59+N59 -> -42755.25 | P59: =SUM(X59:Z59) -> -450 | Q59: =IF((O59+P59)<0,(O59+P59),0) -> -43205.25 | R59: =R58+$C$18-S58 -> 100 | S59: =IF(Q59=0,0,IF(R59>-Q59,-Q59,R59)) -> 100 | T59: =IF(R59<-Q59,"y","") -> y | U59: =IF(Y59=-4200,"y","") | V59: =IF(AND(T59="y",U59="y"),-Y59,0) -> 0 | W59: =(W58*(1+$H$4/12)+V59) -> 0 | X59: =-$E$2 -> -450 | AA59: =O59+R59 -> -42655.25 | AB59: =W59 -> 0 | AC59: =AA59-AB59 -> -42655.25 | AW59: =AB59+R59 -> 100 | AX59: =IF(AW59>0,0,-Y59) -> 0 | AZ59: =AW59+AX59 -> 100 | BA59: =BA58+AX59 -> 0
K60: =K59+1 -> 10 | L60: =L59+1 -> 46 | M60: =M59+N59+S59+V59+P59 -> -43105.25 | N60: =Income!$N$6 -> 1783.75 | O60: =M60+N60 -> -41321.5 | P60: =SUM(X60:Z60) -> -450 | Q60: =IF((O60+P60)<0,(O60+P60),0) -> -41771.5 | R60: =R59+$C$18-S59 -> 100 | S60: =IF(Q60=0,0,IF(R60>-Q60,-Q60,R60)) -> 100 | T60: =IF(R60<-Q60,"y","") -> y | U60: =IF(Y60=-4200,"y","") | V60: =IF(AND(T60="y",U60="y"),-Y60,0) -> 0 | W60: =(W59*(1+$H$4/12)+V60) -> 0 | X60: =-$E$2 -> -450 | AA60: =O60+R60 -> -41221.5 | AB60: =W60 -> 0 | AC60: =AA60-AB60 -> -41221.5 | AW60: =AB60+R60 -> 100 | AX60: =IF(AW60>0,0,-Y60) -> 0 | AZ60: =AW60+AX60 -> 100 | BA60: =BA59+AX60 -> 0
K61: =K60+1 -> 11 | L61: =L60+1 -> 47 | M61: =M60+N60+S60+V60+P60 -> -41671.5 | N61: =Income!$N$6 -> 1783.75 | O61: =M61+N61 -> -39887.75 | P61: =SUM(X61:Z61) -> -450 | Q61: =IF((O61+P61)<0,(O61+P61),0) -> -40337.75 | R61: =R60+$C$18-S60 -> 100 | S61: =IF(Q61=0,0,IF(R61>-Q61,-Q61,R61)) -> 100 | T61: =IF(R61<-Q61,"y","") -> y | U61: =IF(Y61=-4200,"y","") | V61: =IF(AND(T61="y",U61="y"),-Y61,0) -> 0 | W61: =(W60*(1+$H$4/12)+V61) -> 0 | X61: =-$E$2 -> -450 | AA61: =O61+R61 -> -39787.75 | AB61: =W61 -> 0 | AC61: =AA61-AB61 -> -39787.75 | AW61: =AB61+R61 -> 100 | AX61: =IF(AW61>0,0,-Y61) -> 0 | AZ61: =AW61+AX61 -> 100 | BA61: =BA60+AX61 -> 0
K62: =K61+1 -> 12 | L62: =L61+1 -> 48 | M62: =M61+N61+S61+V61+P61 -> -40237.75 | N62: =Income!$N$6 -> 1783.75 | O62: =M62+N62 -> -38454 | P62: =SUM(X62:Z62) -> -450 | Q62: =IF((O62+P62)<0,(O62+P62),0) -> -38904 | R62: =R61+$C$18-S61 -> 100 | S62: =IF(Q62=0,0,IF(R62>-Q62,-Q62,R62)) -> 100 | T62: =IF(R62<-Q62,"y","") -> y | U62: =IF(Y62=-4200,"y","") | V62: =IF(AND(T62="y",U62="y"),-Y62,0) -> 0 | W62: =(W61*(1+$H$4/12)+V62) -> 0 | X62: =-$E$2 -> -450 | AA62: =O62+R62 -> -38354 | AB62: =W62 -> 0 | AC62: =AA62-AB62 -> -38354 | AW62: =AB62+R62 -> 100 | AX62: =IF(AW62>0,0,-Y62) -> 0 | AZ62: =AW62+AX62 -> 100 | BA62: =BA61+AX62 -> 0
J63: 5 | K63: 1 | L63: =L62+1 -> 49 | M63: =M62+N62+S62+V62+P62 -> -38804 | N63: =Income!$N$6 -> 1783.75 | O63: =M63+N63 -> -37020.25 | P63: =SUM(X63:Z63) -> -450 | Q63: =IF((O63+P63)<0,(O63+P63),0) -> -37470.25 | R63: =R62+$C$18-S62 -> 100 | S63: =IF(Q63=0,0,IF(R63>-Q63,-Q63,R63)) -> 100 | T63: =IF(R63<-Q63,"y","") -> y | U63: =IF(Y63=-4200,"y","") | V63: =IF(AND(T63="y",U63="y"),-Y63,0) -> 0 | W63: =(W62*(1+$H$4/12)+V63) -> 0 | X63: =-$E$2 -> -450 | AA63: =O63+R63 -> -36920.25 | AB63: =W63 -> 0 | AC63: =AA63-AB63 -> -36920.25 | AW63: =AB63+R63 -> 100 | AX63: =IF(AW63>0,0,-Y63) -> 0 | AZ63: =AW63+AX63 -> 100 | BA63: =BA62+AX63 -> 0
K64: =K63+1 -> 2 | L64: =L63+1 -> 50 | M64: =M63+N63+S63+V63+P63 -> -37370.25 | N64: =Income!$N$6 -> 1783.75 | O64: =M64+N64 -> -35586.5 | P64: =SUM(X64:Z64) -> -450 | Q64: =IF((O64+P64)<0,(O64+P64),0) -> -36036.5 | R64: =R63+$C$18-S63 -> 100 | S64: =IF(Q64=0,0,IF(R64>-Q64,-Q64,R64)) -> 100 | T64: =IF(R64<-Q64,"y","") -> y | U64: =IF(Y64=-4200,"y","") | V64: =IF(AND(T64="y",U64="y"),-Y64,0) -> 0 | W64: =(W63*(1+$H$4/12)+V64) -> 0 | X64: =-$E$2 -> -450 | AA64: =O64+R64 -> -35486.5 | AB64: =W64 -> 0 | AC64: =AA64-AB64 -> -35486.5 | AW64: =AB64+R64 -> 100 | AX64: =IF(AW64>0,0,-Y64) -> 0 | AZ64: =AW64+AX64 -> 100 | BA64: =BA63+AX64 -> 0
K65: =K64+1 -> 3 | L65: =L64+1 -> 51 | M65: =M64+N64+S64+V64+P64 -> -35936.5 | N65: =Income!$N$6 -> 1783.75 | O65: =M65+N65 -> -34152.75 | P65: =SUM(X65:Z65) -> -450 | Q65: =IF((O65+P65)<0,(O65+P65),0) -> -34602.75 | R65: =R64+$C$18-S64 -> 100 | S65: =IF(Q65=0,0,IF(R65>-Q65,-Q65,R65)) -> 100 | T65: =IF(R65<-Q65,"y","") -> y | U65: =IF(Y65=-4200,"y","") | V65: =IF(AND(T65="y",U65="y"),-Y65,0) -> 0 | W65: =(W64*(1+$H$4/12)+V65) -> 0 | X65: =-$E$2 -> -450 | AA65: =O65+R65 -> -34052.75 | AB65: =W65 -> 0 | AC65: =AA65-AB65 -> -34052.75 | AW65: =AB65+R65 -> 100 | AX65: =IF(AW65>0,0,-Y65) -> 0 | AZ65: =AW65+AX65 -> 100 | BA65: =BA64+AX65 -> 0
K66: =K65+1 -> 4 | L66: =L65+1 -> 52 | M66: =M65+N65+S65+V65+P65 -> -34502.75 | N66: =Income!$N$6 -> 1783.75 | O66: =M66+N66 -> -32719 | P66: =SUM(X66:Z66) -> -450 | Q66: =IF((O66+P66)<0,(O66+P66),0) -> -33169 | R66: =R65+$C$18-S65 -> 100 | S66: =IF(Q66=0,0,IF(R66>-Q66,-Q66,R66)) -> 100 | T66: =IF(R66<-Q66,"y","") -> y | U66: =IF(Y66=-4200,"y","") | V66: =IF(AND(T66="y",U66="y"),-Y66,0) -> 0 | W66: =(W65*(1+$H$4/12)+V66) -> 0 | X66: =-$E$2 -> -450 | AA66: =O66+R66 -> -32619 | AB66: =W66 -> 0 | AC66: =AA66-AB66 -> -32619 | AW66: =AB66+R66 -> 100 | AX66: =IF(AW66>0,0,-Y66) -> 0 | AZ66: =AW66+AX66 -> 100 | BA66: =BA65+AX66 -> 0
K67: =K66+1 -> 5 | L67: =L66+1 -> 53 | M67: =M66+N66+S66+V66+P66 -> -33069 | N67: =Income!$N$6 -> 1783.75 | O67: =M67+N67 -> -31285.25 | P67: =SUM(X67:Z67) -> -450 | Q67: =IF((O67+P67)<0,(O67+P67),0) -> -31735.25 | R67: =R66+$C$18-S66 -> 100 | S67: =IF(Q67=0,0,IF(R67>-Q67,-Q67,R67)) -> 100 | T67: =IF(R67<-Q67,"y","") -> y | U67: =IF(Y67=-4200,"y","") | V67: =IF(AND(T67="y",U67="y"),-Y67,0) -> 0 | W67: =(W66*(1+$H$4/12)+V67) -> 0 | X67: =-$E$2 -> -450 | AA67: =O67+R67 -> -31185.25 | AB67: =W67 -> 0 | AC67: =AA67-AB67 -> -31185.25 | AW67: =AB67+R67 -> 100 | AX67: =IF(AW67>0,0,-Y67) -> 0 | AZ67: =AW67+AX67 -> 100 | BA67: =BA66+AX67 -> 0
K68: =K67+1 -> 6 | L68: =L67+1 -> 54 | M68: =M67+N67+S67+V67+P67 -> -31635.25 | N68: =Income!$N$6 -> 1783.75 | O68: =M68+N68 -> -29851.5 | P68: =SUM(X68:Z68) -> -450 | Q68: =IF((O68+P68)<0,(O68+P68),0) -> -30301.5 | R68: =R67+$C$18-S67 -> 100 | S68: =IF(Q68=0,0,IF(R68>-Q68,-Q68,R68)) -> 100 | T68: =IF(R68<-Q68,"y","") -> y | U68: =IF(Y68=-4200,"y","") | V68: =IF(AND(T68="y",U68="y"),-Y68,0) -> 0 | W68: =(W67*(1+$H$4/12)+V68) -> 0 | X68: =-$E$2 -> -450 | AA68: =O68+R68 -> -29751.5 | AB68: =W68 -> 0 | AC68: =AA68-AB68 -> -29751.5 | AW68: =AB68+R68 -> 100 | AX68: =IF(AW68>0,0,-Y68) -> 0 | AZ68: =AW68+AX68 -> 100 | BA68: =BA67+AX68 -> 0
K69: =K68+1 -> 7 | L69: =L68+1 -> 55 | M69: =M68+N68+S68+V68+P68 -> -30201.5 | N69: =Income!$N$6 -> 1783.75 | O69: =M69+N69 -> -28417.75 | P69: =SUM(X69:Z69) -> -450 | Q69: =IF((O69+P69)<0,(O69+P69),0) -> -28867.75 | R69: =R68+$C$18-S68 -> 100 | S69: =IF(Q69=0,0,IF(R69>-Q69,-Q69,R69)) -> 100 | T69: =IF(R69<-Q69,"y","") -> y | U69: =IF(Y69=-4200,"y","") | V69: =IF(AND(T69="y",U69="y"),-Y69,0) -> 0 | W69: =(W68*(1+$H$4/12)+V69) -> 0 | X69: =-$E$2 -> -450 | AA69: =O69+R69 -> -28317.75 | AB69: =W69 -> 0 | AC69: =AA69-AB69 -> -28317.75 | AW69: =AB69+R69 -> 100 | AX69: =IF(AW69>0,0,-Y69) -> 0 | AZ69: =AW69+AX69 -> 100 | BA69: =BA68+AX69 -> 0
K70: =K69+1 -> 8 | L70: =L69+1 -> 56 | M70: =M69+N69+S69+V69+P69 -> -28767.75 | N70: =Income!$N$6 -> 1783.75 | O70: =M70+N70 -> -26984 | P70: =SUM(X70:Z70) -> -450 | Q70: =IF((O70+P70)<0,(O70+P70),0) -> -27434 | R70: =R69+$C$18-S69 -> 100 | S70: =IF(Q70=0,0,IF(R70>-Q70,-Q70,R70)) -> 100 | T70: =IF(R70<-Q70,"y","") -> y | U70: =IF(Y70=-4200,"y","") | V70: =IF(AND(T70="y",U70="y"),-Y70,0) -> 0 | W70: =(W69*(1+$H$4/12)+V70) -> 0 | X70: =-$E$2 -> -450 | AA70: =O70+R70 -> -26884 | AB70: =W70 -> 0 | AC70: =AA70-AB70 -> -26884 | AW70: =AB70+R70 -> 100 | AX70: =IF(AW70>0,0,-Y70) -> 0 | AZ70: =AW70+AX70 -> 100 | BA70: =BA69+AX70 -> 0
K71: =K70+1 -> 9 | L71: =L70+1 -> 57 | M71: =M70+N70+S70+V70+P70 -> -27334 | N71: =Income!$N$6 -> 1783.75 | O71: =M71+N71 -> -25550.25 | P71: =SUM(X71:Z71) -> -450 | Q71: =IF((O71+P71)<0,(O71+P71),0) -> -26000.25 | R71: =R70+$C$18-S70 -> 100 | S71: =IF(Q71=0,0,IF(R71>-Q71,-Q71,R71)) -> 100 | T71: =IF(R71<-Q71,"y","") -> y | U71: =IF(Y71=-4200,"y","") | V71: =IF(AND(T71="y",U71="y"),-Y71,0) -> 0 | W71: =(W70*(1+$H$4/12)+V71) -> 0 | X71: =-$E$2 -> -450 | AA71: =O71+R71 -> -25450.25 | AB71: =W71 -> 0 | AC71: =AA71-AB71 -> -25450.25 | AW71: =AB71+R71 -> 100 | AX71: =IF(AW71>0,0,-Y71) -> 0 | AZ71: =AW71+AX71 -> 100 | BA71: =BA70+AX71 -> 0
K72: =K71+1 -> 10 | L72: =L71+1 -> 58 | M72: =M71+N71+S71+V71+P71 -> -25900.25 | N72: =Income!$N$6 -> 1783.75 | O72: =M72+N72 -> -24116.5 | P72: =SUM(X72:Z72) -> -450 | Q72: =IF((O72+P72)<0,(O72+P72),0) -> -24566.5 | R72: =R71+$C$18-S71 -> 100 | S72: =IF(Q72=0,0,IF(R72>-Q72,-Q72,R72)) -> 100 | T72: =IF(R72<-Q72,"y","") -> y | U72: =IF(Y72=-4200,"y","") | V72: =IF(AND(T72="y",U72="y"),-Y72,0) -> 0 | W72: =(W71*(1+$H$4/12)+V72) -> 0 | X72: =-$E$2 -> -450 | AA72: =O72+R72 -> -24016.5 | AB72: =W72 -> 0 | AC72: =AA72-AB72 -> -24016.5 | AW72: =AB72+R72 -> 100 | AX72: =IF(AW72>0,0,-Y72) -> 0 | AZ72: =AW72+AX72 -> 100 | BA72: =BA71+AX72 -> 0
K73: =K72+1 -> 11 | L73: =L72+1 -> 59 | M73: =M72+N72+S72+V72+P72 -> -24466.5 | N73: =Income!$N$6 -> 1783.75 | O73: =M73+N73 -> -22682.75 | P73: =SUM(X73:Z73) -> -450 | Q73: =IF((O73+P73)<0,(O73+P73),0) -> -23132.75 | R73: =R72+$C$18-S72 -> 100 | S73: =IF(Q73=0,0,IF(R73>-Q73,-Q73,R73)) -> 100 | T73: =IF(R73<-Q73,"y","") -> y | U73: =IF(Y73=-4200,"y","") | V73: =IF(AND(T73="y",U73="y"),-Y73,0) -> 0 | W73: =(W72*(1+$H$4/12)+V73) -> 0 | X73: =-$E$2 -> -450 | AA73: =O73+R73 -> -22582.75 | AB73: =W73 -> 0 | AC73: =AA73-AB73 -> -22582.75 | AW73: =AB73+R73 -> 100 | AX73: =IF(AW73>0,0,-Y73) -> 0 | AZ73: =AW73+AX73 -> 100 | BA73: =BA72+AX73 -> 0
K74: =K73+1 -> 12 | L74: =L73+1 -> 60 | M74: =M73+N73+S73+V73+P73 -> -23032.75 | N74: =Income!$N$6 -> 1783.75 | O74: =M74+N74 -> -21249 | P74: =SUM(X74:Z74) -> -450 | Q74: =IF((O74+P74)<0,(O74+P74),0) -> -21699 | R74: =R73+$C$18-S73 -> 100 | S74: =IF(Q74=0,0,IF(R74>-Q74,-Q74,R74)) -> 100 | T74: =IF(R74<-Q74,"y","") -> y | U74: =IF(Y74=-4200,"y","") | V74: =IF(AND(T74="y",U74="y"),-Y74,0) -> 0 | W74: =(W73*(1+$H$4/12)+V74) -> 0 | X74: =-$E$2 -> -450 | AA74: =O74+R74 -> -21149 | AB74: =W74 -> 0 | AC74: =AA74-AB74 -> -21149 | AW74: =AB74+R74 -> 100 | AX74: =IF(AW74>0,0,-Y74) -> 0 | AZ74: =AW74+AX74 -> 100 | BA74: =BA73+AX74 -> 0
AZ75: =AW75+AX75 -> 0 | BA75: =BA74+AX75 -> 0
J113: =K4*12 -> 16005 | N113: left every year
K115: =-List!I1 -> -2496.54 | N115: move-in expenses
J116: 95 | K116: =-12*J116 -> -1140 | N116: Study.com for 12 months
K118: =$J$113+K115+K116 -> 12368.46 | N118: left after year #1
J120: =$J$113 -> 16005 | N120: add during year #2
N121: starting balance for year #2
K122: =-$J$116*6 -> -570 | N122: Study.com for 6 months
K123: =-$I$26*1 -> 0 | N123: WGU for 1 term (6 month)
K125: =(K118+J120)+K122+K123 -> 27803.46 | N125: left after year #2
K127: =J113 -> 16005 | N127: add in year #3
K129: =-I26*2 -> 0 | N129: 2 terms in year #3 for WGU
K131: =K125+K127+K129 -> 43808.46 | N131: debt after year #3
K133: =J113 -> 16005 | N133: add in year #4
K135: =-I26*2 -> 0 | N135: 2 terms in year #4 for WGU
K137: =SUM(K131:K135) -> 59813.46 | N137: debt after year #4
K139: =J113 -> 16005 | N139: add in year #5 (all 12 mos)
K141: =-I26*1 -> 0 | N141: 1 term in year #5 at WGU
K143: =SUM(K137:K141) -> 75818.46 | N143: total debt after year #5

Sheet SIU-online
B1: =$AC$68 -> -29209 | C1: at grad | E1: =$AC$74 -> -26051.5 | F1: at end of 5 yrs | H1: =N11 -> -1150 | I1: need at start | K1: =Income!N6 -> 1783.75 | L1: net monthly income
A2: Type | B2: annual | C2: monthly | E2: =SUM(C3:C50) -> 1357.5 | F2: per month expenses | K2: =-E2 -> -1357.5 | L2: net montly expenses
A3: rent | C3: 450 | E3: 20 | F3: Job #1 hrs | H3: Loan Rate
A4: utilities | C4: 0 | E4: 20 | F4: Job #2 hrs | H4: 0.08 | K4: =K1+K2 -> 426.25 | L4: left every month
A5: internet | C5: 0
A6: cell phone | C6: 20 | E6: Campus Edge apartments - $450/mo | M6: start | N6: =$C$3 -> 450 | O6: deposit
A7: renter's insurance | B7: 150 | C7: =B7/12 -> 12.5 | E7: all utilities included: water, electric, internet | N7: 200 | O7: air mattress, pillows, blankets - Amazon delivery
A8: car payment | B8: 0 | C8: =B8/12 -> 0 | E8: 91 apartments total | N8: 300 | O8: groceries
A9: auto insurance | B9: 0 | C9: =B9/12 -> 0 | E9: Campus Edge Apts | Apartments in Carbondale, IL | N9: 150 | O9: misc
A10: health insurance | C10: 75 | E10: (970) 536-5949 | G10: family, not students only | N10: 50 | O10: train ticket
A11: fuel /Bus | C11: 25 | N11: =-SUM(N5:N10) -> -1150 | O11: so before you start you'll need this much
A12: car repairs (oil) | B12: 0 | C12: =B12/12 -> 0
A13: groceries (food) | C13: 250 | J13: Year | K13: Month | L13: Total Months | M13: Balance | N13: income | O13: Bal + Income | Q13: Short amt | S13: Take from | T13: must borrow? | U13: OK to borrow? | V13: loan | W13: loan balance w/interest | X13: monthly | Y13: classes | Z13: apartment needs | AA13: assets | AB13: Loan bal | AC13: Left? | AW13: balance incl
A14: groceries (non-food) | C14: 50 | D14: Macomb Rentals - | P14: expenses | R14: Savings | S14: savings | V14: 0 | AW14: Savings | AX14: loan | AZ14: cash bal | BA14: loan bal
A15: fast food | C15: 50 | D15: 3 properties - Adams St, Wheeler St, Eggers Dr | J15: 1 | K15: 1 | L15: 1 | M15: 0 | N15: =Income!$N$6 -> 1783.75 | O15: =M15+N15 -> 1783.75 | P15: =SUM(X15:Z15) -> -8805.5 | Q15: =IF((O15+P15)<0,(O15+P15),0) -> -7021.75 | R15: =$C$18 -> 100 | S15: =IF(Q15=0,0,IF(R15>-Q15,-Q15,R15)) -> 100 | T15: =IF(R15<-Q15,"y","") -> y | U15: =IF(Y15=-4200,"y","") | V15: =IF(AND(T15="y",U15="y"),-Y15,0) -> 0 | W15: =V15 -> 0 | X15: =-$E$2 -> -1357.5 | Y15: -7248 | Z15: -200 | AA15: =O15+R15 -> 1883.75 | AB15: =W15 -> 0 | AC15: =AA15-AB15 -> 1883.75 | AW15: =AB15+R15 -> 100 | AX15: =IF(AW15>0,0,-Y15) -> 0 | AZ15: =AW15+AX15 -> 100 | BA15: =AX15 -> 0
A16: dining out | C16: 30 | K16: =K15+1 -> 2 | L16: =L15+1 -> 2 | M16: =M15+N15+S15+V15+P15 -> -6921.75 | N16: =Income!$N$6 -> 1783.75 | O16: =M16+N16 -> -5138 | P16: =SUM(X16:Z16) -> -1557.5 | Q16: =IF((O16+P16)<0,(O16+P16),0) -> -6695.5 | R16: =R15+$C$18-S15 -> 100 | S16: =IF(Q16=0,0,IF(R16>-Q16,-Q16,R16)) -> 100 | T16: =IF(R16<-Q16,"y","") -> y | U16: =IF(Y16=-4200,"y","") | V16: =IF(AND(T16="y",U16="y"),-Y16,0) -> 0 | W16: =(W15*(1+$H$4/12)+V16) -> 0 | X16: =-$E$2 -> -1357.5 | Z16: -200 | AA16: =O16+R16 -> -5038 | AB16: =W16 -> 0 | AC16: =AA16-AB16 -> -5038 | AW16: =AB16+R16 -> 100 | AX16: =IF(AW16>0,0,-Y16) -> 0 | AZ16: =AW16+AX16 -> 100 | BA16: =BA15+AX16 -> 0
A17: entertainment | C17: 50 | D17: Home - Macomb Rentals | K17: =K16+1 -> 3 | L17: =L16+1 -> 3 | M17: =M16+N16+S16+V16+P16 -> -6595.5 | N17: =Income!$N$6 -> 1783.75 | O17: =M17+N17 -> -4811.75 | P17: =SUM(X17:Z17) -> -1557.5 | Q17: =IF((O17+P17)<0,(O17+P17),0) -> -6369.25 | R17: =R16+$C$18-S16 -> 100 | S17: =IF(Q17=0,0,IF(R17>-Q17,-Q17,R17)) -> 100 | T17: =IF(R17<-Q17,"y","") -> y | U17: =IF(Y17=-4200,"y","") | V17: =IF(AND(T17="y",U17="y"),-Y17,0) -> 0 | W17: =(W16*(1+$H$4/12)+V17) -> 0 | X17: =-$E$2 -> -1357.5 | Z17: -200 | AA17: =O17+R17 -> -4711.75 | AB17: =W17 -> 0 | AC17: =AA17-AB17 -> -4711.75 | AW17: =AB17+R17 -> 100 | AX17: =IF(AW17>0,0,-Y17) -> 0 | AZ17: =AW17+AX17 -> 100 | BA17: =BA16+AX17 -> 0
A18: savings | C18: 100 | D18: (309) 833-2320 | K18: =K17+1 -> 4 | L18: =L17+1 -> 4 | M18: =M17+N17+S17+V17+P17 -> -6269.25 | N18: =Income!$N$6 -> 1783.75 | O18: =M18+N18 -> -4485.5 | P18: =SUM(X18:Z18) -> -1557.5 | Q18: =IF((O18+P18)<0,(O18+P18),0) -> -6043 | R18: =R17+$C$18-S17 -> 100 | S18: =IF(Q18=0,0,IF(R18>-Q18,-Q18,R18)) -> 100 | T18: =IF(R18<-Q18,"y","") -> y | U18: =IF(Y18=-4200,"y","") | V18: =IF(AND(T18="y",U18="y"),-Y18,0) -> 0 | W18: =(W17*(1+$H$4/12)+V18) -> 0 | X18: =-$E$2 -> -1357.5 | Z18: -200 | AA18: =O18+R18 -> -4385.5 | AB18: =W18 -> 0 | AC18: =AA18-AB18 -> -4385.5 | AW18: =AB18+R18 -> 100 | AX18: =IF(AW18>0,0,-Y18) -> 0 | AZ18: =AW18+AX18 -> 100 | BA18: =BA17+AX18 -> 0
A19: vacation | B19: 1000 | C19: =B19/12 -> 83.333333 | K19: =K18+1 -> 5 | L19: =L18+1 -> 5 | M19: =M18+N18+S18+V18+P18 -> -5943 | N19: =Income!$N$6 -> 1783.75 | O19: =M19+N19 -> -4159.25 | P19: =SUM(X19:Z19) -> -1557.5 | Q19: =IF((O19+P19)<0,(O19+P19),0) -> -5716.75 | R19: =R18+$C$18-S18 -> 100 | S19: =IF(Q19=0,0,IF(R19>-Q19,-Q19,R19)) -> 100 | T19: =IF(R19<-Q19,"y","") -> y | U19: =IF(Y19=-4200,"y","") | V19: =IF(AND(T19="y",U19="y"),-Y19,0) -> 0 | W19: =(W18*(1+$H$4/12)+V19) -> 0 | X19: =-$E$2 -> -1357.5 | Z19: -200 | AA19: =O19+R19 -> -4059.25 | AB19: =W19 -> 0 | AC19: =AA19-AB19 -> -4059.25 | AW19: =AB19+R19 -> 100 | AX19: =IF(AW19>0,0,-Y19) -> 0 | AZ19: =AW19+AX19 -> 100 | BA19: =BA18+AX19 -> 0
A20: misc household | C20: 50 | K20: =K19+1 -> 6 | L20: =L19+1 -> 6 | M20: =M19+N19+S19+V19+P19 -> -5616.75 | N20: =Income!$N$6 -> 1783.75 | O20: =M20+N20 -> -3833 | P20: =SUM(X20:Z20) -> -8605.5 | Q20: =IF((O20+P20)<0,(O20+P20),0) -> -12438.5 | R20: =R19+$C$18-S19 -> 100 | S20: =IF(Q20=0,0,IF(R20>-Q20,-Q20,R20)) -> 100 | T20: =IF(R20<-Q20,"y","") -> y | U20: =IF(Y20=-4200,"y","") | V20: =IF(AND(T20="y",U20="y"),-Y20,0) -> 0 | W20: =(W19*(1+$H$4/12)+V20) -> 0 | X20: =-$E$2 -> -1357.5 | Y20: -7248 | AA20: =O20+R20 -> -3733 | AB20: =W20 -> 0 | AC20: =AA20-AB20 -> -3733 | AW20: =AB20+R20 -> 100 | AX20: =IF(AW20>0,0,-Y20) -> 0 | AZ20: =AW20+AX20 -> 100 | BA20: =BA19+AX20 -> 0
A21: streaming | C21: 20 | K21: =K20+1 -> 7 | L21: =L20+1 -> 7 | M21: =M20+N20+S20+V20+P20 -> -12338.5 | N21: =Income!$N$6 -> 1783.75 | O21: =M21+N21 -> -10554.75 | P21: =SUM(X21:Z21) -> -1357.5 | Q21: =IF((O21+P21)<0,(O21+P21),0) -> -11912.25 | R21: =R20+$C$18-S20 -> 100 | S21: =IF(Q21=0,0,IF(R21>-Q21,-Q21,R21)) -> 100 | T21: =IF(R21<-Q21,"y","") -> y | U21: =IF(Y21=-4200,"y","") | V21: =IF(AND(T21="y",U21="y"),-Y21,0) -> 0 | W21: =(W20*(1+$H$4/12)+V21) -> 0 | X21: =-$E$2 -> -1357.5 | AA21: =O21+R21 -> -10454.75 | AB21: =W21 -> 0 | AC21: =AA21-AB21 -> -10454.75 | AW21: =AB21+R21 -> 100 | AX21: =IF(AW21>0,0,-Y21) -> 0 | AZ21: =AW21+AX21 -> 100 | BA21: =BA20+AX21 -> 0
A22: health club | C22: 0 | E22: at apartment | K22: =K21+1 -> 8 | L22: =L21+1 -> 8 | M22: =M21+N21+S21+V21+P21 -> -11812.25 | N22: =Income!$N$6 -> 1783.75 | O22: =M22+N22 -> -10028.5 | P22: =SUM(X22:Z22) -> -1357.5 | Q22: =IF((O22+P22)<0,(O22+P22),0) -> -11386 | R22: =R21+$C$18-S21 -> 100 | S22: =IF(Q22=0,0,IF(R22>-Q22,-Q22,R22)) -> 100 | T22: =IF(R22<-Q22,"y","") -> y | U22: =IF(Y22=-4200,"y","") | V22: =IF(AND(T22="y",U22="y"),-Y22,0) -> 0 | W22: =(W21*(1+$H$4/12)+V22) -> 0 | X22: =-$E$2 -> -1357.5 | AA22: =O22+R22 -> -9928.5 | AB22: =W22 -> 0 | AC22: =AA22-AB22 -> -9928.5 | AW22: =AB22+R22 -> 100 | AX22: =IF(AW22>0,0,-Y22) -> 0 | AZ22: =AW22+AX22 -> 100 | BA22: =BA21+AX22 -> 0
A23: hair cut | C23: 25 | K23: =K22+1 -> 9 | L23: =L22+1 -> 9 | M23: =M22+N22+S22+V22+P22 -> -11286 | N23: =Income!$N$6 -> 1783.75 | O23: =M23+N23 -> -9502.25 | P23: =SUM(X23:Z23) -> -1357.5 | Q23: =IF((O23+P23)<0,(O23+P23),0) -> -10859.75 | R23: =R22+$C$18-S22 -> 100 | S23: =IF(Q23=0,0,IF(R23>-Q23,-Q23,R23)) -> 100 | T23: =IF(R23<-Q23,"y","") -> y | U23: =IF(Y23=-4200,"y","") | V23: =IF(AND(T23="y",U23="y"),-Y23,0) -> 0 | W23: =(W22*(1+$H$4/12)+V23) -> 0 | X23: =-$E$2 -> -1357.5 | AA23: =O23+R23 -> -9402.25 | AB23: =W23 -> 0 | AC23: =AA23-AB23 -> -9402.25 | AW23: =AB23+R23 -> 100 | AX23: =IF(AW23>0,0,-Y23) -> 0 | AZ23: =AW23+AX23 -> 100 | BA23: =BA22+AX23 -> 0
A24: presents | B24: 400 | C24: =B24/12 -> 33.333333 | K24: =K23+1 -> 10 | L24: =L23+1 -> 10 | M24: =M23+N23+S23+V23+P23 -> -10759.75 | N24: =Income!$N$6 -> 1783.75 | O24: =M24+N24 -> -8976 | P24: =SUM(X24:Z24) -> -1357.5 | Q24: =IF((O24+P24)<0,(O24+P24),0) -> -10333.5 | R24: =R23+$C$18-S23 -> 100 | S24: =IF(Q24=0,0,IF(R24>-Q24,-Q24,R24)) -> 100 | T24: =IF(R24<-Q24,"y","") -> y | U24: =IF(Y24=-4200,"y","") | V24: =IF(AND(T24="y",U24="y"),-Y24,0) -> 0 | W24: =(W23*(1+$H$4/12)+V24) -> 0 | X24: =-$E$2 -> -1357.5 | AA24: =O24+R24 -> -8876 | AB24: =W24 -> 0 | AC24: =AA24-AB24 -> -8876 | AW24: =AB24+R24 -> 100 | AX24: =IF(AW24>0,0,-Y24) -> 0 | AZ24: =AW24+AX24 -> 100 | BA24: =BA23+AX24 -> 0
A25: clothes | B25: 400 | C25: =B25/12 -> 33.333333 | K25: =K24+1 -> 11 | L25: =L24+1 -> 11 | M25: =M24+N24+S24+V24+P24 -> -10233.5 | N25: =Income!$N$6 -> 1783.75 | O25: =M25+N25 -> -8449.75 | P25: =SUM(X25:Z25) -> -1357.5 | Q25: =IF((O25+P25)<0,(O25+P25),0) -> -9807.25 | R25: =R24+$C$18-S24 -> 100 | S25: =IF(Q25=0,0,IF(R25>-Q25,-Q25,R25)) -> 100 | T25: =IF(R25<-Q25,"y","") -> y | U25: =IF(Y25=-4200,"y","") | V25: =IF(AND(T25="y",U25="y"),-Y25,0) -> 0 | W25: =(W24*(1+$H$4/12)+V25) -> 0 | X25: =-$E$2 -> -1357.5 | AA25: =O25+R25 -> -8349.75 | AB25: =W25 -> 0 | AC25: =AA25-AB25 -> -8349.75 | AW25: =AB25+R25 -> 100 | AX25: =IF(AW25>0,0,-Y25) -> 0 | AZ25: =AW25+AX25 -> 100 | BA25: =BA24+AX25 -> 0
K26: =K25+1 -> 12 | L26: =L25+1 -> 12 | M26: =M25+N25+S25+V25+P25 -> -9707.25 | N26: =Income!$N$6 -> 1783.75 | O26: =M26+N26 -> -7923.5 | P26: =SUM(X26:Z26) -> -8605.5 | Q26: =IF((O26+P26)<0,(O26+P26),0) -> -16529 | R26: =R25+$C$18-S25 -> 100 | S26: =IF(Q26=0,0,IF(R26>-Q26,-Q26,R26)) -> 100 | T26: =IF(R26<-Q26,"y","") -> y | U26: =IF(Y26=-4200,"y","") | V26: =IF(AND(T26="y",U26="y"),-Y26,0) -> 0 | W26: =(W25*(1+$H$4/12)+V26) -> 0 | X26: =-$E$2 -> -1357.5 | Y26: -7248 | AA26: =O26+R26 -> -7823.5 | AB26: =W26 -> 0 | AC26: =AA26-AB26 -> -7823.5 | AW26: =AB26+R26 -> 100 | AX26: =IF(AW26>0,0,-Y26) -> 0 | AZ26: =AW26+AX26 -> 100 | BA26: =BA25+AX26 -> 0
J27: 2 | K27: 1 | L27: =L26+1 -> 13 | M27: =M26+N26+S26+V26+P26 -> -16429 | N27: =Income!$N$6 -> 1783.75 | O27: =M27+N27 -> -14645.25 | P27: =SUM(X27:Z27) -> -1357.5 | Q27: =IF((O27+P27)<0,(O27+P27),0) -> -16002.75 | R27: =R26+$C$18-S26 -> 100 | S27: =IF(Q27=0,0,IF(R27>-Q27,-Q27,R27)) -> 100 | T27: =IF(R27<-Q27,"y","") -> y | U27: =IF(Y27=-4200,"y","") | V27: =IF(AND(T27="y",U27="y"),-Y27,0) -> 0 | W27: =(W26*(1+$H$4/12)+V27) -> 0 | X27: =-$E$2 -> -1357.5 | AA27: =O27+R27 -> -14545.25 | AB27: =W27 -> 0 | AC27: =AA27-AB27 -> -14545.25 | AW27: =AB27+R27 -> 100 | AX27: =IF(AW27>0,0,-Y27) -> 0 | AZ27: =AW27+AX27 -> 100 | BA27: =BA26+AX27 -> 0
K28: =K27+1 -> 2 | L28: =L27+1 -> 14 | M28: =M27+N27+S27+V27+P27 -> -15902.75 | N28: =Income!$N$6 -> 1783.75 | O28: =M28+N28 -> -14119 | P28: =SUM(X28:Z28) -> -1357.5 | Q28: =IF((O28+P28)<0,(O28+P28),0) -> -15476.5 | R28: =R27+$C$18-S27 -> 100 | S28: =IF(Q28=0,0,IF(R28>-Q28,-Q28,R28)) -> 100 | T28: =IF(R28<-Q28,"y","") -> y | U28: =IF(Y28=-4200,"y","") | V28: =IF(AND(T28="y",U28="y"),-Y28,0) -> 0 | W28: =(W27*(1+$H$4/12)+V28) -> 0 | X28: =-$E$2 -> -1357.5 | AA28: =O28+R28 -> -14019 | AB28: =W28 -> 0 | AC28: =AA28-AB28 -> -14019 | AW28: =AB28+R28 -> 100 | AX28: =IF(AW28>0,0,-Y28) -> 0 | AZ28: =AW28+AX28 -> 100 | BA28: =BA27+AX28 -> 0
K29: =K28+1 -> 3 | L29: =L28+1 -> 15 | M29: =M28+N28+S28+V28+P28 -> -15376.5 | N29: =Income!$N$6 -> 1783.75 | O29: =M29+N29 -> -13592.75 | P29: =SUM(X29:Z29) -> -1357.5 | Q29: =IF((O29+P29)<0,(O29+P29),0) -> -14950.25 | R29: =R28+$C$18-S28 -> 100 | S29: =IF(Q29=0,0,IF(R29>-Q29,-Q29,R29)) -> 100 | T29: =IF(R29<-Q29,"y","") -> y | U29: =IF(Y29=-4200,"y","") | V29: =IF(AND(T29="y",U29="y"),-Y29,0) -> 0 | W29: =(W28*(1+$H$4/12)+V29) -> 0 | X29: =-$E$2 -> -1357.5 | AA29: =O29+R29 -> -13492.75 | AB29: =W29 -> 0 | AC29: =AA29-AB29 -> -13492.75 | AW29: =AB29+R29 -> 100 | AX29: =IF(AW29>0,0,-Y29) -> 0 | AZ29: =AW29+AX29 -> 100 | BA29: =BA28+AX29 -> 0
K30: =K29+1 -> 4 | L30: =L29+1 -> 16 | M30: =M29+N29+S29+V29+P29 -> -14850.25 | N30: =Income!$N$6 -> 1783.75 | O30: =M30+N30 -> -13066.5 | P30: =SUM(X30:Z30) -> -1357.5 | Q30: =IF((O30+P30)<0,(O30+P30),0) -> -14424 | R30: =R29+$C$18-S29 -> 100 | S30: =IF(Q30=0,0,IF(R30>-Q30,-Q30,R30)) -> 100 | T30: =IF(R30<-Q30,"y","") -> y | U30: =IF(Y30=-4200,"y","") | V30: =IF(AND(T30="y",U30="y"),-Y30,0) -> 0 | W30: =(W29*(1+$H$4/12)+V30) -> 0 | X30: =-$E$2 -> -1357.5 | AA30: =O30+R30 -> -12966.5 | AB30: =W30 -> 0 | AC30: =AA30-AB30 -> -12966.5 | AW30: =AB30+R30 -> 100 | AX30: =IF(AW30>0,0,-Y30) -> 0 | AZ30: =AW30+AX30 -> 100 | BA30: =BA29+AX30 -> 0
K31: =K30+1 -> 5 | L31: =L30+1 -> 17 | M31: =M30+N30+S30+V30+P30 -> -14324 | N31: =Income!$N$6 -> 1783.75 | O31: =M31+N31 -> -12540.25 | P31: =SUM(X31:Z31) -> -1357.5 | Q31: =IF((O31+P31)<0,(O31+P31),0) -> -13897.75 | R31: =R30+$C$18-S30 -> 100 | S31: =IF(Q31=0,0,IF(R31>-Q31,-Q31,R31)) -> 100 | T31: =IF(R31<-Q31,"y","") -> y | U31: =IF(Y31=-4200,"y","") | V31: =IF(AND(T31="y",U31="y"),-Y31,0) -> 0 | W31: =(W30*(1+$H$4/12)+V31) -> 0 | X31: =-$E$2 -> -1357.5 | AA31: =O31+R31 -> -12440.25 | AB31: =W31 -> 0 | AC31: =AA31-AB31 -> -12440.25 | AW31: =AB31+R31 -> 100 | AX31: =IF(AW31>0,0,-Y31) -> 0 | AZ31: =AW31+AX31 -> 100 | BA31: =BA30+AX31 -> 0
K32: =K31+1 -> 6 | L32: =L31+1 -> 18 | M32: =M31+N31+S31+V31+P31 -> -13797.75 | N32: =Income!$N$6 -> 1783.75 | O32: =M32+N32 -> -12014 | P32: =SUM(X32:Z32) -> -8605.5 | Q32: =IF((O32+P32)<0,(O32+P32),0) -> -20619.5 | R32: =R31+$C$18-S31 -> 100 | S32: =IF(Q32=0,0,IF(R32>-Q32,-Q32,R32)) -> 100 | T32: =IF(R32<-Q32,"y","") -> y | U32: =IF(Y32=-4200,"y","") | V32: =IF(AND(T32="y",U32="y"),-Y32,0) -> 0 | W32: =(W31*(1+$H$4/12)+V32) -> 0 | X32: =-$E$2 -> -1357.5 | Y32: -7248 | AA32: =O32+R32 -> -11914 | AB32: =W32 -> 0 | AC32: =AA32-AB32 -> -11914 | AW32: =AB32+R32 -> 100 | AX32: =IF(AW32>0,0,-Y32) -> 0 | AZ32: =AW32+AX32 -> 100 | BA32: =BA31+AX32 -> 0
K33: =K32+1 -> 7 | L33: =L32+1 -> 19 | M33: =M32+N32+S32+V32+P32 -> -20519.5 | N33: =Income!$N$6 -> 1783.75 | O33: =M33+N33 -> -18735.75 | P33: =SUM(X33:Z33) -> -1357.5 | Q33: =IF((O33+P33)<0,(O33+P33),0) -> -20093.25 | R33: =R32+$C$18-S32 -> 100 | S33: =IF(Q33=0,0,IF(R33>-Q33,-Q33,R33)) -> 100 | T33: =IF(R33<-Q33,"y","") -> y | U33: =IF(Y33=-4200,"y","") | V33: =IF(AND(T33="y",U33="y"),-Y33,0) -> 0 | W33: =(W32*(1+$H$4/12)+V33) -> 0 | X33: =-$E$2 -> -1357.5 | AA33: =O33+R33 -> -18635.75 | AB33: =W33 -> 0 | AC33: =AA33-AB33 -> -18635.75 | AW33: =AB33+R33 -> 100 | AX33: =IF(AW33>0,0,-Y33) -> 0 | AZ33: =AW33+AX33 -> 100 | BA33: =BA32+AX33 -> 0
K34: =K33+1 -> 8 | L34: =L33+1 -> 20 | M34: =M33+N33+S33+V33+P33 -> -19993.25 | N34: =Income!$N$6 -> 1783.75 | O34: =M34+N34 -> -18209.5 | P34: =SUM(X34:Z34) -> -1357.5 | Q34: =IF((O34+P34)<0,(O34+P34),0) -> -19567 | R34: =R33+$C$18-S33 -> 100 | S34: =IF(Q34=0,0,IF(R34>-Q34,-Q34,R34)) -> 100 | T34: =IF(R34<-Q34,"y","") -> y | U34: =IF(Y34=-4200,"y","") | V34: =IF(AND(T34="y",U34="y"),-Y34,0) -> 0 | W34: =(W33*(1+$H$4/12)+V34) -> 0 | X34: =-$E$2 -> -1357.5 | AA34: =O34+R34 -> -18109.5 | AB34: =W34 -> 0 | AC34: =AA34-AB34 -> -18109.5 | AW34: =AB34+R34 -> 100 | AX34: =IF(AW34>0,0,-Y34) -> 0 | AZ34: =AW34+AX34 -> 100 | BA34: =BA33+AX34 -> 0
K35: =K34+1 -> 9 | L35: =L34+1 -> 21 | M35: =M34+N34+S34+V34+P34 -> -19467 | N35: =Income!$N$6 -> 1783.75 | O35: =M35+N35 -> -17683.25 | P35: =SUM(X35:Z35) -> -1357.5 | Q35: =IF((O35+P35)<0,(O35+P35),0) -> -19040.75 | R35: =R34+$C$18-S34 -> 100 | S35: =IF(Q35=0,0,IF(R35>-Q35,-Q35,R35)) -> 100 | T35: =IF(R35<-Q35,"y","") -> y | U35: =IF(Y35=-4200,"y","") | V35: =IF(AND(T35="y",U35="y"),-Y35,0) -> 0 | W35: =(W34*(1+$H$4/12)+V35) -> 0 | X35: =-$E$2 -> -1357.5 | AA35: =O35+R35 -> -17583.25 | AB35: =W35 -> 0 | AC35: =AA35-AB35 -> -17583.25 | AW35: =AB35+R35 -> 100 | AX35: =IF(AW35>0,0,-Y35) -> 0 | AZ35: =AW35+AX35 -> 100 | BA35: =BA34+AX35 -> 0
K36: =K35+1 -> 10 | L36: =L35+1 -> 22 | M36: =M35+N35+S35+V35+P35 -> -18940.75 | N36: =Income!$N$6 -> 1783.75 | O36: =M36+N36 -> -17157 | P36: =SUM(X36:Z36) -> -1357.5 | Q36: =IF((O36+P36)<0,(O36+P36),0) -> -18514.5 | R36: =R35+$C$18-S35 -> 100 | S36: =IF(Q36=0,0,IF(R36>-Q36,-Q36,R36)) -> 100 | T36: =IF(R36<-Q36,"y","") -> y | U36: =IF(Y36=-4200,"y","") | V36: =IF(AND(T36="y",U36="y"),-Y36,0) -> 0 | W36: =(W35*(1+$H$4/12)+V36) -> 0 | X36: =-$E$2 -> -1357.5 | AA36: =O36+R36 -> -17057 | AB36: =W36 -> 0 | AC36: =AA36-AB36 -> -17057 | AW36: =AB36+R36 -> 100 | AX36: =IF(AW36>0,0,-Y36) -> 0 | AZ36: =AW36+AX36 -> 100 | BA36: =BA35+AX36 -> 0
K37: =K36+1 -> 11 | L37: =L36+1 -> 23 | M37: =M36+N36+S36+V36+P36 -> -18414.5 | N37: =Income!$N$6 -> 1783.75 | O37: =M37+N37 -> -16630.75 | P37: =SUM(X37:Z37) -> -1357.5 | Q37: =IF((O37+P37)<0,(O37+P37),0) -> -17988.25 | R37: =R36+$C$18-S36 -> 100 | S37: =IF(Q37=0,0,IF(R37>-Q37,-Q37,R37)) -> 100 | T37: =IF(R37<-Q37,"y","") -> y | U37: =IF(Y37=-4200,"y","") | V37: =IF(AND(T37="y",U37="y"),-Y37,0) -> 0 | W37: =(W36*(1+$H$4/12)+V37) -> 0 | X37: =-$E$2 -> -1357.5 | AA37: =O37+R37 -> -16530.75 | AB37: =W37 -> 0 | AC37: =AA37-AB37 -> -16530.75 | AW37: =AB37+R37 -> 100 | AX37: =IF(AW37>0,0,-Y37) -> 0 | AZ37: =AW37+AX37 -> 100 | BA37: =BA36+AX37 -> 0
K38: =K37+1 -> 12 | L38: =L37+1 -> 24 | M38: =M37+N37+S37+V37+P37 -> -17888.25 | N38: =Income!$N$6 -> 1783.75 | O38: =M38+N38 -> -16104.5 | P38: =SUM(X38:Z38) -> -8605.5 | Q38: =IF((O38+P38)<0,(O38+P38),0) -> -24710 | R38: =R37+$C$18-S37 -> 100 | S38: =IF(Q38=0,0,IF(R38>-Q38,-Q38,R38)) -> 100 | T38: =IF(R38<-Q38,"y","") -> y | U38: =IF(Y38=-4200,"y","") | V38: =IF(AND(T38="y",U38="y"),-Y38,0) -> 0 | W38: =(W37*(1+$H$4/12)+V38) -> 0 | X38: =-$E$2 -> -1357.5 | Y38: -7248 | AA38: =O38+R38 -> -16004.5 | AB38: =W38 -> 0 | AC38: =AA38-AB38 -> -16004.5 | AW38: =AB38+R38 -> 100 | AX38: =IF(AW38>0,0,-Y38) -> 0 | AZ38: =AW38+AX38 -> 100 | BA38: =BA37+AX38 -> 0
J39: 3 | K39: 1 | L39: =L38+1 -> 25 | M39: =M38+N38+S38+V38+P38 -> -24610 | N39: =Income!$N$6 -> 1783.75 | O39: =M39+N39 -> -22826.25 | P39: =SUM(X39:Z39) -> -1357.5 | Q39: =IF((O39+P39)<0,(O39+P39),0) -> -24183.75 | R39: =R38+$C$18-S38 -> 100 | S39: =IF(Q39=0,0,IF(R39>-Q39,-Q39,R39)) -> 100 | T39: =IF(R39<-Q39,"y","") -> y | U39: =IF(Y39=-4200,"y","") | V39: =IF(AND(T39="y",U39="y"),-Y39,0) -> 0 | W39: =(W38*(1+$H$4/12)+V39) -> 0 | X39: =-$E$2 -> -1357.5 | AA39: =O39+R39 -> -22726.25 | AB39: =W39 -> 0 | AC39: =AA39-AB39 -> -22726.25 | AW39: =AB39+R39 -> 100 | AX39: =IF(AW39>0,0,-Y39) -> 0 | AZ39: =AW39+AX39 -> 100 | BA39: =BA38+AX39 -> 0
K40: =K39+1 -> 2 | L40: =L39+1 -> 26 | M40: =M39+N39+S39+V39+P39 -> -24083.75 | N40: =Income!$N$6 -> 1783.75 | O40: =M40+N40 -> -22300 | P40: =SUM(X40:Z40) -> -1357.5 | Q40: =IF((O40+P40)<0,(O40+P40),0) -> -23657.5 | R40: =R39+$C$18-S39 -> 100 | S40: =IF(Q40=0,0,IF(R40>-Q40,-Q40,R40)) -> 100 | T40: =IF(R40<-Q40,"y","") -> y | U40: =IF(Y40=-4200,"y","") | V40: =IF(AND(T40="y",U40="y"),-Y40,0) -> 0 | W40: =(W39*(1+$H$4/12)+V40) -> 0 | X40: =-$E$2 -> -1357.5 | AA40: =O40+R40 -> -22200 | AB40: =W40 -> 0 | AC40: =AA40-AB40 -> -22200 | AW40: =AB40+R40 -> 100 | AX40: =IF(AW40>0,0,-Y40) -> 0 | AZ40: =AW40+AX40 -> 100 | BA40: =BA39+AX40 -> 0
K41: =K40+1 -> 3 | L41: =L40+1 -> 27 | M41: =M40+N40+S40+V40+P40 -> -23557.5 | N41: =Income!$N$6 -> 1783.75 | O41: =M41+N41 -> -21773.75 | P41: =SUM(X41:Z41) -> -1357.5 | Q41: =IF((O41+P41)<0,(O41+P41),0) -> -23131.25 | R41: =R40+$C$18-S40 -> 100 | S41: =IF(Q41=0,0,IF(R41>-Q41,-Q41,R41)) -> 100 | T41: =IF(R41<-Q41,"y","") -> y | U41: =IF(Y41=-4200,"y","") | V41: =IF(AND(T41="y",U41="y"),-Y41,0) -> 0 | W41: =(W40*(1+$H$4/12)+V41) -> 0 | X41: =-$E$2 -> -1357.5 | AA41: =O41+R41 -> -21673.75 | AB41: =W41 -> 0 | AC41: =AA41-AB41 -> -21673.75 | AW41: =AB41+R41 -> 100 | AX41: =IF(AW41>0,0,-Y41) -> 0 | AZ41: =AW41+AX41 -> 100 | BA41: =BA40+AX41 -> 0
K42: =K41+1 -> 4 | L42: =L41+1 -> 28 | M42: =M41+N41+S41+V41+P41 -> -23031.25 | N42: =Income!$N$6 -> 1783.75 | O42: =M42+N42 -> -21247.5 | P42: =SUM(X42:Z42) -> -1357.5 | Q42: =IF((O42+P42)<0,(O42+P42),0) -> -22605 | R42: =R41+$C$18-S41 -> 100 | S42: =IF(Q42=0,0,IF(R42>-Q42,-Q42,R42)) -> 100 | T42: =IF(R42<-Q42,"y","") -> y | U42: =IF(Y42=-4200,"y","") | V42: =IF(AND(T42="y",U42="y"),-Y42,0) -> 0 | W42: =(W41*(1+$H$4/12)+V42) -> 0 | X42: =-$E$2 -> -1357.5 | AA42: =O42+R42 -> -21147.5 | AB42: =W42 -> 0 | AC42: =AA42-AB42 -> -21147.5 | AW42: =AB42+R42 -> 100 | AX42: =IF(AW42>0,0,-Y42) -> 0 | AZ42: =AW42+AX42 -> 100 | BA42: =BA41+AX42 -> 0
K43: =K42+1 -> 5 | L43: =L42+1 -> 29 | M43: =M42+N42+S42+V42+P42 -> -22505 | N43: =Income!$N$6 -> 1783.75 | O43: =M43+N43 -> -20721.25 | P43: =SUM(X43:Z43) -> -1357.5 | Q43: =IF((O43+P43)<0,(O43+P43),0) -> -22078.75 | R43: =R42+$C$18-S42 -> 100 | S43: =IF(Q43=0,0,IF(R43>-Q43,-Q43,R43)) -> 100 | T43: =IF(R43<-Q43,"y","") -> y | U43: =IF(Y43=-4200,"y","") | V43: =IF(AND(T43="y",U43="y"),-Y43,0) -> 0 | W43: =(W42*(1+$H$4/12)+V43) -> 0 | X43: =-$E$2 -> -1357.5 | AA43: =O43+R43 -> -20621.25 | AB43: =W43 -> 0 | AC43: =AA43-AB43 -> -20621.25 | AW43: =AB43+R43 -> 100 | AX43: =IF(AW43>0,0,-Y43) -> 0 | AZ43: =AW43+AX43 -> 100 | BA43: =BA42+AX43 -> 0
K44: =K43+1 -> 6 | L44: =L43+1 -> 30 | M44: =M43+N43+S43+V43+P43 -> -21978.75 | N44: =Income!$N$6 -> 1783.75 | O44: =M44+N44 -> -20195 | P44: =SUM(X44:Z44) -> -8605.5 | Q44: =IF((O44+P44)<0,(O44+P44),0) -> -28800.5 | R44: =R43+$C$18-S43 -> 100 | S44: =IF(Q44=0,0,IF(R44>-Q44,-Q44,R44)) -> 100 | T44: =IF(R44<-Q44,"y","") -> y | U44: =IF(Y44=-4200,"y","") | V44: =IF(AND(T44="y",U44="y"),-Y44,0) -> 0 | W44: =(W43*(1+$H$4/12)+V44) -> 0 | X44: =-$E$2 -> -1357.5 | Y44: -7248 | AA44: =O44+R44 -> -20095 | AB44: =W44 -> 0 | AC44: =AA44-AB44 -> -20095 | AW44: =AB44+R44 -> 100 | AX44: =IF(AW44>0,0,-Y44) -> 0 | AZ44: =AW44+AX44 -> 100 | BA44: =BA43+AX44 -> 0
K45: =K44+1 -> 7 | L45: =L44+1 -> 31 | M45: =M44+N44+S44+V44+P44 -> -28700.5 | N45: =Income!$N$6 -> 1783.75 | O45: =M45+N45 -> -26916.75 | P45: =SUM(X45:Z45) -> -1357.5 | Q45: =IF((O45+P45)<0,(O45+P45),0) -> -28274.25 | R45: =R44+$C$18-S44 -> 100 | S45: =IF(Q45=0,0,IF(R45>-Q45,-Q45,R45)) -> 100 | T45: =IF(R45<-Q45,"y","") -> y | U45: =IF(Y45=-4200,"y","") | V45: =IF(AND(T45="y",U45="y"),-Y45,0) -> 0 | W45: =(W44*(1+$H$4/12)+V45) -> 0 | X45: =-$E$2 -> -1357.5 | AA45: =O45+R45 -> -26816.75 | AB45: =W45 -> 0 | AC45: =AA45-AB45 -> -26816.75 | AW45: =AB45+R45 -> 100 | AX45: =IF(AW45>0,0,-Y45) -> 0 | AZ45: =AW45+AX45 -> 100 | BA45: =BA44+AX45 -> 0
K46: =K45+1 -> 8 | L46: =L45+1 -> 32 | M46: =M45+N45+S45+V45+P45 -> -28174.25 | N46: =Income!$N$6 -> 1783.75 | O46: =M46+N46 -> -26390.5 | P46: =SUM(X46:Z46) -> -1357.5 | Q46: =IF((O46+P46)<0,(O46+P46),0) -> -27748 | R46: =R45+$C$18-S45 -> 100 | S46: =IF(Q46=0,0,IF(R46>-Q46,-Q46,R46)) -> 100 | T46: =IF(R46<-Q46,"y","") -> y | U46: =IF(Y46=-4200,"y","") | V46: =IF(AND(T46="y",U46="y"),-Y46,0) -> 0 | W46: =(W45*(1+$H$4/12)+V46) -> 0 | X46: =-$E$2 -> -1357.5 | AA46: =O46+R46 -> -26290.5 | AB46: =W46 -> 0 | AC46: =AA46-AB46 -> -26290.5 | AW46: =AB46+R46 -> 100 | AX46: =IF(AW46>0,0,-Y46) -> 0 | AZ46: =AW46+AX46 -> 100 | BA46: =BA45+AX46 -> 0
K47: =K46+1 -> 9 | L47: =L46+1 -> 33 | M47: =M46+N46+S46+V46+P46 -> -27648 | N47: =Income!$N$6 -> 1783.75 | O47: =M47+N47 -> -25864.25 | P47: =SUM(X47:Z47) -> -1357.5 | Q47: =IF((O47+P47)<0,(O47+P47),0) -> -27221.75 | R47: =R46+$C$18-S46 -> 100 | S47: =IF(Q47=0,0,IF(R47>-Q47,-Q47,R47)) -> 100 | T47: =IF(R47<-Q47,"y","") -> y | U47: =IF(Y47=-4200,"y","") | V47: =IF(AND(T47="y",U47="y"),-Y47,0) -> 0 | W47: =(W46*(1+$H$4/12)+V47) -> 0 | X47: =-$E$2 -> -1357.5 | AA47: =O47+R47 -> -25764.25 | AB47: =W47 -> 0 | AC47: =AA47-AB47 -> -25764.25 | AW47: =AB47+R47 -> 100 | AX47: =IF(AW47>0,0,-Y47) -> 0 | AZ47: =AW47+AX47 -> 100 | BA47: =BA46+AX47 -> 0
K48: =K47+1 -> 10 | L48: =L47+1 -> 34 | M48: =M47+N47+S47+V47+P47 -> -27121.75 | N48: =Income!$N$6 -> 1783.75 | O48: =M48+N48 -> -25338 | P48: =SUM(X48:Z48) -> -1357.5 | Q48: =IF((O48+P48)<0,(O48+P48),0) -> -26695.5 | R48: =R47+$C$18-S47 -> 100 | S48: =IF(Q48=0,0,IF(R48>-Q48,-Q48,R48)) -> 100 | T48: =IF(R48<-Q48,"y","") -> y | U48: =IF(Y48=-4200,"y","") | V48: =IF(AND(T48="y",U48="y"),-Y48,0) -> 0 | W48: =(W47*(1+$H$4/12)+V48) -> 0 | X48: =-$E$2 -> -1357.5 | AA48: =O48+R48 -> -25238 | AB48: =W48 -> 0 | AC48: =AA48-AB48 -> -25238 | AW48: =AB48+R48 -> 100 | AX48: =IF(AW48>0,0,-Y48) -> 0 | AZ48: =AW48+AX48 -> 100 | BA48: =BA47+AX48 -> 0
K49: =K48+1 -> 11 | L49: =L48+1 -> 35 | M49: =M48+N48+S48+V48+P48 -> -26595.5 | N49: =Income!$N$6 -> 1783.75 | O49: =M49+N49 -> -24811.75 | P49: =SUM(X49:Z49) -> -1357.5 | Q49: =IF((O49+P49)<0,(O49+P49),0) -> -26169.25 | R49: =R48+$C$18-S48 -> 100 | S49: =IF(Q49=0,0,IF(R49>-Q49,-Q49,R49)) -> 100 | T49: =IF(R49<-Q49,"y","") -> y | U49: =IF(Y49=-4200,"y","") | V49: =IF(AND(T49="y",U49="y"),-Y49,0) -> 0 | W49: =(W48*(1+$H$4/12)+V49) -> 0 | X49: =-$E$2 -> -1357.5 | AA49: =O49+R49 -> -24711.75 | AB49: =W49 -> 0 | AC49: =AA49-AB49 -> -24711.75 | AW49: =AB49+R49 -> 100 | AX49: =IF(AW49>0,0,-Y49) -> 0 | AZ49: =AW49+AX49 -> 100 | BA49: =BA48+AX49 -> 0
K50: =K49+1 -> 12 | L50: =L49+1 -> 36 | M50: =M49+N49+S49+V49+P49 -> -26069.25 | N50: =Income!$N$6 -> 1783.75 | O50: =M50+N50 -> -24285.5 | P50: =SUM(X50:Z50) -> -8605.5 | Q50: =IF((O50+P50)<0,(O50+P50),0) -> -32891 | R50: =R49+$C$18-S49 -> 100 | S50: =IF(Q50=0,0,IF(R50>-Q50,-Q50,R50)) -> 100 | T50: =IF(R50<-Q50,"y","") -> y | U50: =IF(Y50=-4200,"y","") | V50: =IF(AND(T50="y",U50="y"),-Y50,0) -> 0 | W50: =(W49*(1+$H$4/12)+V50) -> 0 | X50: =-$E$2 -> -1357.5 | Y50: -7248 | AA50: =O50+R50 -> -24185.5 | AB50: =W50 -> 0 | AC50: =AA50-AB50 -> -24185.5 | AW50: =AB50+R50 -> 100 | AX50: =IF(AW50>0,0,-Y50) -> 0 | AZ50: =AW50+AX50 -> 100 | BA50: =BA49+AX50 -> 0
J51: 4 | K51: 1 | L51: =L50+1 -> 37 | M51: =M50+N50+S50+V50+P50 -> -32791 | N51: =Income!$N$6 -> 1783.75 | O51: =M51+N51 -> -31007.25 | P51: =SUM(X51:Z51) -> -1357.5 | Q51: =IF((O51+P51)<0,(O51+P51),0) -> -32364.75 | R51: =R50+$C$18-S50 -> 100 | S51: =IF(Q51=0,0,IF(R51>-Q51,-Q51,R51)) -> 100 | T51: =IF(R51<-Q51,"y","") -> y | U51: =IF(Y51=-4200,"y","") | V51: =IF(AND(T51="y",U51="y"),-Y51,0) -> 0 | W51: =(W50*(1+$H$4/12)+V51) -> 0 | X51: =-$E$2 -> -1357.5 | AA51: =O51+R51 -> -30907.25 | AB51: =W51 -> 0 | AC51: =AA51-AB51 -> -30907.25 | AW51: =AB51+R51 -> 100 | AX51: =IF(AW51>0,0,-Y51) -> 0 | AZ51: =AW51+AX51 -> 100 | BA51: =BA50+AX51 -> 0
K52: =K51+1 -> 2 | L52: =L51+1 -> 38 | M52: =M51+N51+S51+V51+P51 -> -32264.75 | N52: =Income!$N$6 -> 1783.75 | O52: =M52+N52 -> -30481 | P52: =SUM(X52:Z52) -> -1357.5 | Q52: =IF((O52+P52)<0,(O52+P52),0) -> -31838.5 | R52: =R51+$C$18-S51 -> 100 | S52: =IF(Q52=0,0,IF(R52>-Q52,-Q52,R52)) -> 100 | T52: =IF(R52<-Q52,"y","") -> y | U52: =IF(Y52=-4200,"y","") | V52: =IF(AND(T52="y",U52="y"),-Y52,0) -> 0 | W52: =(W51*(1+$H$4/12)+V52) -> 0 | X52: =-$E$2 -> -1357.5 | AA52: =O52+R52 -> -30381 | AB52: =W52 -> 0 | AC52: =AA52-AB52 -> -30381 | AW52: =AB52+R52 -> 100 | AX52: =IF(AW52>0,0,-Y52) -> 0 | AZ52: =AW52+AX52 -> 100 | BA52: =BA51+AX52 -> 0
K53: =K52+1 -> 3 | L53: =L52+1 -> 39 | M53: =M52+N52+S52+V52+P52 -> -31738.5 | N53: =Income!$N$6 -> 1783.75 | O53: =M53+N53 -> -29954.75 | P53: =SUM(X53:Z53) -> -1357.5 | Q53: =IF((O53+P53)<0,(O53+P53),0) -> -31312.25 | R53: =R52+$C$18-S52 -> 100 | S53: =IF(Q53=0,0,IF(R53>-Q53,-Q53,R53)) -> 100 | T53: =IF(R53<-Q53,"y","") -> y | U53: =IF(Y53=-4200,"y","") | V53: =IF(AND(T53="y",U53="y"),-Y53,0) -> 0 | W53: =(W52*(1+$H$4/12)+V53) -> 0 | X53: =-$E$2 -> -1357.5 | AA53: =O53+R53 -> -29854.75 | AB53: =W53 -> 0 | AC53: =AA53-AB53 -> -29854.75 | AW53: =AB53+R53 -> 100 | AX53: =IF(AW53>0,0,-Y53) -> 0 | AZ53: =AW53+AX53 -> 100 | BA53: =BA52+AX53 -> 0
K54: =K53+1 -> 4 | L54: =L53+1 -> 40 | M54: =M53+N53+S53+V53+P53 -> -31212.25 | N54: =Income!$N$6 -> 1783.75 | O54: =M54+N54 -> -29428.5 | P54: =SUM(X54:Z54) -> -1357.5 | Q54: =IF((O54+P54)<0,(O54+P54),0) -> -30786 | R54: =R53+$C$18-S53 -> 100 | S54: =IF(Q54=0,0,IF(R54>-Q54,-Q54,R54)) -> 100 | T54: =IF(R54<-Q54,"y","") -> y | U54: =IF(Y54=-4200,"y","") | V54: =IF(AND(T54="y",U54="y"),-Y54,0) -> 0 | W54: =(W53*(1+$H$4/12)+V54) -> 0 | X54: =-$E$2 -> -1357.5 | AA54: =O54+R54 -> -29328.5 | AB54: =W54 -> 0 | AC54: =AA54-AB54 -> -29328.5 | AW54: =AB54+R54 -> 100 | AX54: =IF(AW54>0,0,-Y54) -> 0 | AZ54: =AW54+AX54 -> 100 | BA54: =BA53+AX54 -> 0
K55: =K54+1 -> 5 | L55: =L54+1 -> 41 | M55: =M54+N54+S54+V54+P54 -> -30686 | N55: =Income!$N$6 -> 1783.75 | O55: =M55+N55 -> -28902.25 | P55: =SUM(X55:Z55) -> -1357.5 | Q55: =IF((O55+P55)<0,(O55+P55),0) -> -30259.75 | R55: =R54+$C$18-S54 -> 100 | S55: =IF(Q55=0,0,IF(R55>-Q55,-Q55,R55)) -> 100 | T55: =IF(R55<-Q55,"y","") -> y | U55: =IF(Y55=-4200,"y","") | V55: =IF(AND(T55="y",U55="y"),-Y55,0) -> 0 | W55: =(W54*(1+$H$4/12)+V55) -> 0 | X55: =-$E$2 -> -1357.5 | AA55: =O55+R55 -> -28802.25 | AB55: =W55 -> 0 | AC55: =AA55-AB55 -> -28802.25 | AW55: =AB55+R55 -> 100 | AX55: =IF(AW55>0,0,-Y55) -> 0 | AZ55: =AW55+AX55 -> 100 | BA55: =BA54+AX55 -> 0
K56: =K55+1 -> 6 | L56: =L55+1 -> 42 | M56: =M55+N55+S55+V55+P55 -> -30159.75 | N56: =Income!$N$6 -> 1783.75 | O56: =M56+N56 -> -28376 | P56: =SUM(X56:Z56) -> -8605.5 | Q56: =IF((O56+P56)<0,(O56+P56),0) -> -36981.5 | R56: =R55+$C$18-S55 -> 100 | S56: =IF(Q56=0,0,IF(R56>-Q56,-Q56,R56)) -> 100 | T56: =IF(R56<-Q56,"y","") -> y | U56: =IF(Y56=-4200,"y","") | V56: =IF(AND(T56="y",U56="y"),-Y56,0) -> 0 | W56: =(W55*(1+$H$4/12)+V56) -> 0 | X56: =-$E$2 -> -1357.5 | Y56: -7248 | AA56: =O56+R56 -> -28276 | AB56: =W56 -> 0 | AC56: =AA56-AB56 -> -28276 | AW56: =AB56+R56 -> 100 | AX56: =IF(AW56>0,0,-Y56) -> 0 | AZ56: =AW56+AX56 -> 100 | BA56: =BA55+AX56 -> 0
K57: =K56+1 -> 7 | L57: =L56+1 -> 43 | M57: =M56+N56+S56+V56+P56 -> -36881.5 | N57: =Income!$N$6 -> 1783.75 | O57: =M57+N57 -> -35097.75 | P57: =SUM(X57:Z57) -> -1357.5 | Q57: =IF((O57+P57)<0,(O57+P57),0) -> -36455.25 | R57: =R56+$C$18-S56 -> 100 | S57: =IF(Q57=0,0,IF(R57>-Q57,-Q57,R57)) -> 100 | T57: =IF(R57<-Q57,"y","") -> y | U57: =IF(Y57=-4200,"y","") | V57: =IF(AND(T57="y",U57="y"),-Y57,0) -> 0 | W57: =(W56*(1+$H$4/12)+V57) -> 0 | X57: =-$E$2 -> -1357.5 | AA57: =O57+R57 -> -34997.75 | AB57: =W57 -> 0 | AC57: =AA57-AB57 -> -34997.75 | AW57: =AB57+R57 -> 100 | AX57: =IF(AW57>0,0,-Y57) -> 0 | AZ57: =AW57+AX57 -> 100 | BA57: =BA56+AX57 -> 0
K58: =K57+1 -> 8 | L58: =L57+1 -> 44 | M58: =M57+N57+S57+V57+P57 -> -36355.25 | N58: =Income!$N$6 -> 1783.75 | O58: =M58+N58 -> -34571.5 | P58: =SUM(X58:Z58) -> -1357.5 | Q58: =IF((O58+P58)<0,(O58+P58),0) -> -35929 | R58: =R57+$C$18-S57 -> 100 | S58: =IF(Q58=0,0,IF(R58>-Q58,-Q58,R58)) -> 100 | T58: =IF(R58<-Q58,"y","") -> y | U58: =IF(Y58=-4200,"y","") | V58: =IF(AND(T58="y",U58="y"),-Y58,0) -> 0 | W58: =(W57*(1+$H$4/12)+V58) -> 0 | X58: =-$E$2 -> -1357.5 | AA58: =O58+R58 -> -34471.5 | AB58: =W58 -> 0 | AC58: =AA58-AB58 -> -34471.5 | AW58: =AB58+R58 -> 100 | AX58: =IF(AW58>0,0,-Y58) -> 0 | AZ58: =AW58+AX58 -> 100 | BA58: =BA57+AX58 -> 0
K59: =K58+1 -> 9 | L59: =L58+1 -> 45 | M59: =M58+N58+S58+V58+P58 -> -35829 | N59: =Income!$N$6 -> 1783.75 | O59: =M59+N59 -> -34045.25 | P59: =SUM(X59:Z59) -> -1357.5 | Q59: =IF((O59+P59)<0,(O59+P59),0) -> -35402.75 | R59: =R58+$C$18-S58 -> 100 | S59: =IF(Q59=0,0,IF(R59>-Q59,-Q59,R59)) -> 100 | T59: =IF(R59<-Q59,"y","") -> y | U59: =IF(Y59=-4200,"y","") | V59: =IF(AND(T59="y",U59="y"),-Y59,0) -> 0 | W59: =(W58*(1+$H$4/12)+V59) -> 0 | X59: =-$E$2 -> -1357.5 | AA59: =O59+R59 -> -33945.25 | AB59: =W59 -> 0 | AC59: =AA59-AB59 -> -33945.25 | AW59: =AB59+R59 -> 100 | AX59: =IF(AW59>0,0,-Y59) -> 0 | AZ59: =AW59+AX59 -> 100 | BA59: =BA58+AX59 -> 0
K60: =K59+1 -> 10 | L60: =L59+1 -> 46 | M60: =M59+N59+S59+V59+P59 -> -35302.75 | N60: =Income!$N$6 -> 1783.75 | O60: =M60+N60 -> -33519 | P60: =SUM(X60:Z60) -> -1357.5 | Q60: =IF((O60+P60)<0,(O60+P60),0) -> -34876.5 | R60: =R59+$C$18-S59 -> 100 | S60: =IF(Q60=0,0,IF(R60>-Q60,-Q60,R60)) -> 100 | T60: =IF(R60<-Q60,"y","") -> y | U60: =IF(Y60=-4200,"y","") | V60: =IF(AND(T60="y",U60="y"),-Y60,0) -> 0 | W60: =(W59*(1+$H$4/12)+V60) -> 0 | X60: =-$E$2 -> -1357.5 | AA60: =O60+R60 -> -33419 | AB60: =W60 -> 0 | AC60: =AA60-AB60 -> -33419 | AW60: =AB60+R60 -> 100 | AX60: =IF(AW60>0,0,-Y60) -> 0 | AZ60: =AW60+AX60 -> 100 | BA60: =BA59+AX60 -> 0
K61: =K60+1 -> 11 | L61: =L60+1 -> 47 | M61: =M60+N60+S60+V60+P60 -> -34776.5 | N61: =Income!$N$6 -> 1783.75 | O61: =M61+N61 -> -32992.75 | P61: =SUM(X61:Z61) -> -1357.5 | Q61: =IF((O61+P61)<0,(O61+P61),0) -> -34350.25 | R61: =R60+$C$18-S60 -> 100 | S61: =IF(Q61=0,0,IF(R61>-Q61,-Q61,R61)) -> 100 | T61: =IF(R61<-Q61,"y","") -> y | U61: =IF(Y61=-4200,"y","") | V61: =IF(AND(T61="y",U61="y"),-Y61,0) -> 0 | W61: =(W60*(1+$H$4/12)+V61) -> 0 | X61: =-$E$2 -> -1357.5 | AA61: =O61+R61 -> -32892.75 | AB61: =W61 -> 0 | AC61: =AA61-AB61 -> -32892.75 | AW61: =AB61+R61 -> 100 | AX61: =IF(AW61>0,0,-Y61) -> 0 | AZ61: =AW61+AX61 -> 100 | BA61: =BA60+AX61 -> 0
K62: =K61+1 -> 12 | L62: =L61+1 -> 48 | M62: =M61+N61+S61+V61+P61 -> -34250.25 | N62: =Income!$N$6 -> 1783.75 | O62: =M62+N62 -> -32466.5 | P62: =SUM(X62:Z62) -> -1357.5 | Q62: =IF((O62+P62)<0,(O62+P62),0) -> -33824 | R62: =R61+$C$18-S61 -> 100 | S62: =IF(Q62=0,0,IF(R62>-Q62,-Q62,R62)) -> 100 | T62: =IF(R62<-Q62,"y","") -> y | U62: =IF(Y62=-4200,"y","") | V62: =IF(AND(T62="y",U62="y"),-Y62,0) -> 0 | W62: =(W61*(1+$H$4/12)+V62) -> 0 | X62: =-$E$2 -> -1357.5 | AA62: =O62+R62 -> -32366.5 | AB62: =W62 -> 0 | AC62: =AA62-AB62 -> -32366.5 | AW62: =AB62+R62 -> 100 | AX62: =IF(AW62>0,0,-Y62) -> 0 | AZ62: =AW62+AX62 -> 100 | BA62: =BA61+AX62 -> 0
J63: 5 | K63: 1 | L63: =L62+1 -> 49 | M63: =M62+N62+S62+V62+P62 -> -33724 | N63: =Income!$N$6 -> 1783.75 | O63: =M63+N63 -> -31940.25 | P63: =SUM(X63:Z63) -> -1357.5 | Q63: =IF((O63+P63)<0,(O63+P63),0) -> -33297.75 | R63: =R62+$C$18-S62 -> 100 | S63: =IF(Q63=0,0,IF(R63>-Q63,-Q63,R63)) -> 100 | T63: =IF(R63<-Q63,"y","") -> y | U63: =IF(Y63=-4200,"y","") | V63: =IF(AND(T63="y",U63="y"),-Y63,0) -> 0 | W63: =(W62*(1+$H$4/12)+V63) -> 0 | X63: =-$E$2 -> -1357.5 | AA63: =O63+R63 -> -31840.25 | AB63: =W63 -> 0 | AC63: =AA63-AB63 -> -31840.25 | AW63: =AB63+R63 -> 100 | AX63: =IF(AW63>0,0,-Y63) -> 0 | AZ63: =AW63+AX63 -> 100 | BA63: =BA62+AX63 -> 0
K64: =K63+1 -> 2 | L64: =L63+1 -> 50 | M64: =M63+N63+S63+V63+P63 -> -33197.75 | N64: =Income!$N$6 -> 1783.75 | O64: =M64+N64 -> -31414 | P64: =SUM(X64:Z64) -> -1357.5 | Q64: =IF((O64+P64)<0,(O64+P64),0) -> -32771.5 | R64: =R63+$C$18-S63 -> 100 | S64: =IF(Q64=0,0,IF(R64>-Q64,-Q64,R64)) -> 100 | T64: =IF(R64<-Q64,"y","") -> y | U64: =IF(Y64=-4200,"y","") | V64: =IF(AND(T64="y",U64="y"),-Y64,0) -> 0 | W64: =(W63*(1+$H$4/12)+V64) -> 0 | X64: =-$E$2 -> -1357.5 | AA64: =O64+R64 -> -31314 | AB64: =W64 -> 0 | AC64: =AA64-AB64 -> -31314 | AW64: =AB64+R64 -> 100 | AX64: =IF(AW64>0,0,-Y64) -> 0 | AZ64: =AW64+AX64 -> 100 | BA64: =BA63+AX64 -> 0
K65: =K64+1 -> 3 | L65: =L64+1 -> 51 | M65: =M64+N64+S64+V64+P64 -> -32671.5 | N65: =Income!$N$6 -> 1783.75 | O65: =M65+N65 -> -30887.75 | P65: =SUM(X65:Z65) -> -1357.5 | Q65: =IF((O65+P65)<0,(O65+P65),0) -> -32245.25 | R65: =R64+$C$18-S64 -> 100 | S65: =IF(Q65=0,0,IF(R65>-Q65,-Q65,R65)) -> 100 | T65: =IF(R65<-Q65,"y","") -> y | U65: =IF(Y65=-4200,"y","") | V65: =IF(AND(T65="y",U65="y"),-Y65,0) -> 0 | W65: =(W64*(1+$H$4/12)+V65) -> 0 | X65: =-$E$2 -> -1357.5 | AA65: =O65+R65 -> -30787.75 | AB65: =W65 -> 0 | AC65: =AA65-AB65 -> -30787.75 | AW65: =AB65+R65 -> 100 | AX65: =IF(AW65>0,0,-Y65) -> 0 | AZ65: =AW65+AX65 -> 100 | BA65: =BA64+AX65 -> 0
K66: =K65+1 -> 4 | L66: =L65+1 -> 52 | M66: =M65+N65+S65+V65+P65 -> -32145.25 | N66: =Income!$N$6 -> 1783.75 | O66: =M66+N66 -> -30361.5 | P66: =SUM(X66:Z66) -> -1357.5 | Q66: =IF((O66+P66)<0,(O66+P66),0) -> -31719 | R66: =R65+$C$18-S65 -> 100 | S66: =IF(Q66=0,0,IF(R66>-Q66,-Q66,R66)) -> 100 | T66: =IF(R66<-Q66,"y","") -> y | U66: =IF(Y66=-4200,"y","") | V66: =IF(AND(T66="y",U66="y"),-Y66,0) -> 0 | W66: =(W65*(1+$H$4/12)+V66) -> 0 | X66: =-$E$2 -> -1357.5 | AA66: =O66+R66 -> -30261.5 | AB66: =W66 -> 0 | AC66: =AA66-AB66 -> -30261.5 | AW66: =AB66+R66 -> 100 | AX66: =IF(AW66>0,0,-Y66) -> 0 | AZ66: =AW66+AX66 -> 100 | BA66: =BA65+AX66 -> 0
K67: =K66+1 -> 5 | L67: =L66+1 -> 53 | M67: =M66+N66+S66+V66+P66 -> -31619 | N67: =Income!$N$6 -> 1783.75 | O67: =M67+N67 -> -29835.25 | P67: =SUM(X67:Z67) -> -1357.5 | Q67: =IF((O67+P67)<0,(O67+P67),0) -> -31192.75 | R67: =R66+$C$18-S66 -> 100 | S67: =IF(Q67=0,0,IF(R67>-Q67,-Q67,R67)) -> 100 | T67: =IF(R67<-Q67,"y","") -> y | U67: =IF(Y67=-4200,"y","") | V67: =IF(AND(T67="y",U67="y"),-Y67,0) -> 0 | W67: =(W66*(1+$H$4/12)+V67) -> 0 | X67: =-$E$2 -> -1357.5 | AA67: =O67+R67 -> -29735.25 | AB67: =W67 -> 0 | AC67: =AA67-AB67 -> -29735.25 | AW67: =AB67+R67 -> 100 | AX67: =IF(AW67>0,0,-Y67) -> 0 | AZ67: =AW67+AX67 -> 100 | BA67: =BA66+AX67 -> 0
K68: =K67+1 -> 6 | L68: =L67+1 -> 54 | M68: =M67+N67+S67+V67+P67 -> -31092.75 | N68: =Income!$N$6 -> 1783.75 | O68: =M68+N68 -> -29309 | P68: =SUM(X68:Z68) -> -1357.5 | Q68: =IF((O68+P68)<0,(O68+P68),0) -> -30666.5 | R68: =R67+$C$18-S67 -> 100 | S68: =IF(Q68=0,0,IF(R68>-Q68,-Q68,R68)) -> 100 | T68: =IF(R68<-Q68,"y","") -> y | U68: =IF(Y68=-4200,"y","") | V68: =IF(AND(T68="y",U68="y"),-Y68,0) -> 0 | W68: =(W67*(1+$H$4/12)+V68) -> 0 | X68: =-$E$2 -> -1357.5 | AA68: =O68+R68 -> -29209 | AB68: =W68 -> 0 | AC68: =AA68-AB68 -> -29209 | AW68: =AB68+R68 -> 100 | AX68: =IF(AW68>0,0,-Y68) -> 0 | AZ68: =AW68+AX68 -> 100 | BA68: =BA67+AX68 -> 0
K69: =K68+1 -> 7 | L69: =L68+1 -> 55 | M69: =M68+N68+S68+V68+P68 -> -30566.5 | N69: =Income!$N$6 -> 1783.75 | O69: =M69+N69 -> -28782.75 | P69: =SUM(X69:Z69) -> -1357.5 | Q69: =IF((O69+P69)<0,(O69+P69),0) -> -30140.25 | R69: =R68+$C$18-S68 -> 100 | S69: =IF(Q69=0,0,IF(R69>-Q69,-Q69,R69)) -> 100 | T69: =IF(R69<-Q69,"y","") -> y | U69: =IF(Y69=-4200,"y","") | V69: =IF(AND(T69="y",U69="y"),-Y69,0) -> 0 | W69: =(W68*(1+$H$4/12)+V69) -> 0 | X69: =-$E$2 -> -1357.5 | AA69: =O69+R69 -> -28682.75 | AB69: =W69 -> 0 | AC69: =AA69-AB69 -> -28682.75 | AW69: =AB69+R69 -> 100 | AX69: =IF(AW69>0,0,-Y69) -> 0 | AZ69: =AW69+AX69 -> 100 | BA69: =BA68+AX69 -> 0
K70: =K69+1 -> 8 | L70: =L69+1 -> 56 | M70: =M69+N69+S69+V69+P69 -> -30040.25 | N70: =Income!$N$6 -> 1783.75 | O70: =M70+N70 -> -28256.5 | P70: =SUM(X70:Z70) -> -1357.5 | Q70: =IF((O70+P70)<0,(O70+P70),0) -> -29614 | R70: =R69+$C$18-S69 -> 100 | S70: =IF(Q70=0,0,IF(R70>-Q70,-Q70,R70)) -> 100 | T70: =IF(R70<-Q70,"y","") -> y | U70: =IF(Y70=-4200,"y","") | V70: =IF(AND(T70="y",U70="y"),-Y70,0) -> 0 | W70: =(W69*(1+$H$4/12)+V70) -> 0 | X70: =-$E$2 -> -1357.5 | AA70: =O70+R70 -> -28156.5 | AB70: =W70 -> 0 | AC70: =AA70-AB70 -> -28156.5 | AW70: =AB70+R70 -> 100 | AX70: =IF(AW70>0,0,-Y70) -> 0 | AZ70: =AW70+AX70 -> 100 | BA70: =BA69+AX70 -> 0
K71: =K70+1 -> 9 | L71: =L70+1 -> 57 | M71: =M70+N70+S70+V70+P70 -> -29514 | N71: =Income!$N$6 -> 1783.75 | O71: =M71+N71 -> -27730.25 | P71: =SUM(X71:Z71) -> -1357.5 | Q71: =IF((O71+P71)<0,(O71+P71),0) -> -29087.75 | R71: =R70+$C$18-S70 -> 100 | S71: =IF(Q71=0,0,IF(R71>-Q71,-Q71,R71)) -> 100 | T71: =IF(R71<-Q71,"y","") -> y | U71: =IF(Y71=-4200,"y","") | V71: =IF(AND(T71="y",U71="y"),-Y71,0) -> 0 | W71: =(W70*(1+$H$4/12)+V71) -> 0 | X71: =-$E$2 -> -1357.5 | AA71: =O71+R71 -> -27630.25 | AB71: =W71 -> 0 | AC71: =AA71-AB71 -> -27630.25 | AW71: =AB71+R71 -> 100 | AX71: =IF(AW71>0,0,-Y71) -> 0 | AZ71: =AW71+AX71 -> 100 | BA71: =BA70+AX71 -> 0
K72: =K71+1 -> 10 | L72: =L71+1 -> 58 | M72: =M71+N71+S71+V71+P71 -> -28987.75 | N72: =Income!$N$6 -> 1783.75 | O72: =M72+N72 -> -27204 | P72: =SUM(X72:Z72) -> -1357.5 | Q72: =IF((O72+P72)<0,(O72+P72),0) -> -28561.5 | R72: =R71+$C$18-S71 -> 100 | S72: =IF(Q72=0,0,IF(R72>-Q72,-Q72,R72)) -> 100 | T72: =IF(R72<-Q72,"y","") -> y | U72: =IF(Y72=-4200,"y","") | V72: =IF(AND(T72="y",U72="y"),-Y72,0) -> 0 | W72: =(W71*(1+$H$4/12)+V72) -> 0 | X72: =-$E$2 -> -1357.5 | AA72: =O72+R72 -> -27104 | AB72: =W72 -> 0 | AC72: =AA72-AB72 -> -27104 | AW72: =AB72+R72 -> 100 | AX72: =IF(AW72>0,0,-Y72) -> 0 | AZ72: =AW72+AX72 -> 100 | BA72: =BA71+AX72 -> 0
K73: =K72+1 -> 11 | L73: =L72+1 -> 59 | M73: =M72+N72+S72+V72+P72 -> -28461.5 | N73: =Income!$N$6 -> 1783.75 | O73: =M73+N73 -> -26677.75 | P73: =SUM(X73:Z73) -> -1357.5 | Q73: =IF((O73+P73)<0,(O73+P73),0) -> -28035.25 | R73: =R72+$C$18-S72 -> 100 | S73: =IF(Q73=0,0,IF(R73>-Q73,-Q73,R73)) -> 100 | T73: =IF(R73<-Q73,"y","") -> y | U73: =IF(Y73=-4200,"y","") | V73: =IF(AND(T73="y",U73="y"),-Y73,0) -> 0 | W73: =(W72*(1+$H$4/12)+V73) -> 0 | X73: =-$E$2 -> -1357.5 | AA73: =O73+R73 -> -26577.75 | AB73: =W73 -> 0 | AC73: =AA73-AB73 -> -26577.75 | AW73: =AB73+R73 -> 100 | AX73: =IF(AW73>0,0,-Y73) -> 0 | AZ73: =AW73+AX73 -> 100 | BA73: =BA72+AX73 -> 0
K74: =K73+1 -> 12 | L74: =L73+1 -> 60 | M74: =M73+N73+S73+V73+P73 -> -27935.25 | N74: =Income!$N$6 -> 1783.75 | O74: =M74+N74 -> -26151.5 | P74: =SUM(X74:Z74) -> -1357.5 | Q74: =IF((O74+P74)<0,(O74+P74),0) -> -27509 | R74: =R73+$C$18-S73 -> 100 | S74: =IF(Q74=0,0,IF(R74>-Q74,-Q74,R74)) -> 100 | T74: =IF(R74<-Q74,"y","") -> y | U74: =IF(Y74=-4200,"y","") | V74: =IF(AND(T74="y",U74="y"),-Y74,0) -> 0 | W74: =(W73*(1+$H$4/12)+V74) -> 0 | X74: =-$E$2 -> -1357.5 | AA74: =O74+R74 -> -26051.5 | AB74: =W74 -> 0 | AC74: =AA74-AB74 -> -26051.5 | AW74: =AB74+R74 -> 100 | AX74: =IF(AW74>0,0,-Y74) -> 0 | AZ74: =AW74+AX74 -> 100 | BA74: =BA73+AX74 -> 0
AZ75: =AW75+AX75 -> 0 | BA75: =BA74+AX75 -> 0
J113: =K4*12 -> 5115 | N113: left every year
K115: =-List!I1 -> -2496.54 | N115: move-in expenses
J116: 95 | K116: =-12*J116 -> -1140 | N116: Study.com for 12 months
K118: =$J$113+K115+K116 -> 1478.46 | N118: left after year #1
J120: =$J$113 -> 5115 | N120: add during year #2
N121: starting balance for year #2
K122: =-$J$116*6 -> -570 | N122: Study.com for 6 months
K123: =-$I$26*1 -> 0 | N123: WGU for 1 term (6 month)
K125: =(K118+J120)+K122+K123 -> 6023.46 | N125: left after year #2
K127: =J113 -> 5115 | N127: add in year #3
K129: =-I26*2 -> 0 | N129: 2 terms in year #3 for WGU
K131: =K125+K127+K129 -> 11138.46 | N131: debt after year #3
K133: =J113 -> 5115 | N133: add in year #4
K135: =-I26*2 -> 0 | N135: 2 terms in year #4 for WGU
K137: =SUM(K131:K135) -> 16253.46 | N137: debt after year #4
K139: =J113 -> 5115 | N139: add in year #5 (all 12 mos)
K141: =-I26*1 -> 0 | N141: 1 term in year #5 at WGU
K143: =SUM(K137:K141) -> 21368.46 | N143: total debt after year #5

Sheet Table
A1: Small Studio Apartment Furnishing Checklist
A2: Comprehensive starter list for a roughly 500 sq. ft. studio apartment. Delete or mark items that are unnecessary.
A4: Room / Area | B4: Category | C4: Item | D4: Qty | E4: ea | F4: total | G4: Priority | H4: Notes | I4: Estimated Cost | J4: Include?
A5: Entire Apartment / General | B5: Safety | C5: Smoke detector(s) | D5: 1 | G5: Essential | H5: Often supplied by landlord; verify operation | J5: No
A6: Entire Apartment / General | B6: Safety | C6: Carbon monoxide detector | D6: 1 | G6: Essential | H6: Especially important with gas appliances or attached garage | J6: No
A7: Entire Apartment / General | B7: Safety | C7: Fire extinguisher | D7: 1 | G7: Essential | H7: Multipurpose ABC type | J7: Yes
A8: Entire Apartment / General | B8: Safety | C8: First-aid kit | D8: 1 | G8: Essential | J8: Yes
A9: Entire Apartment / General | B9: Safety | C9: Flashlight | D9: 1 | G9: Essential | J9: Yes
A10: Entire Apartment / General | B10: Safety | C10: Extra batteries | D10: 1 | G10: Essential | H10: Match smoke detector, flashlight, and remotes | J10: Yes
A11: Entire Apartment / General | B11: Safety | C11: Emergency candles or battery lantern | D11: 1 | G11: Optional | H11: Avoid open flames where prohibited | J11: No
A12: Entire Apartment / General | B12: Safety | C12: Basic emergency supplies | D12: 1 | G12: Optional | H12: Water, shelf-stable food, basic medications | J12: No
A13: Entire Apartment / General | B13: Cleaning | C13: Vacuum cleaner | D13: 1 | G13: Essential | H13: Compact stick vacuum works well in a studio | J13: Yes
A14: Entire Apartment / General | B14: Cleaning | C14: Broom | D14: 1 | G14: Essential | J14: Yes
A15: Entire Apartment / General | B15: Cleaning | C15: Dustpan | D15: 1 | G15: Essential | J15: Yes
A16: Entire Apartment / General | B16: Cleaning | C16: Mop or spray mop | D16: 1 | G16: Essential | J16: Yes
A17: Entire Apartment / General | B17: Cleaning | C17: Bucket | D17: 1 | G17: Useful | J17: Yes
A18: Entire Apartment / General | B18: Cleaning | C18: All-purpose cleaner | D18: 1 | G18: Essential | J18: Yes
A19: Entire Apartment / General | B19: Cleaning | C19: Disinfecting cleaner | D19: 1 | G19: Useful | J19: Yes
A20: Entire Apartment / General | B20: Cleaning | C20: Glass cleaner | D20: 1 | G20: Useful | J20: Yes
A21: Entire Apartment / General | B21: Cleaning | C21: Floor cleaner | D21: 1 | G21: Essential | H21: Use type appropriate for flooring | J21: No
A22: Entire Apartment / General | B22: Cleaning | C22: Cleaning rags or microfiber cloths | D22: 6 | G22: Essential | J22: Yes
A23: Entire Apartment / General | B23: Cleaning | C23: Sponges | D23: 3 | G23: Essential | J23: Yes
A24: Entire Apartment / General | B24: Cleaning | C24: Rubber cleaning gloves | D24: 1 | G24: Useful | H24: 1 pair | J24: No
A25: Entire Apartment / General | B25: Cleaning | C25: Paper towels | D25: 2 | G25: Essential | H25: Starter supply | J25: Yes
A26: Entire Apartment / General | B26: Cleaning | C26: Trash bags | D26: 1 | G26: Essential | H26: Box sized for main trash can | J26: Yes
A27: Entire Apartment / General | B27: Cleaning | C27: Recycling bags or bin liners | D27: 1 | G27: Useful | J27: No
A28: Entire Apartment / General | B28: Laundry | C28: Laundry basket or hamper | D28: 1 | G28: Essential | J28: Yes
A29: Entire Apartment / General | B29: Laundry | C29: Laundry detergent | D29: 1 | G29: Essential | J29: Yes
A30: Entire Apartment / General | B30: Laundry | C30: Stain remover | D30: 1 | G30: Useful | J30: No
A31: Entire Apartment / General | B31: Laundry | C31: Dryer sheets or wool dryer balls | D31: 1 | G31: Optional | J31: No
A32: Entire Apartment / General | B32: Laundry | C32: Mesh laundry bags | D32: 2 | G32: Optional | H32: For delicate items | J32: No
A33: Entire Apartment / General | B33: Laundry | C33: Drying rack | D33: 1 | G33: Useful | J33: No
A34: Entire Apartment / General | B34: Laundry | C34: Iron | D34: 1 | G34: Optional | J34: Yes
A35: Entire Apartment / General | B35: Laundry | C35: Ironing board or ironing mat | D35: 1 | G35: Optional | J35: Yes
A36: Entire Apartment / General | B36: Tools | C36: Basic tool kit | D36: 1 | G36: Essential | H36: Hammer, screwdrivers, pliers, wrench, tape measure | J36: Yes
A37: Entire Apartment / General | B37: Tools | C37: Utility knife | D37: 1 | G37: Useful | J37: No
A38: Entire Apartment / General | B38: Tools | C38: Scissors | D38: 1 | G38: Essential | J38: Yes
A39: Entire Apartment / General | B39: Tools | C39: Tape measure | D39: 1 | G39: Essential | H39: May be included in tool kit | J39: Yes
A40: Entire Apartment / General | B40: Tools | C40: Level | D40: 1 | G40: Optional | J40: No
A41: Entire Apartment / General | B41: Tools | C41: Assorted nails, screws, and wall anchors | D41: 1 | G41: Useful | H41: Follow lease rules before hanging items | J41: No
A42: Entire Apartment / General | B42: Tools | C42: Removable adhesive hooks and strips | D42: 1 | G42: Useful | J42: No
A43: Entire Apartment / General | B43: Tools | C43: Duct tape | D43: 1 | G43: Useful | J43: Yes
A44: Entire Apartment / General | B44: Tools | C44: Packing tape | D44: 1 | G44: Useful | J44: Yes
A45: Entire Apartment / General | B45: Tools | C45: Super glue | D45: 1 | G45: Optional | J45: No
A46: Entire Apartment / General | B46: Electrical | C46: Power strips with surge protection | D46: 2 | G46: Essential | J46: Yes
A47: Entire Apartment / General | B47: Electrical | C47: Extension cords | D47: 2 | G47: Useful | H47: Use properly rated cords | J47: Yes
A48: Entire Apartment / General | B48: Electrical | C48: USB charging block | D48: 2 | G48: Essential | J48: Yes
A49: Entire Apartment / General | B49: Electrical | C49: Phone charging cable | D49: 2 | G49: Essential | H49: One spare | J49: Yes
A50: Entire Apartment / General | B50: Electrical | C50: Cable ties or cord organizers | D50: 1 | G50: Useful | J50: Yes
A51: Entire Apartment / General | B51: Electrical | C51: Replacement light bulbs | D51: 4 | G51: Essential | H51: Check socket type and wattage | J51: Yes
A52: Entire Apartment / General | B52: Climate | C52: Fan | D52: 1 | G52: Useful | H52: Floor, tower, or box fan | J52: Yes
A53: Entire Apartment / General | B53: Climate | C53: Space heater | D53: 1 | G53: Optional | H53: Only if allowed; follow safety rules | J53: No
A54: Entire Apartment / General | B54: Climate | C54: Humidifier | D54: 1 | G54: Optional | J54: No
A55: Entire Apartment / General | B55: Climate | C55: Small air purifier | D55: 1 | G55: Optional | J55: No
A56: Entire Apartment / General | B56: Organization | C56: Storage bins or totes | D56: 4 | G56: Useful | H56: Under-bed or stackable | J56: Yes
A57: Entire Apartment / General | B57: Organization | C57: Labels or label maker | D57: 1 | G57: Optional | J57: Yes
A58: Entire Apartment / General | B58: Organization | C58: Command hooks | D58: 1 | G58: Useful | J58: Yes
A59: Entire Apartment / General | B59: Miscellaneous | C59: Step stool | D59: 1 | G59: Useful | J59: Yes
A60: Entire Apartment / General | B60: Miscellaneous | C60: Umbrella | D60: 1 | G60: Useful | J60: Yes
A61: Entire Apartment / General | B61: Miscellaneous | C61: Doormat | D61: 1 | G61: Useful | J61: No
A62: Entire Apartment / General | B62: Miscellaneous | C62: Sewing kit | D62: 1 | G62: Useful | J62: No
A63: Entire Apartment / General | B63: Miscellaneous | C63: Lighter or matches | D63: 1 | G63: Optional | H63: For candles only where permitted | J63: No
A64: Sleeping Area / Bedroom | B64: Furniture | C64: Bed frame | D64: 1 | G64: Essential | H64: Platform frame may eliminate need for foundation | J64: Yes
A65: Sleeping Area / Bedroom | B65: Furniture | C65: Mattress | D65: 1 | G65: Essential | J65: Yes
A66: Sleeping Area / Bedroom | B66: Furniture | C66: Mattress foundation or box spring | D66: 1 | G66: Depends | H66: Not needed with some platform beds | J66: Yes
A67: Sleeping Area / Bedroom | B67: Furniture | C67: Headboard | D67: 1 | G67: Optional | J67: No
A68: Sleeping Area / Bedroom | B68: Furniture | C68: Nightstand or bedside table | D68: 1 | G68: Useful | J68: Yes
A69: Sleeping Area / Bedroom | B69: Furniture | C69: Dresser or drawer unit | D69: 1 | G69: Useful | H69: May be unnecessary with adequate closet storage | J69: Yes
A70: Sleeping Area / Bedroom | B70: Furniture | C70: Full-length mirror | D70: 1 | G70: Useful | J70: Yes
A71: Sleeping Area / Bedroom | B71: Furniture | C71: Bedside lamp | D71: 1 | G71: Useful | J71: Yes
A72: Sleeping Area / Bedroom | B72: Furniture | C72: Floor lamp | D72: 1 | G72: Useful | H72: Helpful if overhead lighting is poor | J72: No
A73: Sleeping Area / Bedroom | B73: Bedding | C73: Mattress protector | D73: 1 | G73: Essential | H73: Waterproof or water-resistant | J73: Yes
A74: Sleeping Area / Bedroom | B74: Bedding | C74: Mattress pad or topper | D74: 1 | G74: Optional | J74: Yes
A75: Sleeping Area / Bedroom | B75: Bedding | C75: Sheet sets | D75: 2 | G75: Essential | H75: Fitted sheet, flat sheet, pillowcases | J75: Yes
A76: Sleeping Area / Bedroom | B76: Bedding | C76: Pillows | D76: 2 | G76: Essential | J76: Yes
A77: Sleeping Area / Bedroom | B77: Bedding | C77: Pillow protectors | D77: 2 | G77: Useful | J77: Yes
A78: Sleeping Area / Bedroom | B78: Bedding | C78: Extra pillowcases | D78: 2 | G78: Useful | J78: Yes
A79: Sleeping Area / Bedroom | B79: Bedding | C79: Blanket | D79: 1 | G79: Essential | J79: Yes
A80: Sleeping Area / Bedroom | B80: Bedding | C80: Comforter, quilt, or duvet | D80: 1 | G80: Essential | J80: Yes
A81: Sleeping Area / Bedroom | B81: Bedding | C81: Duvet cover | D81: 1 | G81: Depends | H81: Only if using a duvet insert | J81: No
A82: Sleeping Area / Bedroom | B82: Bedding | C82: Throw blanket | D82: 1 | G82: Optional | J82: No
A83: Sleeping Area / Bedroom | B83: Bedding | C83: Bed skirt | D83: 1 | G83: Optional | J83: No
A84: Sleeping Area / Bedroom | B84: Closet | C84: Clothes hangers | D84: 30 | G84: Essential | J84: Yes
A85: Sleeping Area / Bedroom | B85: Closet | C85: Pants or skirt hangers | D85: 6 | G85: Useful | J85: No
A86: Sleeping Area / Bedroom | B86: Closet | C86: Hanging closet organizer | D86: 1 | G86: Optional | J86: No
A87: Sleeping Area / Bedroom | B87: Closet | C87: Shoe rack or shoe organizer | D87: 1 | G87: Useful | J87: No
A88: Sleeping Area / Bedroom | B88: Closet | C88: Under-bed storage containers | D88: 2 | G88: Useful | J88: No
A89: Sleeping Area / Bedroom | B89: Closet | C89: Over-the-door hooks | D89: 1 | G89: Useful | J89: No
A90: Sleeping Area / Bedroom | B90: Closet | C90: Garment bags | D90: 2 | G90: Optional | J90: No
A91: Sleeping Area / Bedroom | B91: Comfort | C91: Blackout curtains or shades | D91: 1 | G91: Useful | H91: Confirm window size and lease rules | J91: Yes
A92: Sleeping Area / Bedroom | B92: Comfort | C92: Curtain rod and hardware | D92: 1 | G92: Depends | H92: Only if not supplied | J92: No
A93: Sleeping Area / Bedroom | B93: Comfort | C93: Alarm clock | D93: 1 | G93: Optional | H93: Phone may replace this | J93: No
A94: Sleeping Area / Bedroom | B94: Comfort | C94: White-noise machine | D94: 1 | G94: Optional | J94: Yes
A95: Living Area | B95: Furniture | C95: Sofa, loveseat, futon, or comfortable chair | D95: 1 | G95: Essential | H95: Choose scale appropriate for 500 sq ft | J95: Yes
A96: Living Area | B96: Furniture | C96: Coffee table or ottoman | D96: 1 | G96: Useful | J96: Yes
A97: Living Area | B97: Furniture | C97: Side table | D97: 1 | G97: Useful | J97: Yes
A98: Living Area | B98: Furniture | C98: TV stand or media console | D98: 1 | G98: Depends | H98: Not needed if no television | J98: Yes
A99: Living Area | B99: Furniture | C99: Bookcase or shelving unit | D99: 1 | G99: Useful | J99: Yes
A100: Living Area | B100: Furniture | C100: Storage ottoman | D100: 1 | G100: Optional | H100: Good dual-purpose choice | J100: No
A101: Living Area | B101: Furniture | C101: Folding chairs | D101: 2 | G101: Optional | H101: For occasional guests | J101: No
...

Sheet List
A1: room | B1: type | C1: qty | D1: ea | E1: total | I1: =SUM(E2:E435)+SUM(K10:K15) -> 2496.54 | J1: includes deposit
A2: Entire Apartment / General | B2: Fire extinguisher | C2: 1 | D2: 9.47 | E2: =C2*D2 -> 9.47 | G2: Yes
A3: Entire Apartment / General | B3: First-aid kit | C3: 1 | D3: 9.85 | E3: =C3*D3 -> 9.85 | G3: Yes | J3: general | K3: =SUM(E2:E21) -> 191.78
A4: Entire Apartment / General | B4: Flashlight - rechargeable | C4: 1 | D4: 9.99 | E4: =C4*D4 -> 9.99 | G4: Yes | J4: bedroom | K4: =SUM(E22:E35) -> 558.6
A5: Entire Apartment / General | B5: Vacuum cleaner | C5: 1 | D5: 30.59 | E5: =C5*D5 -> 30.59 | G5: Yes | J5: Living | K5: =SUM(E36:E43) -> 646.08
A6: Entire Apartment / General | B6: Broom & dustpan | C6: 1 | D6: 6.99 | E6: =C6*D6 -> 6.99 | G6: Yes | J6: Kitchen | K6: =SUM(E44:E72) -> 436.65
A7: Entire Apartment / General | B7: spray mop | C7: 1 | D7: 12.99 | E7: =C7*D7 -> 12.99 | G7: Yes | J7: Bathroom | K7: =SUM(E73:E90) -> 84.46
A8: Entire Apartment / General | B8: All-purpose cleaner | C8: 1 | D8: 4.49 | E8: =C8*D8 -> 4.49 | G8: Yes | J8: Office | K8: =SUM(E91:E97) -> 78.97
A9: Entire Apartment / General | B9: Cleaning rags (microfiber) - 12 pk | C9: 1 | D9: 6.98 | E9: =C9*D9 -> 6.98 | G9: Yes
A10: Entire Apartment / General | B10: Paper towels | C10: 2 | D10: 4.97 | E10: =C10*D10 -> 9.94 | G10: Yes | J10: deposit | K10: =SIU!$C$3 -> 450
A11: Entire Apartment / General | B11: Trash bags | C11: 1 | D11: 7.8 | E11: =C11*D11 -> 7.8 | G11: Yes | J11: application fee | K11: 50
A12: Entire Apartment / General | B12: Laundry basket or hamper | C12: 1 | D12: 6.3 | E12: =C12*D12 -> 6.3 | G12: Yes
A13: Entire Apartment / General | B13: Laundry detergent | C13: 1 | D13: 5.49 | E13: =C13*D13 -> 5.49 | G13: Yes
A14: Entire Apartment / General | B14: Iron | C14: 1 | D14: 16.99 | E14: =C14*D14 -> 16.99 | G14: Yes
A15: Entire Apartment / General | B15: ironing mat | C15: 1 | D15: 6.99 | E15: =C15*D15 -> 6.99 | G15: Yes
A16: Entire Apartment / General | B16: Basic tool kit | C16: 1 | D16: 15.99 | E16: =C16*D16 -> 15.99 | G16: Yes
A17: Entire Apartment / General | B17: Scissors | C17: 1 | D17: 4.99 | E17: =C17*D17 -> 4.99 | G17: Yes
A18: Entire Apartment / General | B18: Duct tape | C18: 1 | D18: 3.59 | E18: =C18*D18 -> 3.59 | G18: Yes
A19: Entire Apartment / General | B19: Power strips with surge protection | C19: 1 | D19: 8.99 | E19: =C19*D19 -> 8.99 | G19: Yes
A20: Entire Apartment / General | B20: Extension cords | C20: 1 | D20: 5.38 | E20: =C20*D20 -> 5.38 | G20: Yes
A21: Entire Apartment / General | B21: Replacement light bulbs - 6 pack | C21: 1 | D21: 7.98 | E21: =C21*D21 -> 7.98 | G21: Yes
A22: Sleeping Area / Bedroom | B22: Bed frame - queen | C22: 1 | D22: 26.99 | E22: =C22*D22 -> 26.99 | G22: Yes
A23: Sleeping Area / Bedroom | B23: Mattress - queen memory foam 14" | C23: 1 | D23: 95 | E23: =C23*D23 -> 95 | G23: Yes
... A97: Work / Study Area | B97: Envelopes | C97: 1 | D97: 2 | E97: =C97*D97 -> 2 | G97: Yes

Sheet Apartment Checklist
A1: Small Studio Apartment Furnishing Checklist
A2: Comprehensive starter list for a roughly 500 sq. ft. studio apartment. Delete or mark items that are unnecessary.
A4: Room / Area | B4: Category | C4: Item | D4: Suggested Qty. | E4: Priority | F4: Notes | G4: Estimated Cost | H4: Include?
A5: Entire Apartment / General | B5: Safety | C5: Smoke detector(s) | D5: 1 | E5: Essential | F5: Often supplied by landlord; verify operation | H5: No
A6: Entire Apartment / General | B6: Safety | C6: Carbon monoxide detector | D6: 1 | E6: Essential | F6: Especially important with gas appliances or attached garage | H6: No
A7: Entire Apartment / General | B7: Safety | C7: Fire extinguisher | D7: 1 | E7: Essential | F7: Multipurpose ABC type
A8: Entire Apartment / General | B8: Safety | C8: First-aid kit | D8: 1 | E8: Essential
A9: Entire Apartment / General | B9: Safety | C9: Flashlight | D9: 1 | E9: Essential
A10: Entire Apartment / General | B10: Safety | C10: Extra batteries | D10: 1 | E10: Essential | F10: Match smoke detector, flashlight, and remotes
A11: Entire Apartment / General | B11: Safety | C11: Emergency candles or battery lantern | D11: 1 | E11: Optional | F11: Avoid open flames where prohibited
A12: Entire Apartment / General | B12: Safety | C12: Basic emergency supplies | D12: 1 | E12: Optional | F12: Water, shelf-stable food, basic medications
A13: Entire Apartment / General | B13: Cleaning | C13: Vacuum cleaner | D13: 1 | E13: Essential | F13: Compact stick vacuum works well in a studio
A14: Entire Apartment / General | B14: Cleaning | C14: Broom | D14: 1 | E14: Essential
A15: Entire Apartment / General | B15: Cleaning | C15: Dustpan | D15: 1 | E15: Essential
A16: Entire Apartment / General | B16: Cleaning | C16: Mop or spray mop | D16: 1 | E16: Essential
A17: Entire Apartment / General | B17: Cleaning | C17: Bucket | D17: 1 | E17: Useful
A18: Entire Apartment / General | B18: Cleaning | C18: All-purpose cleaner | D18: 1 | E18: Essential
A19: Entire Apartment / General | B19: Cleaning | C19: Disinfecting cleaner | D19: 1 | E19: Useful
A20: Entire Apartment / General | B20: Cleaning | C20: Glass cleaner | D20: 1 | E20: Useful
A21: Entire Apartment / General | B21: Cleaning | C21: Floor cleaner | D21: 1 | E21: Essential | F21: Use type appropriate for flooring
A22: Entire Apartment / General | B22: Cleaning | C22: Cleaning rags or microfiber cloths | D22: 6 | E22: Essential
A23: Entire Apartment / General | B23: Cleaning | C23: Sponges | D23: 3 | E23: Essential
A24: Entire Apartment / General | B24: Cleaning | C24: Rubber cleaning gloves | D24: 1 | E24: Useful | F24: 1 pair
A25: Entire Apartment / General | B25: Cleaning | C25: Paper towels | D25: 2 | E25: Essential | F25: Starter supply
A26: Entire Apartment / General | B26: Cleaning | C26: Trash bags | D26: 1 | E26: Essential | F26: Box sized for main trash can
A27: Entire Apartment / General | B27: Cleaning | C27: Recycling bags or bin liners | D27: 1 | E27: Useful
A28: Entire Apartment / General | B28: Laundry | C28: Laundry basket or hamper | D28: 1 | E28: Essential
A29: Entire Apartment / General | B29: Laundry | C29: Laundry detergent | D29: 1 | E29: Essential
A30: Entire Apartment / General | B30: Laundry | C30: Stain remover | D30: 1 | E30: Useful
A31: Entire Apartment / General | B31: Laundry | C31: Dryer sheets or wool dryer balls | D31: 1 | E31: Optional
A32: Entire Apartment / General | B32: Laundry | C32: Mesh laundry bags | D32: 2 | E32: Optional | F32: For delicate items
A33: Entire Apartment / General | B33: Laundry | C33: Drying rack | D33: 1 | E33: Useful
A34: Entire Apartment / General | B34: Laundry | C34: Iron | D34: 1 | E34: Optional
A35: Entire Apartment / General | B35: Laundry | C35: Ironing board or ironing mat | D35: 1 | E35: Optional
A36: Entire Apartment / General | B36: Tools | C36: Basic tool kit | D36: 1 | E36: Essential | F36: Hammer, screwdrivers, pliers, wrench, tape measure
A37: Entire Apartment / General | B37: Tools | C37: Utility knife | D37: 1 | E37: Useful
A38: Entire Apartment / General | B38: Tools | C38: Scissors | D38: 1 | E38: Essential
A39: Entire Apartment / General | B39: Tools | C39: Tape measure | D39: 1 | E39: Essential | F39: May be included in tool kit
A40: Entire Apartment / General | B40: Tools | C40: Level | D40: 1 | E40: Optional
A41: Entire Apartment / General | B41: Tools | C41: Assorted nails, screws, and wall anchors | D41: 1 | E41: Useful | F41: Follow lease rules before hanging items
A42: Entire Apartment / General | B42: Tools | C42: Removable adhesive hooks and strips | D42: 1 | E42: Useful
A43: Entire Apartment / General | B43: Tools | C43: Duct tape | D43: 1 | E43: Useful
A44: Entire Apartment / General | B44: Tools | C44: Packing tape | D44: 1 | E44: Useful
A45: Entire Apartment / General | B45: Tools | C45: Super glue | D45: 1 | E45: Optional
A46: Entire Apartment / General | B46: Electrical | C46: Power strips with surge protection | D46: 2 | E46: Essential
A47: Entire Apartment / General | B47: Electrical | C47: Extension cords | D47: 2 | E47: Useful | F47: Use properly rated cords
A48: Entire Apartment / General | B48: Electrical | C48: USB charging block | D48: 2 | E48: Essential
A49: Entire Apartment / General | B49: Electrical | C49: Phone charging cable | D49: 2 | E49: Essential | F49: One spare
A50: Entire Apartment / General | B50: Electrical | C50: Cable ties or cord organizers | D50: 1 | E50: Useful
A51: Entire Apartment / General | B51: Electrical | C51: Replacement light bulbs | D51: 4 | E51: Essential | F51: Check socket type and wattage
A52: Entire Apartment / General | B52: Climate | C52: Fan | D52: 1 | E52: Useful | F52: Floor, tower, or box fan
A53: Entire Apartment / General | B53: Climate | C53: Space heater | D53: 1 | E53: Optional | F53: Only if allowed; follow safety rules
A54: Entire Apartment / General | B54: Climate | C54: Humidifier | D54: 1 | E54: Optional
A55: Entire Apartment / General | B55: Climate | C55: Small air purifier | D55: 1 | E55: Optional
A56: Entire Apartment / General | B56: Organization | C56: Storage bins or totes | D56: 4 | E56: Useful | F56: Under-bed or stackable
A57: Entire Apartment / General | B57: Organization | C57: Labels or label maker | D57: 1 | E57: Optional
A58: Entire Apartment / General | B58: Organization | C58: Command hooks | D58: 1 | E58: Useful
A59: Entire Apartment / General | B59: Miscellaneous | C59: Step stool | D59: 1 | E59: Useful
A60: Entire Apartment / General | B60: Miscellaneous | C60: Umbrella | D60: 1 | E60: Useful
A61: Entire Apartment / General | B61: Miscellaneous | C61: Doormat | D61: 1 | E61: Useful
A62: Entire Apartment / General | B62: Miscellaneous | C62: Sewing kit | D62: 1 | E62: Useful
A63: Entire Apartment / General | B63: Miscellaneous | C63: Lighter or matches | D63: 1 | E63: Optional | F63: For candles only where permitted
A64: Sleeping Area / Bedroom | B64: Furniture | C64: Bed frame | D64: 1 | E64: Essential | F64: Platform frame may eliminate need for foundation
A65: Sleeping Area / Bedroom | B65: Furniture | C65: Mattress | D65: 1 | E65: Essential
A66: Sleeping Area / Bedroom | B66: Furniture | C66: Mattress foundation or box spring | D66: 1 | E66: Depends | F66: Not needed with some platform beds
A67: Sleeping Area / Bedroom | B67: Furniture | C67: Headboard | D67: 1 | E67: Optional
A68: Sleeping Area / Bedroom | B68: Furniture | C68: Nightstand or bedside table | D68: 1 | E68: Useful
A69: Sleeping Area / Bedroom | B69: Furniture | C69: Dresser or drawer unit | D69: 1 | E69: Useful | F69: May be unnecessary with adequate closet storage
A70: Sleeping Area / Bedroom | B70: Furniture | C70: Full-length mirror | D70: 1 | E70: Useful
A71: Sleeping Area / Bedroom | B71: Furniture | C71: Bedside lamp | D71: 1 | E71: Useful
A72: Sleeping Area / Bedroom | B72: Furniture | C72: Floor lamp | D72: 1 | E72: Useful | F72: Helpful if overhead lighting is poor
A73: Sleeping Area / Bedroom | B73: Bedding | C73: Mattress protector | D73: 1 | E73: Essential | F73: Waterproof or water-resistant
A74: Sleeping Area / Bedroom | B74: Bedding | C74: Mattress pad or topper | D74: 1 | E74: Optional
A75: Sleeping Area / Bedroom | B75: Bedding | C75: Sheet sets | D75: 2 | E75: Essential | F75: Fitted sheet, flat sheet, pillowcases
A76: Sleeping Area / Bedroom | B76: Bedding | C76: Pillows | D76: 2 | E76: Essential
A77: Sleeping Area / Bedroom | B77: Bedding | C77: Pillow protectors | D77: 2 | E77: Useful
A78: Sleeping Area / Bedroom | B78: Bedding | C78: Extra pillowcases | D78: 2 | E78: Useful
A79: Sleeping Area / Bedroom | B79: Bedding | C79: Blanket | D79: 1 | E79: Essential
A80: Sleeping Area / Bedroom | B80: Bedding | C80: Comforter, quilt, or duvet | D80: 1 | E80: Essential
A81: Sleeping Area / Bedroom | B81: Bedding | C81: Duvet cover | D81: 1 | E81: Depends | F81: Only if using a duvet insert
A82: Sleeping Area / Bedroom | B82: Bedding | C82: Throw blanket | D82: 1 | E82: Optional
A83: Sleeping Area / Bedroom | B83: Bedding | C83: Bed skirt | D83: 1 | E83: Optional
A84: Sleeping Area / Bedroom | B84: Closet | C84: Clothes hangers | D84: 30 | E84: Essential
A85: Sleeping Area / Bedroom | B85: Closet | C85: Pants or skirt hangers | D85: 6 | E85: Useful
A86: Sleeping Area / Bedroom | B86: Closet | C86: Hanging closet organizer | D86: 1 | E86: Optional
A87: Sleeping Area / Bedroom | B87: Closet | C87: Shoe rack or shoe organizer | D87: 1 | E87: Useful
A88: Sleeping Area / Bedroom | B88: Closet | C88: Under-bed storage containers | D88: 2 | E88: Useful
A89: Sleeping Area / Bedroom | B89: Closet | C89: Over-the-door hooks | D89: 1 | E89: Useful
A90: Sleeping Area / Bedroom | B90: Closet | C90: Garment bags | D90: 2 | E90: Optional
A91: Sleeping Area / Bedroom | B91: Comfort | C91: Blackout curtains or shades | D91: 1 | E91: Useful | F91: Confirm window size and lease rules
A92: Sleeping Area / Bedroom | B92: Comfort | C92: Curtain rod and hardware | D92: 1 | E92: Depends | F92: Only if not supplied
A93: Sleeping Area / Bedroom | B93: Comfort | C93: Alarm clock | D93: 1 | E93: Optional | F93: Phone may replace this
A94: Sleeping Area / Bedroom | B94: Comfort | C94: White-noise machine | D94: 1 | E94: Optional
A95: Living Area | B95: Furniture | C95: Sofa, loveseat, futon, or comfortable chair | D95: 1 | E95: Essential | F95: Choose scale appropriate for 500 sq ft
A96: Living Area | B96: Furniture | C96: Coffee table or ottoman | D96: 1 | E96: Useful
A97: Living Area | B97: Furniture | C97: Side table | D97: 1 | E97: Useful
A98: Living Area | B98: Furniture | C98: TV stand or media console | D98: 1 | E98: Depends | F98: Not needed if no television
A99: Living Area | B99: Furniture | C99: Bookcase or shelving unit | D99: 1 | E99: Useful
A100: Living Area | B100: Furniture | C100: Storage ottoman | D100: 1 | E100: Optional | F100: Good dual-purpose choice
A101: Living Area | B101: Furniture | C101: Folding chairs | D101: 2 | E101: Optional | F101: For occasional guests
...

Sheet SIU - no car
D1: =MIN(T15:T68) -> -16823.75 | K1: =Income!N6 -> 1783.75 | L1: net monthly income
A2: Type | B2: annual | C2: monthly | E2: =SUM(C3:C50) -> 1657.5 | F2: per month | K2: =-E2 -> -1657.5 | L2: net montly expenses
A3: rent | C3: 600 | D3: Campus Edge apartments - 820 W. Freeman St, Carbondale, IL 62901
A4: utilities | C4: 100 | D4: all utilities included: water, electric, internet | K4: =K1+K2 -> 126.25 | L4: left every month
A5: internet | C5: 50 | D5: all utilities included: water, electric, internet
A6: cell phone | C6: 20 | D6: Campus Edge Apts | Apartments in Carbondale, IL | K6: start
A7: renter's insurance | B7: 150 | C7: =B7/12 -> 12.5 | D7: (970) 536-5949 | F7: family, not students only | L7: =$C$3 -> 600 | M7: deposit
A8: car payment | B8: 0 | C8: =B8/12 -> 0 | L8: 200 | M8: air mattress, pillows, blankets - Amazon delivery
A9: auto insurance | B9: 0 | C9: =B9/12 -> 0 | L9: 300 | M9: groceries
A10: health insurance | C10: 75 | E10: 75 | F10: per month (estimate - Obamacare) | L10: 150 | M10: misc
A11: fuel /Bus | C11: 25 | E11: Jax Go pass - unlimited rides for 30 days | L11: 50 | M11: train ticket
A12: car repairs (oil) | B12: 0 | C12: =B12/12 -> 0 | L12: =-SUM(L5:L11) -> -1300 | M12: so before you start you'll need this much
A13: groceries (food) | C13: 250 | L13: income | M13: monthly | N13: classes | O13: apartment | P13: balance | T13: balance incl
A14: groceries (non-food) | C14: 50 | D14: Macomb Rentals - 3 properties - Adams St, Wheeler St, Eggers Dr | P14: 0 | R14: Savings | T14: Savings | U14: loan | W14: cash bal | X14: loan bal
A15: fast food | C15: 50 | J15: 1 | K15: 1 | L15: =Income!$N$6 -> 1783.75 | M15: =-$E$2 -> -1657.5 | N15: -95 | O15: -200 | P15: =P14+SUM(L15:O15) -> -168.75 | R15: =$C$18 -> 100 | T15: =P15+R15 -> -68.75 | U15: =IF(T15>0,0,-N15) -> 95 | W15: =T15+U15 -> 26.25 | X15: =U15 -> 95
A16: dining out | C16: 30 | K16: =K15+1 -> 2 | L16: =Income!$N$6 -> 1783.75 | M16: =-$E$2 -> -1657.5 | N16: -95 | O16: -200 | P16: =P15+SUM(L16:O16) -> -337.5 | R16: =R15+$C$18 -> 200 | T16: =P16+R16 -> -137.5 | U16: =IF(T16>0,0,-N16) -> 95 | W16: =T16+U16 -> -42.5 | X16: =X15+U16 -> 190
A17: entertainment | C17: 50 | D17: Home - Macomb Rentals | K17: =K16+1 -> 3 | L17: =Income!$N$6 -> 1783.75 | M17: =-$E$2 -> -1657.5 | N17: -95 | O17: -200 | P17: =P16+SUM(L17:O17) -> -506.25 | R17: =R16+$C$18 -> 300 | T17: =P17+R17 -> -206.25 | U17: =IF(T17>0,0,-N17) -> 95 | W17: =T17+U17 -> -111.25 | X17: =X16+U17 -> 285
A18: savings | C18: 100 | D18: (309) 833-2320 | K18: =K17+1 -> 4 | L18: =Income!$N$6 -> 1783.75 | M18: =-$E$2 -> -1657.5 | N18: -95 | O18: -200 | P18: =P17+SUM(L18:O18) -> -675 | R18: =R17+$C$18 -> 400 | T18: =P18+R18 -> -275 | U18: =IF(T18>0,0,-N18) -> 95 | W18: =T18+U18 -> -180 | X18: =X17+U18 -> 380
A19: vacation | B19: 1000 | C19: =B19/12 -> 83.333333 | K19: =K18+1 -> 5 | L19: =Income!$N$6 -> 1783.75 | M19: =-$E$2 -> -1657.5 | N19: -95 | O19: -200 | P19: =P18+SUM(L19:O19) -> -843.75 | R19: =R18+$C$18 -> 500 | T19: =P19+R19 -> -343.75 | U19: =IF(T19>0,0,-N19) -> 95 | W19: =T19+U19 -> -248.75 | X19: =X18+U19 -> 475
A20: misc household | C20: 50 | K20: =K19+1 -> 6 | L20: =Income!$N$6 -> 1783.75 | M20: =-$E$2 -> -1657.5 | N20: -95 | P20: =P19+SUM(L20:O20) -> -812.5 | R20: =R19+$C$18 -> 600 | T20: =P20+R20 -> -212.5 | U20: =IF(T20>0,0,-N20) -> 95 | W20: =T20+U20 -> -117.5 | X20: =X19+U20 -> 570
A21: streaming | C21: 20 | K21: =K20+1 -> 7 | L21: =Income!$N$6 -> 1783.75 | M21: =-$E$2 -> -1657.5 | N21: -95 | P21: =P20+SUM(L21:O21) -> -781.25 | R21: =R20+$C$18 -> 700 | T21: =P21+R21 -> -81.25 | U21: =IF(T21>0,0,-N21) -> 95 | W21: =T21+U21 -> 13.75 | X21: =X20+U21 -> 665
A22: health club | C22: 0 | E22: at apartment | K22: =K21+1 -> 8 | L22: =Income!$N$6 -> 1783.75 | M22: =-$E$2 -> -1657.5 | N22: -95 | P22: =P21+SUM(L22:O22) -> -750 | R22: =R21+$C$18 -> 800 | T22: =P22+R22 -> 50 | U22: =IF(T22>0,0,-N22) -> 0 | W22: =T22+U22 -> 50 | X22: =X21+U22 -> 665
A23: hair cut | C23: 25 | K23: =K22+1 -> 9 | L23: =Income!$N$6 -> 1783.75 | M23: =-$E$2 -> -1657.5 | N23: -95 | P23: =P22+SUM(L23:O23) -> -718.75 | R23: =R22+$C$18 -> 900 | T23: =P23+R23 -> 181.25 | U23: =IF(T23>0,0,-N23) -> 0 | W23: =T23+U23 -> 181.25 | X23: =X22+U23 -> 665
A24: presents | B24: 400 | C24: =B24/12 -> 33.333333 | K24: =K23+1 -> 10 | L24: =Income!$N$6 -> 1783.75 | M24: =-$E$2 -> -1657.5 | N24: -95 | P24: =P23+SUM(L24:O24) -> -687.5 | R24: =R23+$C$18 -> 1000 | T24: =P24+R24 -> 312.5 | U24: =IF(T24>0,0,-N24) -> 0 | W24: =T24+U24 -> 312.5 | X24: =X23+U24 -> 665
A25: clothes | B25: 400 | C25: =B25/12 -> 33.333333 | K25: =K24+1 -> 11 | L25: =Income!$N$6 -> 1783.75 | M25: =-$E$2 -> -1657.5 | N25: -95 | P25: =P24+SUM(L25:O25) -> -656.25 | R25: =R24+$C$18 -> 1100 | T25: =P25+R25 -> 443.75 | U25: =IF(T25>0,0,-N25) -> 0 | W25: =T25+U25 -> 443.75 | X25: =X24+U25 -> 665
K26: =K25+1 -> 12 | L26: =Income!$N$6 -> 1783.75 | M26: =-$E$2 -> -1657.5 | N26: -95 | P26: =P25+SUM(L26:O26) -> -625 | R26: =R25+$C$18 -> 1200 | T26: =P26+R26 -> 575 | U26: =IF(T26>0,0,-N26) -> 0 | W26: =T26+U26 -> 575 | X26: =X25+U26 -> 665
J27: 2 | K27: 1 | L27: =Income!$N$6 -> 1783.75 | M27: =-$E$2 -> -1657.5 | N27: -95 | P27: =P26+SUM(L27:O27) -> -593.75 | R27: =R26+$C$18 -> 1300 | T27: =P27+R27 -> 706.25 | U27: =IF(T27>0,0,-N27) -> 0 | W27: =T27+U27 -> 706.25 | X27: =X26+U27 -> 665
K28: =K27+1 -> 2 | L28: =Income!$N$6 -> 1783.75 | M28: =-$E$2 -> -1657.5 | N28: -95 | P28: =P27+SUM(L28:O28) -> -562.5 | R28: =R27+$C$18 -> 1400 | T28: =P28+R28 -> 837.5 | U28: =IF(T28>0,0,-N28) -> 0 | W28: =T28+U28 -> 837.5 | X28: =X27+U28 -> 665
K29: =K28+1 -> 3 | L29: =Income!$N$6 -> 1783.75 | M29: =-$E$2 -> -1657.5 | N29: -95 | P29: =P28+SUM(L29:O29) -> -531.25 | R29: =R28+$C$18 -> 1500 | T29: =P29+R29 -> 968.75 | U29: =IF(T29>0,0,-N29) -> 0 | W29: =T29+U29 -> 968.75 | X29: =X28+U29 -> 665
K30: =K29+1 -> 4 | L30: =Income!$N$6 -> 1783.75 | M30: =-$E$2 -> -1657.5 | N30: -95 | P30: =P29+SUM(L30:O30) -> -500 | R30: =R29+$C$18 -> 1600 | T30: =P30+R30 -> 1100 | U30: =IF(T30>0,0,-N30) -> 0 | W30: =T30+U30 -> 1100 | X30: =X29+U30 -> 665
K31: =K30+1 -> 5 | L31: =Income!$N$6 -> 1783.75 | M31: =-$E$2 -> -1657.5 | N31: -95 | P31: =P30+SUM(L31:O31) -> -468.75 | R31: =R30+$C$18 -> 1700 | T31: =P31+R31 -> 1231.25 | U31: =IF(T31>0,0,-N31) -> 0 | W31: =T31+U31 -> 1231.25 | X31: =X30+U31 -> 665
K32: =K31+1 -> 6 | L32: =Income!$N$6 -> 1783.75 | M32: =-$E$2 -> -1657.5 | N32: -95 | P32: =P31+SUM(L32:O32) -> -437.5 | R32: =R31+$C$18 -> 1800 | T32: =P32+R32 -> 1362.5 | U32: =IF(T32>0,0,-N32) -> 0 | W32: =T32+U32 -> 1362.5 | X32: =X31+U32 -> 665
K33: =K32+1 -> 7 | L33: =Income!$N$6 -> 1783.75 | M33: =-$E$2 -> -1657.5 | N33: -4200 | P33: =P32+SUM(L33:O33) -> -4511.25 | R33: =R32+$C$18 -> 1900 | T33: =P33+R33 -> -2611.25 | U33: =IF(T33>0,0,-N33) -> 4200 | W33: =T33+U33 -> 1588.75 | X33: =X32+U33 -> 4865
K34: =K33+1 -> 8 | L34: =Income!$N$6 -> 1783.75 | M34: =-$E$2 -> -1657.5 | P34: =P33+SUM(L34:O34) -> -4385 | R34: =R33+$C$18 -> 2000 | T34: =P34+R34 -> -2385 | U34: =IF(T34>0,0,-N34) -> 0 | W34: =T34+U34 -> -2385 | X34: =X33+U34 -> 4865
K35: =K34+1 -> 9 | L35: =Income!$N$6 -> 1783.75 | M35: =-$E$2 -> -1657.5 | P35: =P34+SUM(L35:O35) -> -4258.75 | R35: =R34+$C$18 -> 2100 | T35: =P35+R35 -> -2158.75 | U35: =IF(T35>0,0,-N35) -> 0 | W35: =T35+U35 -> -2158.75 | X35: =X34+U35 -> 4865
K36: =K35+1 -> 10 | L36: =Income!$N$6 -> 1783.75 | M36: =-$E$2 -> -1657.5 | P36: =P35+SUM(L36:O36) -> -4132.5 | R36: =R35+$C$18 -> 2200 | T36: =P36+R36 -> -1932.5 | U36: =IF(T36>0,0,-N36) -> 0 | W36: =T36+U36 -> -1932.5 | X36: =X35+U36 -> 4865
K37: =K36+1 -> 11 | L37: =Income!$N$6 -> 1783.75 | M37: =-$E$2 -> -1657.5 | P37: =P36+SUM(L37:O37) -> -4006.25 | R37: =R36+$C$18 -> 2300 | T37: =P37+R37 -> -1706.25 | U37: =IF(T37>0,0,-N37) -> 0 | W37: =T37+U37 -> -1706.25 | X37: =X36+U37 -> 4865
K38: =K37+1 -> 12 | L38: =Income!$N$6 -> 1783.75 | M38: =-$E$2 -> -1657.5 | P38: =P37+SUM(L38:O38) -> -3880 | R38: =R37+$C$18 -> 2400 | T38: =P38+R38 -> -1480 | U38: =IF(T38>0,0,-N38) -> 0 | W38: =T38+U38 -> -1480 | X38: =X37+U38 -> 4865
J39: 3 | K39: 1 | L39: =Income!$N$6 -> 1783.75 | M39: =-$E$2 -> -1657.5 | N39: -4200 | P39: =P38+SUM(L39:O39) -> -7953.75 | R39: =R38+$C$18 -> 2500 | T39: =P39+R39 -> -5453.75 | U39: =IF(T39>0,0,-N39) -> 4200 | W39: =T39+U39 -> -1253.75 | X39: =X38+U39 -> 9065
K40: =K39+1 -> 2 | L40: =Income!$N$6 -> 1783.75 | M40: =-$E$2 -> -1657.5 | P40: =P39+SUM(L40:O40) -> -7827.5 | R40: =R39+$C$18 -> 2600 | T40: =P40+R40 -> -5227.5 | U40: =IF(T40>0,0,-N40) -> 0 | W40: =T40+U40 -> -5227.5 | X40: =X39+U40 -> 9065
K41: =K40+1 -> 3 | L41: =Income!$N$6 -> 1783.75 | M41: =-$E$2 -> -1657.5 | P41: =P40+SUM(L41:O41) -> -7701.25 | R41: =R40+$C$18 -> 2700 | T41: =P41+R41 -> -5001.25 | U41: =IF(T41>0,0,-N41) -> 0 | W41: =T41+U41 -> -5001.25 | X41: =X40+U41 -> 9065
K42: =K41+1 -> 4 | L42: =Income!$N$6 -> 1783.75 | M42: =-$E$2 -> -1657.5 | P42: =P41+SUM(L42:O42) -> -7575 | R42: =R41+$C$18 -> 2800 | T42: =P42+R42 -> -4775 | U42: =IF(T42>0,0,-N42) -> 0 | W42: =T42+U42 -> -4775 | X42: =X41+U42 -> 9065
K43: =K42+1 -> 5 | L43: =Income!$N$6 -> 1783.75 | M43: =-$E$2 -> -1657.5 | P43: =P42+SUM(L43:O43) -> -7448.75 | R43: =R42+$C$18 -> 2900 | T43: =P43+R43 -> -4548.75 | U43: =IF(T43>0,0,-N43) -> 0 | W43: =T43+U43 -> -4548.75 | X43: =X42+U43 -> 9065
K44: =K43+1 -> 6 | L44: =Income!$N$6 -> 1783.75 | M44: =-$E$2 -> -1657.5 | P44: =P43+SUM(L44:O44) -> -7322.5 | R44: =R43+$C$18 -> 3000 | T44: =P44+R44 -> -4322.5 | U44: =IF(T44>0,0,-N44) -> 0 | W44: =T44+U44 -> -4322.5 | X44: =X43+U44 -> 9065
K45: =K44+1 -> 7 | L45: =Income!$N$6 -> 1783.75 | M45: =-$E$2 -> -1657.5 | N45: -4200 | P45: =P44+SUM(L45:O45) -> -11396.25 | R45: =R44+$C$18 -> 3100 | T45: =P45+R45 -> -8296.25 | U45: =IF(T45>0,0,-N45) -> 4200 | W45: =T45+U45 -> -4096.25 | X45: =X44+U45 -> 13265
K46: =K45+1 -> 8 | L46: =Income!$N$6 -> 1783.75 | M46: =-$E$2 -> -1657.5 | P46: =P45+SUM(L46:O46) -> -11270 | R46: =R45+$C$18 -> 3200 | T46: =P46+R46 -> -8070 | U46: =IF(T46>0,0,-N46) -> 0 | W46: =T46+U46 -> -8070 | X46: =X45+U46 -> 13265
K47: =K46+1 -> 9 | L47: =Income!$N$6 -> 1783.75 | M47: =-$E$2 -> -1657.5 | P47: =P46+SUM(L47:O47) -> -11143.75 | R47: =R46+$C$18 -> 3300 | T47: =P47+R47 -> -7843.75 | U47: =IF(T47>0,0,-N47) -> 0 | W47: =T47+U47 -> -7843.75 | X47: =X46+U47 -> 13265
K48: =K47+1 -> 10 | L48: =Income!$N$6 -> 1783.75 | M48: =-$E$2 -> -1657.5 | P48: =P47+SUM(L48:O48) -> -11017.5 | R48: =R47+$C$18 -> 3400 | T48: =P48+R48 -> -7617.5 | U48: =IF(T48>0,0,-N48) -> 0 | W48: =T48+U48 -> -7617.5 | X48: =X47+U48 -> 13265
K49: =K48+1 -> 11 | L49: =Income!$N$6 -> 1783.75 | M49: =-$E$2 -> -1657.5 | P49: =P48+SUM(L49:O49) -> -10891.25 | R49: =R48+$C$18 -> 3500 | T49: =P49+R49 -> -7391.25 | U49: =IF(T49>0,0,-N49) -> 0 | W49: =T49+U49 -> -7391.25 | X49: =X48+U49 -> 13265
K50: =K49+1 -> 12 | L50: =Income!$N$6 -> 1783.75 | M50: =-$E$2 -> -1657.5 | P50: =P49+SUM(L50:O50) -> -10765 | R50: =R49+$C$18 -> 3600 | T50: =P50+R50 -> -7165 | U50: =IF(T50>0,0,-N50) -> 0 | W50: =T50+U50 -> -7165 | X50: =X49+U50 -> 13265
J51: 4 | K51: 1 | L51: =Income!$N$6 -> 1783.75 | M51: =-$E$2 -> -1657.5 | N51: -4200 | P51: =P50+SUM(L51:O51) -> -14838.75 | R51: =R50+$C$18 -> 3700 | T51: =P51+R51 -> -11138.75 | U51: =IF(T51>0,0,-N51) -> 4200 | W51: =T51+U51 -> -6938.75 | X51: =X50+U51 -> 17465
K52: =K51+1 -> 2 | L52: =Income!$N$6 -> 1783.75 | M52: =-$E$2 -> -1657.5 | P52: =P51+SUM(L52:O52) -> -14712.5 | R52: =R51+$C$18 -> 3800 | T52: =P52+R52 -> -10912.5 | U52: =IF(T52>0,0,-N52) -> 0 | W52: =T52+U52 -> -10912.5 | X52: =X51+U52 -> 17465
K53: =K52+1 -> 3 | L53: =Income!$N$6 -> 1783.75 | M53: =-$E$2 -> -1657.5 | P53: =P52+SUM(L53:O53) -> -14586.25 | R53: =R52+$C$18 -> 3900 | T53: =P53+R53 -> -10686.25 | U53: =IF(T53>0,0,-N53) -> 0 | W53: =T53+U53 -> -10686.25 | X53: =X52+U53 -> 17465
K54: =K53+1 -> 4 | L54: =Income!$N$6 -> 1783.75 | M54: =-$E$2 -> -1657.5 | P54: =P53+SUM(L54:O54) -> -14460 | R54: =R53+$C$18 -> 4000 | T54: =P54+R54 -> -10460 | U54: =IF(T54>0,0,-N54) -> 0 | W54: =T54+U54 -> -10460 | X54: =X53+U54 -> 17465
K55: =K54+1 -> 5 | L55: =Income!$N$6 -> 1783.75 | M55: =-$E$2 -> -1657.5 | P55: =P54+SUM(L55:O55) -> -14333.75 | R55: =R54+$C$18 -> 4100 | T55: =P55+R55 -> -10233.75 | U55: =IF(T55>0,0,-N55) -> 0 | W55: =T55+U55 -> -10233.75 | X55: =X54+U55 -> 17465
K56: =K55+1 -> 6 | L56: =Income!$N$6 -> 1783.75 | M56: =-$E$2 -> -1657.5 | P56: =P55+SUM(L56:O56) -> -14207.5 | R56: =R55+$C$18 -> 4200 | T56: =P56+R56 -> -10007.5 | U56: =IF(T56>0,0,-N56) -> 0 | W56: =T56+U56 -> -10007.5 | X56: =X55+U56 -> 17465
K57: =K56+1 -> 7 | L57: =Income!$N$6 -> 1783.75 | M57: =-$E$2 -> -1657.5 | N57: -4200 | P57: =P56+SUM(L57:O57) -> -18281.25 | R57: =R56+$C$18 -> 4300 | T57: =P57+R57 -> -13981.25 | U57: =IF(T57>0,0,-N57) -> 4200 | W57: =T57+U57 -> -9781.25 | X57: =X56+U57 -> 21665
K58: =K57+1 -> 8 | L58: =Income!$N$6 -> 1783.75 | M58: =-$E$2 -> -1657.5 | P58: =P57+SUM(L58:O58) -> -18155 | R58: =R57+$C$18 -> 4400 | T58: =P58+R58 -> -13755 | U58: =IF(T58>0,0,-N58) -> 0 | W58: =T58+U58 -> -13755 | X58: =X57+U58 -> 21665
K59: =K58+1 -> 9 | L59: =Income!$N$6 -> 1783.75 | M59: =-$E$2 -> -1657.5 | P59: =P58+SUM(L59:O59) -> -18028.75 | R59: =R58+$C$18 -> 4500 | T59: =P59+R59 -> -13528.75 | U59: =IF(T59>0,0,-N59) -> 0 | W59: =T59+U59 -> -13528.75 | X59: =X58+U59 -> 21665
K60: =K59+1 -> 10 | L60: =Income!$N$6 -> 1783.75 | M60: =-$E$2 -> -1657.5 | P60: =P59+SUM(L60:O60) -> -17902.5 | R60: =R59+$C$18 -> 4600 | T60: =P60+R60 -> -13302.5 | U60: =IF(T60>0,0,-N60) -> 0 | W60: =T60+U60 -> -13302.5 | X60: =X59+U60 -> 21665
K61: =K60+1 -> 11 | L61: =Income!$N$6 -> 1783.75 | M61: =-$E$2 -> -1657.5 | P61: =P60+SUM(L61:O61) -> -17776.25 | R61: =R60+$C$18 -> 4700 | T61: =P61+R61 -> -13076.25 | U61: =IF(T61>0,0,-N61) -> 0 | W61: =T61+U61 -> -13076.25 | X61: =X60+U61 -> 21665
K62: =K61+1 -> 12 | L62: =Income!$N$6 -> 1783.75 | M62: =-$E$2 -> -1657.5 | P62: =P61+SUM(L62:O62) -> -17650 | R62: =R61+$C$18 -> 4800 | T62: =P62+R62 -> -12850 | U62: =IF(T62>0,0,-N62) -> 0 | W62: =T62+U62 -> -12850 | X62: =X61+U62 -> 21665
J63: 5 | K63: 1 | L63: =Income!$N$6 -> 1783.75 | M63: =-$E$2 -> -1657.5 | N63: -4200 | P63: =P62+SUM(L63:O63) -> -21723.75 | R63: =R62+$C$18 -> 4900 | T63: =P63+R63 -> -16823.75 | U63: =IF(T63>0,0,-N63) -> 4200 | W63: =T63+U63 -> -12623.75 | X63: =X62+U63 -> 25865
K64: =K63+1 -> 2 | L64: =Income!$N$6 -> 1783.75 | M64: =-$E$2 -> -1657.5 | P64: =P63+SUM(L64:O64) -> -21597.5 | R64: =R63+$C$18 -> 5000 | T64: =P64+R64 -> -16597.5 | U64: =IF(T64>0,0,-N64) -> 0 | W64: =T64+U64 -> -16597.5 | X64: =X63+U64 -> 25865
K65: =K64+1 -> 3 | L65: =Income!$N$6 -> 1783.75 | M65: =-$E$2 -> -1657.5 | P65: =P64+SUM(L65:O65) -> -21471.25 | R65: =R64+$C$18 -> 5100 | T65: =P65+R65 -> -16371.25 | U65: =IF(T65>0,0,-N65) -> 0 | W65: =T65+U65 -> -16371.25 | X65: =X64+U65 -> 25865
K66: =K65+1 -> 4 | L66: =Income!$N$6 -> 1783.75 | M66: =-$E$2 -> -1657.5 | P66: =P65+SUM(L66:O66) -> -21345 | R66: =R65+$C$18 -> 5200 | T66: =P66+R66 -> -16145 | U66: =IF(T66>0,0,-N66) -> 0 | W66: =T66+U66 -> -16145 | X66: =X65+U66 -> 25865
K67: =K66+1 -> 5 | L67: =Income!$N$6 -> 1783.75 | M67: =-$E$2 -> -1657.5 | P67: =P66+SUM(L67:O67) -> -21218.75 | R67: =R66+$C$18 -> 5300 | T67: =P67+R67 -> -15918.75 | U67: =IF(T67>0,0,-N67) -> 0 | W67: =T67+U67 -> -15918.75 | X67: =X66+U67 -> 25865
K68: =K67+1 -> 6 | L68: =Income!$N$6 -> 1783.75 | M68: =-$E$2 -> -1657.5 | P68: =P67+SUM(L68:O68) -> -21092.5 | Q68: Graduate | R68: =R67+$C$18 -> 5400 | T68: =P68+R68 -> -15692.5 | U68: =IF(T68>0,0,-N68) -> 0 | W68: =T68+U68 -> -15692.5 | X68: =X67+U68 -> 25865
K69: =K68+1 -> 7 | L69: =Income!$N$6 -> 1783.75 | M69: =-$E$2 -> -1657.5 | P69: =P68+SUM(L69:O69) -> -20966.25 | R69: =R68+$C$18 -> 5500 | T69: =P69+R69 -> -15466.25 | U69: =IF(T69>0,0,-N69) -> 0 | W69: =T69+U69 -> -15466.25 | X69: =X68+U69 -> 25865
K70: =K69+1 -> 8 | L70: =Income!$N$6 -> 1783.75 | M70: =-$E$2 -> -1657.5 | P70: =P69+SUM(L70:O70) -> -20840 | R70: =R69+$C$18 -> 5600 | T70: =P70+R70 -> -15240 | U70: =IF(T70>0,0,-N70) -> 0 | W70: =T70+U70 -> -15240 | X70: =X69+U70 -> 25865
K71: =K70+1 -> 9 | L71: =Income!$N$6 -> 1783.75 | M71: =-$E$2 -> -1657.5 | P71: =P70+SUM(L71:O71) -> -20713.75 | R71: =R70+$C$18 -> 5700 | T71: =P71+R71 -> -15013.75 | U71: =IF(T71>0,0,-N71) -> 0 | W71: =T71+U71 -> -15013.75 | X71: =X70+U71 -> 25865
K72: =K71+1 -> 10 | L72: =Income!$N$6 -> 1783.75 | M72: =-$E$2 -> -1657.5 | P72: =P71+SUM(L72:O72) -> -20587.5 | R72: =R71+$C$18 -> 5800 | T72: =P72+R72 -> -14787.5 | U72: =IF(T72>0,0,-N72) -> 0 | W72: =T72+U72 -> -14787.5 | X72: =X71+U72 -> 25865
K73: =K72+1 -> 11 | L73: =Income!$N$6 -> 1783.75 | M73: =-$E$2 -> -1657.5 | P73: =P72+SUM(L73:O73) -> -20461.25 | R73: =R72+$C$18 -> 5900 | T73: =P73+R73 -> -14561.25 | U73: =IF(T73>0,0,-N73) -> 0 | W73: =T73+U73 -> -14561.25 | X73: =X72+U73 -> 25865
K74: =K73+1 -> 12 | L74: =Income!$N$6 -> 1783.75 | M74: =-$E$2 -> -1657.5 | P74: =P73+SUM(L74:O74) -> -20335 | R74: =R73+$C$18 -> 6000 | T74: =P74+R74 -> -14335 | U74: =IF(T74>0,0,-N74) -> 0 | W74: =T74+U74 -> -14335 | X74: =X73+U74 -> 25865
W75: =T75+U75 -> 0 | X75: =X74+U75 -> 25865
J113: =K4*12 -> 1515 | L113: left every year
K115: =-List!I1 -> -2496.54 | L115: move-in expenses
J116: 95 | K116: =-12*J116 -> -1140 | L116: Study.com for 12 months
K118: =$J$113+K115+K116 -> -2121.54 | L118: left after year #1
J120: =$J$113 -> 1515 | L120: add during year #2
L121: starting balance for year #2
K122: =-$J$116*6 -> -570 | L122: Study.com for 6 months
K123: =-$I$26*1 -> 0 | L123: WGU for 1 term (6 month)
K125: =(K118+J120)+K122+K123 -> -1176.54 | L125: left after year #2
K127: =J113 -> 1515 | L127: add in year #3
K129: =-I26*2 -> 0 | L129: 2 terms in year #3 for WGU
K131: =K125+K127+K129 -> 338.46 | L131: debt after year #3
K133: =J113 -> 1515 | L133: add in year #4
K135: =-I26*2 -> 0 | L135: 2 terms in year #4 for WGU
K137: =SUM(K131:K135) -> 1853.46 | L137: debt after year #4
K139: =J113 -> 1515 | L139: add in year #5 (all 12 mos)
K141: =-I26*1 -> 0 | L141: 1 term in year #5 at WGU
K143: =SUM(K137:K141) -> 3368.46 | L143: total debt after year #5

Sheet Carbondale
K1: =Income!N6 -> 1783.75 | L1: net monthly income
A2: Type | B2: annual | C2: monthly | E2: =SUM(C3:C50) -> 1615.8333 | F2: per month | K2: =-E2 -> -1615.8333 | L2: net montly expenses
A3: rent | C3: 450 | D3: Campus Edge apartments - 820 W. Freeman St, Carbondale, IL 62901
A4: utilities | C4: 0 | D4: includes gas, water, heat, A/C | K4: =K1+K2 -> 167.91667 | L4: left every month
A5: internet | C5: 50
A6: cell phone | C6: 20 | K6: =K4*12 -> 2015 | L6: left every year
A7: renter's insurance | B7: 150 | C7: =B7/12 -> 12.5
A8: car payment | B8: 0 | C8: =B8/12 -> 0 | E8: no car payment | K8: =-List!I1 -> -2496.54 | L8: move-in expenses
A9: auto insurance | B9: 800 | C9: =B9/12 -> 66.666667 | E9: 800 | F9: per year (liability only) | J9: 95 | K9: =-12*J9 -> -1140 | L9: Study.com for 12 months
A10: health insurance | C10: 75 | E10: 75 | F10: per month (estimate - Obamacare)
A11: fuel | C11: 150 | K11: =K6+K8+K9 -> -1621.54 | L11: left after year #1
A12: car repairs (oil) | B12: 200 | C12: =B12/12 -> 16.666667
A13: groceries (food) | C13: 250 | K13: =K6 -> 2015 | L13: add during year #2
A14: groceries (non-food) | C14: 50
A15: fast food | C15: 50 | K15: =-$J$9*6 -> -570 | L15: Study.com for 6 months
A16: dining out | C16: 30 | J16: 4100 | K16: =-J16*1 -> -4100 | L16: WGU for 1 term (6 month)
A17: entertainment | C17: 50
A18: savings | C18: 100 | K18: =(K11+K13)+K15+K16 -> -4276.54 | L18: left after year #2
A19: vacation | B19: 1000 | C19: =B19/12 -> 83.333333
A20: misc household | C20: 50 | K20: =K6 -> 2015 | L20: add in year #3
A21: streaming | C21: 20
A22: health club | C22: 0 | E22: at apartment | K22: =-J16*2 -> -8200 | L22: 2 terms in year #3 for WGU
A23: hair cut | C23: 25
A24: presents | B24: 400 | C24: =B24/12 -> 33.333333 | K24: =K18+K20+K22 -> -10461.54 | L24: debt after year #3 | N24: have 30 classes done (18 + 12)
A25: clothes | B25: 400 | C25: =B25/12 -> 33.333333
K26: =K6 -> 2015 | L26: add in year #4
K28: =-J16*2 -> -8200 | L28: 2 terms in year #4 for WGU
K30: =SUM(K24:K28) -> -16646.54 | L30: debt after year #4 | N30: have 38 classes done
K32: =K6 -> 2015 | L32: add in year #5 (all 12 mos)
K34: =-J16*1 -> -4100 | L34: 1 term in year #5 at WGU
K36: =SUM(K30:K34) -> -18731.54 | L36: total debt after year #5

Sheet LBL - SIU
K1: 1797.5 | L1: net monthly income | N1: 40 hrs/wk
A2: Type | B2: annual | C2: monthly | E2: =SUM(C3:C50) -> 1757.5 | F2: per month | K2: =-E2 -> -1757.5 | L2: net montly expenses
A3: rent | C3: 700 | D3: Campus Edge apartments - 820 W. Freeman St, Carbondale, IL 62901
A4: utilities | C4: 100 | D4: all utilities included: water, electric, internet | K4: =K1+K2 -> 40 | L4: left every month
A5: internet | C5: 50 | D5: all utilities included: water, electric, internet
A6: cell phone | C6: 20 | D6: Campus Edge Apts | Apartments in Carbondale, IL | K6: start
A7: renter's insurance | B7: 150 | C7: =B7/12 -> 12.5 | D7: (970) 536-5949 | F7: family, not students only | L7: =$C$3 -> 700 | M7: deposit
A8: car payment | B8: 0 | C8: =B8/12 -> 0 | L8: 200 | M8: air mattress, pillows, blankets - Amazon delivery
A9: auto insurance | B9: 0 | C9: =B9/12 -> 0 | L9: 300 | M9: groceries
A10: health insurance | C10: 75 | E10: 75 | F10: per month (estimate - Obamacare) | L10: 150 | M10: misc
A11: fuel /Bus | C11: 25 | E11: Jax Go pass - unlimited rides for 30 days | L11: 50 | M11: train ticket
A12: car repairs (oil) | B12: 0 | C12: =B12/12 -> 0 | L12: =-SUM(L5:L11) -> -1400 | M12: so before you start you'll need this much
A13: groceries (food) | C13: 250 | D13: Macomb Rentals - 3 properties - Adams St, Wheeler St, Eggers Dr | L13: income | M13: monthly | N13: classes | O13: apartment | P13: balance | T13: balance incl
A14: groceries (non-food) | C14: 50 | P14: 0 | R14: Savings | T14: Savings
A15: fast food | C15: 50 | J15: 1 | K15: 1 | L15: =Income!$N$6 -> 1783.75 | M15: =-$E$2 -> -1757.5 | O15: -200 | P15: =P14+SUM(L15:O15) -> -173.75 | R15: =$C$18 -> 100 | T15: =P15+R15 -> -73.75
A16: dining out | C16: 30 | D16: Home - Macomb Rentals | K16: =K15+1 -> 2 | L16: =Income!$N$6 -> 1783.75 | M16: =-$E$2 -> -1757.5 | O16: -200 | P16: =P15+SUM(L16:O16) -> -347.5 | R16: =R15+$C$18 -> 200 | T16: =P16+R16 -> -147.5
A17: entertainment | C17: 50 | D17: (309) 833-2320 | K17: =K16+1 -> 3 | L17: =Income!$N$6 -> 1783.75 | M17: =-$E$2 -> -1757.5 | O17: -200 | P17: =P16+SUM(L17:O17) -> -521.25 | R17: =R16+$C$18 -> 300 | T17: =P17+R17 -> -221.25
A18: savings | C18: 100 | K18: =K17+1 -> 4 | L18: =Income!$N$6 -> 1783.75 | M18: =-$E$2 -> -1757.5 | O18: -200 | P18: =P17+SUM(L18:O18) -> -695 | R18: =R17+$C$18 -> 400 | T18: =P18+R18 -> -295
A19: vacation | B19: 1000 | C19: =B19/12 -> 83.333333 | K19: =K18+1 -> 5 | L19: =Income!$N$6 -> 1783.75 | M19: =-$E$2 -> -1757.5 | O19: -200 | P19: =P18+SUM(L19:O19) -> -868.75 | R19: =R18+$C$18 -> 500 | T19: =P19+R19 -> -368.75
A20: misc household | C20: 50 | K20: =K19+1 -> 6 | L20: =Income!$N$6 -> 1783.75 | M20: =-$E$2 -> -1757.5 | P20: =P19+SUM(L20:O20) -> -842.5 | R20: =R19+$C$18 -> 600 | T20: =P20+R20 -> -242.5
A21: streaming | C21: 20 | K21: =K20+1 -> 7 | L21: =Income!$N$6 -> 1783.75 | M21: =-$E$2 -> -1757.5 | P21: =P20+SUM(L21:O21) -> -816.25 | R21: =R20+$C$18 -> 700 | T21: =P21+R21 -> -116.25
A22: health club | C22: 0 | E22: at apartment | K22: =K21+1 -> 8 | L22: =Income!$N$6 -> 1783.75 | M22: =-$E$2 -> -1757.5 | P22: =P21+SUM(L22:O22) -> -790 | R22: =R21+$C$18 -> 800 | T22: =P22+R22 -> 10
A23: hair cut | C23: 25 | K23: =K22+1 -> 9 | L23: =Income!$N$6 -> 1783.75 | M23: =-$E$2 -> -1757.5 | P23: =P22+SUM(L23:O23) -> -763.75 | R23: =R22+$C$18 -> 900 | T23: =P23+R23 -> 136.25
A24: presents | B24: 400 | C24: =B24/12 -> 33.333333 | K24: =K23+1 -> 10 | L24: =Income!$N$6 -> 1783.75 | M24: =-$E$2 -> -1757.5 | P24: =P23+SUM(L24:O24) -> -737.5 | R24: =R23+$C$18 -> 1000 | T24: =P24+R24 -> 262.5
A25: clothes | B25: 400 | C25: =B25/12 -> 33.333333 | K25: =K24+1 -> 11 | L25: =Income!$N$6 -> 1783.75 | M25: =-$E$2 -> -1757.5 | P25: =P24+SUM(L25:O25) -> -711.25 | R25: =R24+$C$18 -> 1100 | T25: =P25+R25 -> 388.75
K26: =K25+1 -> 12 | L26: =Income!$N$6 -> 1783.75 | M26: =-$E$2 -> -1757.5 | P26: =P25+SUM(L26:O26) -> -685 | R26: =R25+$C$18 -> 1200 | T26: =P26+R26 -> 515
J27: 2 | K27: 1 | L27: =Income!$N$6 -> 1783.75 | M27: =-$E$2 -> -1757.5 | P27: =P26+SUM(L27:O27) -> -658.75 | R27: =R26+$C$18 -> 1300 | T27: =P27+R27 -> 641.25
K28: =K27+1 -> 2 | L28: =Income!$N$6 -> 1783.75 | M28: =-$E$2 -> -1757.5 | P28: =P27+SUM(L28:O28) -> -632.5 | R28: =R27+$C$18 -> 1400 | T28: =P28+R28 -> 767.5
K29: =K28+1 -> 3 | L29: =Income!$N$6 -> 1783.75 | M29: =-$E$2 -> -1757.5 | P29: =P28+SUM(L29:O29) -> -606.25 | R29: =R28+$C$18 -> 1500 | T29: =P29+R29 -> 893.75
K30: =K29+1 -> 4 | L30: =Income!$N$6 -> 1783.75 | M30: =-$E$2 -> -1757.5 | P30: =P29+SUM(L30:O30) -> -580 | R30: =R29+$C$18 -> 1600 | T30: =P30+R30 -> 1020
K31: =K30+1 -> 5 | L31: =Income!$N$6 -> 1783.75 | M31: =-$E$2 -> -1757.5 | P31: =P30+SUM(L31:O31) -> -553.75 | R31: =R30+$C$18 -> 1700 | T31: =P31+R31 -> 1146.25
K32: =K31+1 -> 6 | L32: =Income!$N$6 -> 1783.75 | M32: =-$E$2 -> -1757.5 | P32: =P31+SUM(L32:O32) -> -527.5 | R32: =R31+$C$18 -> 1800 | T32: =P32+R32 -> 1272.5
K33: =K32+1 -> 7 | L33: =Income!$N$6 -> 1783.75 | M33: =-$E$2 -> -1757.5 | P33: =P32+SUM(L33:O33) -> -501.25 | R33: =R32+$C$18 -> 1900 | T33: =P33+R33 -> 1398.75
K34: =K33+1 -> 8 | L34: =Income!$N$6 -> 1783.75 | M34: =-$E$2 -> -1757.5 | P34: =P33+SUM(L34:O34) -> -475 | R34: =R33+$C$18 -> 2000 | T34: =P34+R34 -> 1525
K35: =K34+1 -> 9 | L35: =Income!$N$6 -> 1783.75 | M35: =-$E$2 -> -1757.5 | P35: =P34+SUM(L35:O35) -> -448.75 | R35: =R34+$C$18 -> 2100 | T35: =P35+R35 -> 1651.25
K36: =K35+1 -> 10 | L36: =Income!$N$6 -> 1783.75 | M36: =-$E$2 -> -1757.5 | P36: =P35+SUM(L36:O36) -> -422.5 | R36: =R35+$C$18 -> 2200 | T36: =P36+R36 -> 1777.5
K37: =K36+1 -> 11 | L37: =Income!$N$6 -> 1783.75 | M37: =-$E$2 -> -1757.5 | P37: =P36+SUM(L37:O37) -> -396.25 | R37: =R36+$C$18 -> 2300 | T37: =P37+R37 -> 1903.75
K38: =K37+1 -> 12 | L38: =Income!$N$6 -> 1783.75 | M38: =-$E$2 -> -1757.5 | P38: =P37+SUM(L38:O38) -> -370 | R38: =R37+$C$18 -> 2400 | T38: =P38+R38 -> 2030
J39: 3 | K39: 1 | L39: =Income!$N$6 -> 1783.75 | M39: =-$E$2 -> -1757.5 | P39: =P38+SUM(L39:O39) -> -343.75 | R39: =R38+$C$18 -> 2500 | T39: =P39+R39 -> 2156.25
K40: =K39+1 -> 2 | L40: =Income!$N$6 -> 1783.75 | M40: =-$E$2 -> -1757.5 | P40: =P39+SUM(L40:O40) -> -317.5 | R40: =R39+$C$18 -> 2600 | T40: =P40+R40 -> 2282.5
K41: =K40+1 -> 3 | L41: =Income!$N$6 -> 1783.75 | M41: =-$E$2 -> -1757.5 | P41: =P40+SUM(L41:O41) -> -291.25 | R41: =R40+$C$18 -> 2700 | T41: =P41+R41 -> 2408.75
K42: =K41+1 -> 4 | L42: =Income!$N$6 -> 1783.75 | M42: =-$E$2 -> -1757.5 | P42: =P41+SUM(L42:O42) -> -265 | R42: =R41+$C$18 -> 2800 | T42: =P42+R42 -> 2535
K43: =K42+1 -> 5 | L43: =Income!$N$6 -> 1783.75 | M43: =-$E$2 -> -1757.5 | P43: =P42+SUM(L43:O43) -> -238.75 | R43: =R42+$C$18 -> 2900 | T43: =P43+R43 -> 2661.25
K44: =K43+1 -> 6 | L44: =Income!$N$6 -> 1783.75 | M44: =-$E$2 -> -1757.5 | P44: =P43+SUM(L44:O44) -> -212.5 | R44: =R43+$C$18 -> 3000 | T44: =P44+R44 -> 2787.5
K45: =K44+1 -> 7 | L45: =Income!$N$6 -> 1783.75 | M45: =-$E$2 -> -1757.5 | P45: =P44+SUM(L45:O45) -> -186.25 | R45: =R44+$C$18 -> 3100 | T45: =P45+R45 -> 2913.75
K46: =K45+1 -> 8 | L46: =Income!$N$6 -> 1783.75 | M46: =-$E$2 -> -1757.5 | P46: =P45+SUM(L46:O46) -> -160 | R46: =R45+$C$18 -> 3200 | T46: =P46+R46 -> 3040
K47: =K46+1 -> 9 | L47: =Income!$N$6 -> 1783.75 | M47: =-$E$2 -> -1757.5 | P47: =P46+SUM(L47:O47) -> -133.75 | R47: =R46+$C$18 -> 3300 | T47: =P47+R47 -> 3166.25
K48: =K47+1 -> 10 | L48: =Income!$N$6 -> 1783.75 | M48: =-$E$2 -> -1757.5 | P48: =P47+SUM(L48:O48) -> -107.5 | R48: =R47+$C$18 -> 3400 | T48: =P48+R48 -> 3292.5
K49: =K48+1 -> 11 | L49: =Income!$N$6 -> 1783.75 | M49: =-$E$2 -> -1757.5 | P49: =P48+SUM(L49:O49) -> -81.25 | R49: =R48+$C$18 -> 3500 | T49: =P49+R49 -> 3418.75
K50: =K49+1 -> 12 | L50: =Income!$N$6 -> 1783.75 | M50: =-$E$2 -> -1757.5 | P50: =P49+SUM(L50:O50) -> -55 | R50: =R49+$C$18 -> 3600 | T50: =P50+R50 -> 3545
J51: 4 | K51: 1 | L51: =Income!$N$6 -> 1783.75 | M51: =-$E$2 -> -1757.5 | P51: =P50+SUM(L51:O51) -> -28.75 | R51: =R50+$C$18 -> 3700 | T51: =P51+R51 -> 3671.25
K52: =K51+1 -> 2 | L52: =Income!$N$6 -> 1783.75 | M52: =-$E$2 -> -1757.5 | P52: =P51+SUM(L52:O52) -> -2.5 | R52: =R51+$C$18 -> 3800 | T52: =P52+R52 -> 3797.5
K53: =K52+1 -> 3 | L53: =Income!$N$6 -> 1783.75 | M53: =-$E$2 -> -1757.5 | P53: =P52+SUM(L53:O53) -> 23.75 | R53: =R52+$C$18 -> 3900 | T53: =P53+R53 -> 3923.75
K54: =K53+1 -> 4 | L54: =Income!$N$6 -> 1783.75 | M54: =-$E$2 -> -1757.5 | P54: =P53+SUM(L54:O54) -> 50 | R54: =R53+$C$18 -> 4000 | T54: =P54+R54 -> 4050
K55: =K54+1 -> 5 | L55: =Income!$N$6 -> 1783.75 | M55: =-$E$2 -> -1757.5 | P55: =P54+SUM(L55:O55) -> 76.25 | R55: =R54+$C$18 -> 4100 | T55: =P55+R55 -> 4176.25
K56: =K55+1 -> 6 | L56: =Income!$N$6 -> 1783.75 | M56: =-$E$2 -> -1757.5 | P56: =P55+SUM(L56:O56) -> 102.5 | R56: =R55+$C$18 -> 4200 | T56: =P56+R56 -> 4302.5
K57: =K56+1 -> 7 | L57: =Income!$N$6 -> 1783.75 | M57: =-$E$2 -> -1757.5 | P57: =P56+SUM(L57:O57) -> 128.75 | R57: =R56+$C$18 -> 4300 | T57: =P57+R57 -> 4428.75
K58: =K57+1 -> 8 | L58: =Income!$N$6 -> 1783.75 | M58: =-$E$2 -> -1757.5 | P58: =P57+SUM(L58:O58) -> 155 | R58: =R57+$C$18 -> 4400 | T58: =P58+R58 -> 4555
K59: =K58+1 -> 9 | L59: =Income!$N$6 -> 1783.75 | M59: =-$E$2 -> -1757.5 | P59: =P58+SUM(L59:O59) -> 181.25 | R59: =R58+$C$18 -> 4500 | T59: =P59+R59 -> 4681.25
K60: =K59+1 -> 10 | L60: =Income!$N$6 -> 1783.75 | M60: =-$E$2 -> -1757.5 | P60: =P59+SUM(L60:O60) -> 207.5 | R60: =R59+$C$18 -> 4600 | T60: =P60+R60 -> 4807.5
K61: =K60+1 -> 11 | L61: =Income!$N$6 -> 1783.75 | M61: =-$E$2 -> -1757.5 | P61: =P60+SUM(L61:O61) -> 233.75 | R61: =R60+$C$18 -> 4700 | T61: =P61+R61 -> 4933.75
K62: =K61+1 -> 12 | L62: =Income!$N$6 -> 1783.75 | M62: =-$E$2 -> -1757.5 | P62: =P61+SUM(L62:O62) -> 260 | R62: =R61+$C$18 -> 4800 | T62: =P62+R62 -> 5060
J63: 5 | K63: 1 | L63: =Income!$N$6 -> 1783.75 | M63: =-$E$2 -> -1757.5 | P63: =P62+SUM(L63:O63) -> 286.25 | R63: =R62+$C$18 -> 4900 | T63: =P63+R63 -> 5186.25
K64: =K63+1 -> 2 | L64: =Income!$N$6 -> 1783.75 | M64: =-$E$2 -> -1757.5 | P64: =P63+SUM(L64:O64) -> 312.5 | R64: =R63+$C$18 -> 5000 | T64: =P64+R64 -> 5312.5
K65: =K64+1 -> 3 | L65: =Income!$N$6 -> 1783.75 | M65: =-$E$2 -> -1757.5 | P65: =P64+SUM(L65:O65) -> 338.75 | R65: =R64+$C$18 -> 5100 | T65: =P65+R65 -> 5438.75
K66: =K65+1 -> 4 | L66: =Income!$N$6 -> 1783.75 | M66: =-$E$2 -> -1757.5 | P66: =P65+SUM(L66:O66) -> 365 | R66: =R65+$C$18 -> 5200 | T66: =P66+R66 -> 5565
K67: =K66+1 -> 5 | L67: =Income!$N$6 -> 1783.75 | M67: =-$E$2 -> -1757.5 | P67: =P66+SUM(L67:O67) -> 391.25 | R67: =R66+$C$18 -> 5300 | T67: =P67+R67 -> 5691.25
K68: =K67+1 -> 6 | L68: =Income!$N$6 -> 1783.75 | M68: =-$E$2 -> -1757.5 | P68: =P67+SUM(L68:O68) -> 417.5 | Q68: Graduate | R68: =R67+$C$18 -> 5400 | T68: =P68+R68 -> 5817.5
K69: =K68+1 -> 7 | L69: =Income!$N$6 -> 1783.75 | M69: =-$E$2 -> -1757.5 | P69: =P68+SUM(L69:O69) -> 443.75 | R69: =R68+$C$18 -> 5500 | T69: =P69+R69 -> 5943.75
K70: =K69+1 -> 8 | L70: =Income!$N$6 -> 1783.75 | M70: =-$E$2 -> -1757.5 | P70: =P69+SUM(L70:O70) -> 470 | R70: =R69+$C$18 -> 5600 | T70: =P70+R70 -> 6070
K71: =K70+1 -> 9 | L71: =Income!$N$6 -> 1783.75 | M71: =-$E$2 -> -1757.5 | P71: =P70+SUM(L71:O71) -> 496.25 | R71: =R70+$C$18 -> 5700 | T71: =P71+R71 -> 6196.25
K72: =K71+1 -> 10 | L72: =Income!$N$6 -> 1783.75 | M72: =-$E$2 -> -1757.5 | P72: =P71+SUM(L72:O72) -> 522.5 | R72: =R71+$C$18 -> 5800 | T72: =P72+R72 -> 6322.5
K73: =K72+1 -> 11 | L73: =Income!$N$6 -> 1783.75 | M73: =-$E$2 -> -1757.5 | P73: =P72+SUM(L73:O73) -> 548.75 | R73: =R72+$C$18 -> 5900 | T73: =P73+R73 -> 6448.75
K74: =K73+1 -> 12 | L74: =Income!$N$6 -> 1783.75 | M74: =-$E$2 -> -1757.5 | P74: =P73+SUM(L74:O74) -> 575 | R74: =R73+$C$18 -> 6000 | T74: =P74+R74 -> 6575
J113: =K4*12 -> 480 | L113: left every year
K115: =-List!I1 -> -2496.54 | L115: move-in expenses
J116: 95 | K116: =-12*J116 -> -1140 | L116: Study.com for 12 months
K118: =$J$113+K115+K116 -> -3156.54 | L118: left after year #1
J120: =$J$113 -> 480 | L120: add during year #2
L121: starting balance for year #2
K122: =-$J$116*6 -> -570 | L122: Study.com for 6 months
K123: =-$I$26*1 -> 0 | L123: WGU for 1 term (6 month)
K125: =(K118+J120)+K122+K123 -> -3246.54 | L125: left after year #2
K127: =J113 -> 480 | L127: add in year #3
K129: =-I26*2 -> 0 | L129: 2 terms in year #3 for WGU
K131: =K125+K127+K129 -> -2766.54 | L131: debt after year #3
K133: =J113 -> 480 | L133: add in year #4
K135: =-I26*2 -> 0 | L135: 2 terms in year #4 for WGU
K137: =SUM(K131:K135) -> -2286.54 | L137: debt after year #4
K139: =J113 -> 480 | L139: add in year #5 (all 12 mos)
K141: =-I26*1 -> 0 | L141: 1 term in year #5 at WGU
K143: =SUM(K137:K141) -> -1806.54 | L143: total debt after year #5

Sheet Sheet1
A1: Work | B1: 44 | C1: hrs/wk | E1: So for your first 18 months you spend: | I1: =B1+B2 -> 54 | J1: hrs/wk | K1: combined work + school
A2: Study.com | B2: 10 | C2: hrs/wk | E2: For the next 36 months you spend | I2: =B1+B3 -> 64 | J2: hrs/wk | K2: combined work + school
A3: WGU | B3: 20 | C3: hrs/wk
E4: This means your first 18 months you would probably work 8 hrs/day M-F, then 4 hrs on Saturday
E5: Then you'd spend 4 to 5 hrs each on Saturday and Sunday to do your Study.com classes
A13: Study.com | B13: 95 | C13: per mo | E13: up to 2 courses per month but take 1 per month
A15: WGU | B15: 4200 | C15: per 6 mos | E15: unlimited but take 4 every 6 months
A18: 18 | B18: Study.com classes | D18: =A18*3 -> 54 | E18: hrs | H18: =A18 -> 18 | I18: months | J18: =A18*B13 -> 1710 | K18: total cost
A19: 22 | B19: WGU classes | D19: =A19*3 -> 66 | E19: hrs | F19: =ROUNDUP(A19/4,0) -> 6 | G19: terms | H19: =F19*6 -> 36 | I19: months | J19: =F19*B15 -> 25200 | K19: total cost
J21: =J18+J19 -> 26910 | K21: degree cost
H23: =Income!N14 -> 0 | I23: per yr | J23: =H23*(H18+H19)/12 -> 0 | K23: leftover
J25: =J21-J23 -> 26910 | K25: shortfall + move-in expense

Sheet monthly
A2: Type | B2: annual | C2: monthly | E2: =SUM(C3:C50) -> 1970 | F2: per month
A3: rent | C3: 700
A4: utilities | C4: 125
A5: internet | C5: 50
A6: cell phone | C6: 20
A7: renter's insurance | B7: 150 | C7: =B7/12 -> 12.5
A8: car payment | B8: 0 | C8: =B8/12 -> 0 | E8: no car payment
A9: auto insurance | B9: 800 | C9: =B9/12 -> 66.666667 | E9: 800 | F9: per year (liability only)
A10: health insurance | C10: 75 | E10: 75 | F10: per month (estimate - Obamacare)
A11: fuel | C11: 150
A12: car repairs (oil) | B12: 200 | C12: =B12/12 -> 16.666667
A13: groceries (food) | C13: 250
A14: groceries (non-food) | C14: 50
A15: fast food | C15: 50
A16: dining out | C16: 30
A17: entertainment | C17: 50
A18: savings | C18: 100
A19: vacation | B19: 750 | C19: =B19/12 -> 62.5
A20: misc household | C20: 50
A21: streaming | C21: 20
A22: health club | C22: 0 | E22: at apartment
A23: hair cut | C23: 25
A24: presents | B24: 400 | C24: =B24/12 -> 33.333333
A25: clothes | B25: 400 | C25: =B25/12 -> 33.333333
